Workbook

Sheet PL
C1: UWA STUDENT GUILD
C2: STATEMENT OF SOURCES AND APPLICATIONS OF FUNDS
C3: 2025 ANNUAL Budget Review
C5: Divisions | D5: 2025 Full Year | E5: 2024 Full Year | F5: 2024 | G5: 2023 Full Year | H5: 2023 | I5: 2022 Full Year | J5: 2022 | K5: 2021 Full Year | L5: 2021 | M5: 2020 Full Year | N5: 2020 | O5: 2019 Full Year | P5: 2019
A6: GL Code | D6: Budget | E6: Actual Forecast | F6: Budget | G6: Budget | H6: Actual | I6: Budget | J6: Actual | K6: Budget | L6: Actual | M6: Budget | N6: Actual | O6: Budget | P6: Actual
C7: MEMBERSHIP REVENUE
A8: 103034 - SSAF | B8: INVESTMENTS | C8: SSAF | D8: =VLOOKUP(A8,INV!A:N,14,FALSE) -> 4000000 | E8: 3750000 | F8: 3549600 | G8: 3200000 | H8: 3727064 | I8: 2880000 | J8: 3171103 | K8: 2784000 | L8: 2946622 | M8: 2738159.4 | N8: 2790912 | O8: 2684470 | P8: 2819653
A9: 103035 - Associate Membership Fee | B9: INVESTMENTS
A10: 305102 - Bank Charges | B10: INVESTMENTS
A11: 305083 - Advertising & Promotion | B11: INVESTMENTS
A12: 103035 - Associate Membership Fee | B12: INVESTMENTS | C12: Associate Membership | D12: =VLOOKUP(A12,INV!A:N,14,FALSE) -> 3000 | E12: 1636.38 | F12: 3000 | G12: 3000 | H12: 3621 | I12: 3000 | J12: 1909.11 | K12: 9500 | L12: 1722 | M12: 9500 | N12: 3311 | O12: 9500 | P12: =-92.07+6417.54 -> 6325.47
C13: COMMERCIAL | R13: 100k
A14: Net Profit/(Loss) | B14: PROPERTY SERVICES | C14: Property | D14: =VLOOKUP(A14,'CS PROP'!A:N,14,FALSE) -> -22789.341 | E14: 2656.98 | F14: -10427.719 | G14: 11249.058 | H14: 40053 | I14: 42722.443 | J14: 37604 | K14: 20695.68 | L14: 3297.25 | M14: 101014.27 | N14: -142348 | O14: 143262.38 | P14: 248643.25 | R14: 60k
A15: Net Profit/(Loss) | B15: PROPERTY CATERING | C15: Catering Property | D15: =VLOOKUP(A15,'CAT PROP'!A:N,14,FALSE) -> 122510.27 | E15: 175319.78 | F15: 160902.86 | G15: 100381.23 | H15: -31462 | I15: 241064.73 | J15: 57589 | K15: 178233.5 | L15: 245937 | M15: 240557.58 | N15: 213078 | O15: 195658.13 | P15: 169095.37
A16: Net Profit/(Loss) | B16: SECOND HAND BOOKSHOP | C16: Guild Bookshop | D16: 0 | E16: 0 | F16: 0 | G16: 31616.384 | H16: 0 | I16: 56308.805 | J16: -48449.02 | K16: 40023.949 | L16: 40073 | M16: 4593.8263 | N16: 20232 | O16: 1693.8116 | P16: 1762 | AK16: UWA merchandise | AQ16: 2015 data
C17: Functions | D17: ='CAT OUT'!G11 -> 71316.694 | E17: 77607.67 | F17: 59492
A18: Net Profit/(Loss) | C18: Tavern | D18: =VLOOKUP(A18,TAV!A:N,14,FALSE) -> 63838.976 | E18: -30195.97 | F18: 57209.935 | G18: 39440.408 | H18: 6300 | I18: 30634.415 | J18: -51652 | K18: 15234.415 | L18: -9676 | M18: 23161.707 | N18: 56479 | O18: 39628.05 | P18: -18104.42 | AE18: p12 2016 | AG18: p10 2015
A19: Net Profit/(Loss) | B19: OUTLETS | C19: All other outlets | E19: -306326.28
A20: Net Profit/(Loss) | B20: CATERING ADMIN | C20: Catering Admin | E20: 77607.67
A21: Total | C21: Catering (consolidated) | D21: ='CAT OUT'!G13-D17 -> 69024.794 | E21: -56541.4 | F21: =78510-F17 -> 19018 | G21: 18781.02 | H21: =28587-H18 -> 22287 | I21: 31169.458 | J21: =-86900.48-J18 -> -35248.48 | K21: 22990.512 | L21: =-253229.13+204643-L18 -> -38910.13 | M21: 77507.032 | N21: 241096 | O21: -67052.802 | P21: =547165.14-498152.97-P18 -> 67116.59 | R21: 100k | AD21: Loc no Dep | AE21: -31436.6 | AF21: 60100.1 | AG21: -459.93 | AH21: 95145.79 | AI21: 605286.22 | AJ21: 474479.37 | AQ21: NO DEPT | AR21: 529663.01 | AS21: =AR21-AR35 -> 268640.86
C22: Total Operating Income | D22: =D21+D18+D16+D15+D14+D12+D8+D17 -> 4306901.4 | E22: =E21+E18+E16+E15+E14+E12+E8+E17 -> 3920483.4 | F22: =F21+F18+F16+F15+F14+F12+F8+F17 -> 3838795.1 | G22: =G21+G18+G16+G15+G14+G12+G8 -> 3404468.1 | H22: =H21+H18+H16+H15+H14+H12+H8+H17 -> 3767863 | I22: =I21+I18+I16+I15+I14+I12+I8 -> 3284899.9 | J22: =J21+J18+J16+J15+J14+J12+J8 -> 3132855.6 | K22: =K21+K18+K16+K15+K14+K12+K8 -> 3070678.1 | L22: =L21+L18+L16+L15+L14+L12+L8 -> 3189065.1 | M22: =M21+M18+M16+M15+M14+M12+M8 -> 3194493.8 | N22: =N21+N18+N16+N15+N14+N12+N8 -> 3182760 | O22: =O21+O18+O16+O15+O14+O12+O8 -> 3007159.6 | P22: =SUM(P8:P21) -> 3294491.2 | AD22: tav | AE22: 32342.66 | AF22: -14972.93 | AG22: -20257.24 | AH22: 9770.72 | AI22: 65698.82 | AJ22: -74594.3 | AQ22: NO LOC | AR22: 29306.57
C23: PRESIDENTIAL | AD23: cat admin | AE23: -20786.6 | AF23: -8866.34 | AG23: -13622.28 | AH23: -95109.66 | AI23: -88663.4 | AJ23: -189432.84 | AQ23: Cat Adm | AR23: -270194.02
A24: Net Profit/(Loss) | B24: PRESIDENTIAL OFFICE | C24: President | D24: =VLOOKUP(A24,PRES!A:N,14,FALSE) -> -100157.54 | E24: -61258.66 | F24: -83577.667 | G24: -64749.384 | H24: -61329 | I24: -62394.102 | J24: -51243 | K24: -61294.56 | L24: -52013 | M24: -56967.051 | N24: -23096.35 | O24: -62515.066 | P24: -57024.04 | R24: =#REF!-D24 -> #REF! | AE24: =SUM(AE21:AE23) -> -19880.54 | AF24: =SUM(AF21:AF23) -> 36260.83 | AG24: =SUM(AG21:AG23) -> -34339.45 | AH24: =SUM(AH21:AH23) -> 9806.85 | AI24: =SUM(AI21:AI23) -> 582321.64 | AJ24: =SUM(AJ21:AJ23) -> 210452.23 | AO24: grant income - Lion Nthan | AQ24: DENT | AR24: 17932.96
A25: Net Profit/(Loss) | B25: GUILD COUNCIL | C25: Guild Council: Excl. Elections | D25: =VLOOKUP(A25,GC!A:N,14,FALSE)-D26 -> -455553.33 | E25: -407013.37 | F25: -385576.3 | G25: -366572.68 | H25: =-415973-H26 -> -353081 | I25: -444041.37 | J25: =-512678-J26 -> -451918 | K25: -396986.08 | L25: =-441797-L26 -> -390307 | M25: -307319.61 | N25: -329239.19 | O25: -293133.83 | P25: =-419543.89-P26 -> -353334.25 | R25: =#REF!-D25 -> #REF! | AO25: affiliation exp | AQ25: FN | AR25: 243975.19
A26: 305129 - Election & Referenda Expenses | B26: GUILD COUNCIL | C26: Elections and Referanda | D26: =-VLOOKUP(A26,GC!A:N,14,FALSE) -> -62000 | E26: -69314.49 | F26: -65000 | G26: -62000 | H26: -62892 | I26: -60000 | J26: -60760 | K26: -62000 | L26: -51490 | M26: -60700 | N26: -48947.22 | O26: -60700 | P26: -66209.64 | R26: =#REF!-D26 -> #REF!
A27: Net Profit/(Loss) | B27: PELICAN | C27: Pelican | D27: =VLOOKUP(A27,PEL!A:N,14,FALSE) -> -49458.526 | E27: -54021.27 | F27: -47567.721 | G27: -44779.749 | H27: -48695 | I27: -46263.83 | J27: -41311 | K27: -48610.17 | L27: -44785 | M27: -44262.289 | N27: -40062.19 | O27: -50781.157 | P27: -58511.3 | R27: =#REF!-D27 -> #REF!
C28: GUILD DEPARTMENTS | AQ28: KIT | AR28: -80931
A29: Net Profit/(Loss) | B29: ENVIRONMENT | C29: Access | D29: =VLOOKUP(A29,ACCESS!A:N,14,FALSE) -> -3764 | E29: -2604.34 | F29: -3732 | G29: -4040 | H29: -2635 | I29: -3802.8 | J29: -1337 | K29: -4248.36 | L29: -2735 | M29: -775 | N29: -1567 | O29: -775 | P29: -1261.26 | R29: =#REF!-D29 -> #REF! | AQ29: ned | AR29: -43021
A30: Net Profit/(Loss) | B30: International Student Services | C30: Albany | D30: =VLOOKUP(A30,ALBANY!A:N,14,FALSE) -> -2096 | E30: -1127.49 | F30: -2113 | G30: -2248.8 | H30: -1145 | I30: -16616.44 | J30: -14209 | K30: -18296.92 | L30: -12673 | M30: -12000 | N30: -14367 | O30: -12150 | P30: -14523.46 | R30: =#REF!-D30 -> #REF! | AQ30: REFECT | AR30: -158348
A31: Net Profit/(Loss) | B31: POST-GRADUATE STUDENTS ASSOC | C31: Education Council | D31: =VLOOKUP(A31,EDU!A:N,14,FALSE) -> -67098 | E31: -62618.55 | F31: -64146 | G31: -64276 | H31: -60834 | I31: -105327.23 | J31: -83863 | K31: -107936.8 | L31: -92878 | M31: -88772.289 | N31: -61646 | O31: -92514.13 | P31: -83515.45 | R31: =#REF!-D31 -> #REF! | AO31: awards & prizes | AQ31: REFRES | AR31: 4603
A32: Net Profit/(Loss) | B32: Pride | C32: Environment | D32: =VLOOKUP($A$29,ENV!A:N,14,FALSE) -> -4588 | E32: -3219.11 | F32: -5000 | G32: -3136 | H32: -757 | I32: -8066.84 | J32: -7488 | K32: -8066.84 | L32: -6449 | M32: -5130 | N32: -4775 | O32: -6130 | P32: -3572.08 | R32: =#REF!-D32 -> #REF! | AE32: P12 15 | AQ32: REID | AR32: 221511
A33: Net Profit/(Loss) | B33: =+'[1]YTD Budget'!AH6 -> #REF! | C33: Ethnocultural | D33: =VLOOKUP(A33,ETHNO!A:N,14,FALSE) -> -3113.5 | E33: -1249.78 | F33: -2253.75 | G33: -2172 | H33: -378 | I33: -11663 | J33: -8024 | K33: -13513 | L33: -5622.01 | M33: -15713 | N33: -8905 | O33: -14013 | P33: -6594.74 | R33: =#REF!-D33 -> #REF! | AE33: 13960 | AQ33: SLC | AR33: 62467
A34: Net Profit/(Loss) | B34: MATURE AGE STUDENTS ASSOCIATION | C34: International Students' Department | D34: =VLOOKUP($A$30,ISS!A:N,14,FALSE) -> -16722.44 | E34: -6457.45 | F34: -14930.44 | G34: -15089.44 | H34: -10624 | I34: -1788.08 | J34: -849 | K34: -1873.36 | L34: -1335 | M34: -1500 | N34: -103 | O34: -1200 | P34: -1901.43 | R34: =#REF!-D34 -> #REF! | AQ34: SOM | AR34: -7167
A35: Net Profit/(Loss) | B35: WASAC | C35: MASA | D35: =VLOOKUP(A35,MASA!A:N,14,FALSE) -> -608 | E35: -55 | F35: -660 | G35: -761 | H35: -4 | I35: -7063.08 | J35: -305 | K35: -10073.36 | L35: -3659 | M35: -9802 | N35: -1885 | O35: -9802 | P35: -1140.91 | R35: =#REF!-D35 -> #REF! | AR35: =SUM(AR24:AR34) -> 261022.15
A36: Net Profit/(Loss) | B36: ALBANY STUDENTS | C36: Postgraduates Student Association | D36: =VLOOKUP(A36,PSA!A:N,14,FALSE) -> -119033.53 | E36: -109306.53 | F36: -105751.32 | G36: -105298.31 | H36: -101632 | I36: -3345.6 | J36: -559 | K36: -3843.36 | L36: -386 | M36: -3350 | N36: -2603 | O36: -3450 | P36: -2415.88 | R36: =#REF!-D36 -> #REF! | AR36: =#REF! -> #REF! | AS36: TAV
A37: Net Profit/(Loss) | B37: WELFARE | C37: Pride | D37: =VLOOKUP(A37,PRIDE!A:N,14,FALSE) -> -4619 | E37: -4475.96 | F37: -4406 | G37: -6354 | H37: -6316 | I37: -5440.4 | J37: -4329 | K37: -6640.4 | L37: -3273 | M37: -7300 | N37: -3573 | O37: -9700 | P37: -6013.65 | R37: =#REF!-D37 -> #REF! | AE37: -60497.18 | AG37: CO NO LOC | AH37: -73749.53 | AR37: 389834.22
A38: Net Profit/(Loss) | B38: RESIDENTIAL COLLEGE DEPARTMENT | C38: Public Affairs Council | D38: =VLOOKUP(A38,PAC!A:N,14,FALSE) -> -8322 | E38: -5139.32 | F38: -9402 | G38: -9402 | H38: -7436 | I38: -9197.08 | J38: -18712 | K38: -9197.084 | L38: -27261 | M38: -10320 | N38: -9095 | O38: -13120 | P38: -4091.01 | R38: =#REF!-D38 -> #REF! | AE38: -13252.35 | AF38: TAV | AH38: =AH37-AE38 -> -60497.18 | AO38: Income from ball came in May, budgetted in April
A39: Net Profit/(Loss) | B39: ACCESS DEPARTMENT | C39: Residential Students' Department | D39: =VLOOKUP(A39,RSD!A:N,14,FALSE) -> -10594 | E39: -14196.56 | F39: -9686 | G39: -9186 | H39: -1878 | I39: -4130.2 | J39: -3080 | K39: -4570.2 | L39: -2622 | M39: -4720 | N39: -1193 | O39: -5300 | P39: -1044.74 | R39: =#REF!-D39 -> #REF!
A40: Net Profit/(Loss) | B40: PUBLIC AFFAIRS | C40: Societies Council | D40: =VLOOKUP(A40,SOC!A:N,14,FALSE)-D41 -> -27113.5 | E40: 17310.88 | F40: -11510.5 | G40: -11062 | H40: =-139045-H39 -> -137167 | I40: -10416.92 | J40: -4710 | K40: -12116.92 | L40: -9644 | M40: -12560 | N40: -11301 | O40: -12560 | P40: -7788.04 | R40: =#REF!-D40 -> #REF!
A41: 305049 - SOC Grants | B41: International Student Services | C41: Club Grants | D41: =-VLOOKUP(A41,SOC!A:N,14,FALSE) -> -140000 | E41: -155000 | F41: -140000 | G41: -137000 | H41: -128435 | I41: -2753.36 | J41: -1682 | K41: -2153.36 | L41: -1019 | M41: 0 | N41: -1060 | O41: 0 | P41: 0 | R41: =#REF!-D41 -> #REF!
A42: Net Profit/(Loss) | B42: SOCIETIES COUNCIL | C42: Sports Department | D42: =VLOOKUP(A42,SPORTS!A:N,14,FALSE) -> -3324 | E42: -286.62 | F42: -3566 | G42: -3956 | H42: -550 | I42: -112000 | J42: -81441 | K42: -121000 | L42: -125633 | M42: -122600 | N42: -130128 | O42: -121000 | P42: -100634.82 | R42: =#REF!-D42 -> #REF!
A43: Net Profit/(Loss) | B43: SOCIETIES COUNCIL | C43: WASAC | D43: =VLOOKUP(A43,WASAC!A:N,14,FALSE) -> -3664 | E43: -275.36 | F43: -3580 | G43: -3580 | H43: -190 | I43: -11860 | J43: =-93542.57-J42 -> -12101.57 | K43: -10588.89 | L43: =-136393-L42 -> -10760 | M43: -9660 | N43: -6465 | O43: -12400 | P43: =-110360.58-P42 -> -9725.76 | R43: =#REF!-D43 -> #REF!
A44: Net Profit/(Loss) | B44: EDUCATION COUNCIL | C44: Wellbeing | D44: =VLOOKUP(A44,WELLBEING!A:N,14,FALSE) -> -4807 | E44: -4462.64 | F44: -4900 | G44: -5036 | H44: -3318 | I44: -64763 | J44: -49004 | K44: -70163 | L44: -64477 | M44: -70366.44 | N44: -60627 | O44: -69816.44 | P44: -3659.73 | R44: =#REF!-D44 -> #REF!
A45: Net Profit/(Loss) | B45: SPORTS COUNCIL | C45: Women's | D45: =VLOOKUP(A45,WOMENS!A:N,14,FALSE) -> -8580 | E45: -8515.84 | F45: -8524 | G45: -9280 | H45: -2125 | I45: -4348.08 | J45: -3601 | K45: -4058.36 | L45: -3124 | M45: -4300 | N45: -1086 | O45: -4500 | P45: -500 | Q45: =SUM(D24:D45) -> -1095216.4 | R45: =#REF!-D45 -> #REF! | S45: =SUM(F24:F45) -> -975882.7 | T45: =Q45/S45 -> 1.1222828
C47: SERVICES AND ACTIVITIES
A48: Net Profit/(Loss) | B48: STUDENT ASSIST | C48: Student Assist | D48: =VLOOKUP(A48,SA!A:N,14,0) -> -593888.5 | E48: -491869.52 | F48: -554772.03 | G48: -511931.3 | H48: -450511 | I48: -495155.95 | J48: -461828 | K48: -523878.99 | L48: -452008 | M48: -375344.92 | N48: -243717 | O48: -460940.05 | P48: -286853.17
A49: Net Profit/(Loss) | B49: EVENTS | C49: Events | D49: =VLOOKUP(A48,EVENTS!A:N,14,FALSE) -> -334873.65 | E49: -271812.9 | F49: -340778.89 | G49: -299557.46 | H49: -260823 | I49: -290111.52 | J49: -213728 | K49: -287167.63 | L49: -255265 | M49: -260530.02 | N49: -132650 | O49: -276954.09 | P49: -243088.56
A50: Net Profit/(Loss) | B50: GSC | C50: GSC | D50: =VLOOKUP(A50,GSC!1:1048576,14,FALSE) -> -177707.27 | E50: -130994.3 | F50: -225197.18 | G50: 0 | H50: -24245 | I50: 0 | J50: 0 | K50: 0 | L50: 0 | M50: 0 | N50: 0
A51: Net Profit/(Loss) | B51: MARKETING & MEMBERSHIP | C51: Marketing & Membership | D51: =VLOOKUP(A51,MKTG!A:N,14,FALSE) -> -278733.21 | E51: -191964.55 | F51: -157979.13 | G51: -333917.11 | H51: -289742 | I51: -278578.84 | J51: -274856 | K51: -220594.32 | L51: -221123 | M51: -202269.01 | N51: -115451 | O51: -255773.4 | P51: -212353.55
A52: Net Profit/(Loss) | B52: CREATIVE & DESIGNS | C52: Design | D52: =VLOOKUP(A52,CREATIVE!A:N,14,FALSE) -> -163560.67 | E52: -150024.98 | F52: -149085.57 | G52: -204465 | H52: -134692 | I52: -162101.32 | J52: -136870 | K52: -184349.61 | L52: -108143 | M52: -148735.79 | N52: -74059 | O52: -128283.81 | P52: -207239.55
A53: Net Profit/(Loss) | B53: VOLUNTEERING | C53: Volunteer Centre | D53: =VLOOKUP(A53,VOL!A:N,14,FALSE) -> -266062.58 | E53: -211855.66 | F53: -255105.84 | G53: -231999.64 | H53: -210410 | I53: -229107.57 | J53: -212330 | K53: -211494.08 | L53: -197428 | M53: -212075.66 | N53: -131322 | O53: -216285.8 | P53: -168499.76
A54: Net Profit/(Loss) | B54: International Student Services | C54: Student Innovation Centre | D54: =VLOOKUP(A54,'STU INNOV'!A:N,14,FALSE) -> -138305.61 | E54: -146803.39 | F54: -110484.02 | G54: -119601.98 | H54: -151681 | I54: -112584.78 | J54: -90329 | K54: -139694.41 | L54: -117470 | M54: 0 | N54: -42630 | O54: 0 | P54: 0
C55: CORPORATE SERVICES
A56: Net Profit/(Loss) | B56: ADMINISTRATION | C56: Administration | D56: =VLOOKUP(A56,ADMIN!A:N,14,FALSE) -> -682991.91 | E56: -674032.39 | F56: -743759.63 | G56: -699015.73 | H56: -623488 | I56: -620694.43 | J56: -580874 | K56: -579879.32 | L56: -527650 | M56: -558886.94 | N56: -363647 | O56: -559072.64 | P56: -444652.04
A57: Net Profit/(Loss) | B57: FINANCE | C57: Finance | D57: =VLOOKUP(A57,FINANCE!A:N,14,FALSE) -> -674596.53 | E57: -592335.33 | F57: -594469.06 | G57: -609802.66 | H57: -589346 | I57: -560209.81 | J57: -529201 | K57: -541131.78 | L57: -528846 | M57: -645780.16 | N57: -483232 | O57: -651214.69 | P57: -620839.36
A58: Net Profit/(Loss) | B58: INFORMATION TECHNOLOGY | C58: Information Technology | D58: =VLOOKUP(A58,IT!A:N,14,FALSE) -> -278066.11 | E58: -258668.89 | F58: -272808.51 | G58: -219102.78 | H58: -201696 | I58: -197875.22 | J58: -185442 | K58: -190638.39 | L58: -187116 | M58: -200638.42 | N58: -112268 | O58: -140026.88 | P58: -118251.72
C60: Total Expenditure | D60: =SUM(D24:D59) -> -4684002.4 | E60: =SUM(E24:E59) -> -4073649.4 | F60: =SUM(F24:F59) -> -4380322.6 | G60: =SUM(G24:G59) -> -4159373 | H60: =SUM(H24:H59) -> -3928055 | I60: =SUM(I24:I59) -> -3941700.9 | J60: =SUM(J24:J59) -> -3585984.6 | K60: =SUM(K24:K59) -> -3856059.5 | ... P60: =SUM(P24:P59) -> -3085239.9
C62: SURPLUS (DEFICIT) FROM OPERATING ITEMS | D62: =D22+D60 -> -377101 | E62: =E22+E60 -> -153165.93 | F62: =F22+F60 -> -541527.49 | G62: =G22+G60 -> -754904.91 | H62: =H22+H60 -> -160192 | I62: =I22+I60 -> -656801 | J62: =J22+J60 -> -453128.96 | K62: =K22+K60 -> -785381.48 | ... N62: =N22+N60 -> 722060.05 | O62: =O22+O60-4 -> -536956.4 | P62: =P22+P60-4 -> 209247.32
C63: NON-OPERATING INCOME
A64: 103046 - Interest Income from UWA Pools | B64: INVESTMENTS | C64: Interest Income - UWA Investment Pools | D64: =VLOOKUP(A64,INV!A:N,14,FALSE) -> 276000 | E64: 276000 | F64: 276000 | G64: 276000 | H64: 477245 | I64: 276000 | J64: -105109 | K64: 250000 | L64: 710886 | M64: 250000 | N64: 172710.5 | O64: 250000 | P64: 442449.69
A65: 103049 - Interest Income Other | B65: INVESTMENTS | C65: Interest Income - Other | D65: 0 | E65: 0 | F65: 0 | G65: 0 | H65: 50 | I65: 0 | J65: 50 | K65: 0 | L65: 240 | M65: 0 | N65: 1315 | O65: 0 | P65: 1062.58
A66: Net Profit/(Loss) | C66: Sundry Income | D66: 0 | E66: 0 | F66: 0 | G66: 0 | H66: 0 | I66: 0 | J66: 0 | K66: 0 | L66: 0 | M66: 0 | N66: 0 | O66: 0 | P66: 0
A67: 105153 - Interest Expense | B67: INVESTMENTS | C67: Interest Expense - Other | D67: =VLOOKUP(A67,INV!A:N,14,FALSE) -> -15000 | E67: -15000 | F67: -15000 | G67: -15000 | H67: -15275 | I67: -15000 | J67: -4781.82 | K67: -15000 | L67: -5287.03 | M67: =VLOOKUP(A67,INV!A:N,14,FALSE) -> -15000 | N67: -16422 | O67: -15000 | P67: -11166.37
C68: Total Non-Operating Income | D68: =SUM(D64:D67) -> 261000 | E68: =SUM(E64:E67) -> 261000 | F68: =SUM(F64:F67) -> 261000 | G68: =SUM(G64:G67) -> 261000 | H68: =SUM(H64:H67) -> 462020 | I68: =SUM(I64:I67) -> 261000 | J68: =SUM(J64:J67) -> -109840.82 | K68: =SUM(K64:K67) -> 235000 | ... P68: =SUM(P64:P67) -> 432345.9
C70: ACCOUNTING PROFIT (LOSS) | D70: =D62+D68+4 -> -116097 | E70: =E62+E68+4 -> 107838.07 | F70: =F62+F68+4 -> -280523.49 | G70: =G62+G68+4 -> -493900.91 | H70: =H62+H68 -> 301828 | I70: =I62+I68+4 -> -395797 | J70: =J62+J68+4 -> -562965.78 | K70: =K62+K68+4 -> -550377.48 | L70: =L62+L68 -> 387710.08 | M70: =M62+M68+4 -> -22880.783 | N70: =N62+N68+4 -> 879667.55 | O70: =O62+O68+4 -> -301952.4 | P70: =P62+P68+4 -> 641597.22
C71: CASHFLOW SUMMARY
C72: Accounting Surplus (Deficit) | P72: -51271.08
C73: Add Depreciation | P73: 382303.06
C74: Deduct Non-Operating Income | P74: =-P68 -> -432345.9
C75: Cash Surplus (Deficit from Operations) | P75: =SUM(P72:P74) -> -101313.92
C77: Add back Non-Operating Income | P77: =P68 -> 432345.9
C78: Net Cash available before CAPEEX | P78: 331031.98
A79: 191TDEP
C80: Deduct Capital Expenditure | P80: -993846.64
C81: NET CASH SURPLUS (DEFICIT) | P81: -662814.66
C83: Check | P83: =P70+P73+P80 -> 30053.64
C93: CASHFLOW SUMMARY | R93: DEP
C94: Accounting Profit / (Loss) | R94: P5 2019 | S94: =6458.33+8726.23+4632.71+18312.72+1141.75 -> 39271.74
C95: CASHFLOW FROM OPERATIONAL ACTIVITIES | R95: P5 2018 | S95: =11707.31+6260.38+4044.86+14857.88+4447.77 -> 41318.2
C96: Add Back Depreciation
C97: Dec / (Inc) in Assets | R97: YTD 2019 | S97: =31077.18+42303.38+22829.46+90493.93+5818.06 -> 192522.01
C98: (Dec) / Inc in Liabilities | R98: YTD 2018 | S98: =45155.14+31101.9+22670.65+74289.43+21065.32 -> 194282.44 | AF98: Depreciation
C99: CASHFLOW FROM INVESTING ACTIVITIES | AF99: 2016 | AG99: P10 | AH99: =10237.06+258.79+6063.02+5699.41+9732.52+2837.15 -> 34827.95
C100: Capital Expenditure | AF100: 2016 | AG100: P1-10 | AH100: =99544.3+9817.27+29799.07+55520.29+94640.24+11348.6 -> 300669.77
C101: Investment Pool Withdrawals / (Deposits)
C102: NET CHANGE IN CASH FOR PERIOD | AF102: 2015 | AG102: P10 | AH102: =12800.51+1372.24+1137.44+10277.75+13206.18 -> 38794.12
C103: Cash @ Beginning of Period | AF103: 2015 | AG103: P1-10 | AH103: =105590.28+16147.27+18467.32+34805.26+126637.01 -> 301647.14
C104: Cash @ End of Period
C105: Balance Sheet Check
D112: -419446.07 | E112: -419446.07 | F112: -419446.07 | I112: -419446.07
D114: =D70-D112 -> 303349.06 | E114: =E70-E112 -> 527284.14 | F114: =F70-F112 -> 138922.57 | I114: 23649.063
C118: Total Depreciation Expense | D118: 443479.08 | E118: 421547.21
C119: Total Cash Provided for the Year | D119: =D70+D118 -> 327382.08 | E119: =E70+E118 -> 529385.28

Sheet INV
A1: Guild of Undergraduates
A2: Budget Profit and Loss
A3: FY 2025
A4: CORPORATE SERVICES: INVESTMENTS
A6: Financial Row | B6: 45658 | C6: 45689 | D6: 45717 | E6: 45748 | F6: 45778 | G6: 45809 | H6: 45839 | I6: 45870 | J6: 45901 | K6: 45931 | L6: 45962 | M6: 45992 | N6: FY | O6: Actual | P6: Mid Year
B7: Amount | C7: Amount | D7: Amount | E7: Amount | F7: Amount | G7: Amount | H7: Amount | I7: Amount | J7: Amount | K7: Amount | L7: Amount | M7: Amount | N7: Budget | O7: Jan - May | P7: Budget
A8: Gross Profit | B8: =0-0 -> 0 | C8: =0-0 -> 0 | D8: =0-0 -> 0 | E8: =0-0 -> 0 | F8: =0-0 -> 0 | G8: =0-0 -> 0 | H8: =0-0 -> 0 | I8: =0-0 -> 0 | ... P8: =0-0 -> 0
A9: Expenses
A10: ADMINISTRATIVE EXPENSES - ADMINISTRATIVE EXPENSES
A11: 305102 - Bank Charges | B11: 0 | C11: 0 | D11: 0 | E11: 0 | F11: 0 | G11: 0 | H11: 0 | I11: 0 | J11: 0 | K11: 0 | L11: 0 | M11: 0 | N11: =SUM(B11:M11) -> 0 | O11: =SUM(C11:N11) -> 0 | P11: =SUM(D11:O11) -> 0
A12: Total - ADMINISTRATIVE EXPENSES - ADMINISTRATIVE EXPENSES | B12: =SUM(B11) -> 0 | C12: =SUM(C11) -> 0 | D12: =SUM(D11) -> 0 | E12: =SUM(E11) -> 0 | F12: =SUM(F11) -> 0 | G12: =SUM(G11) -> 0 | H12: =SUM(H11) -> 0 | I12: =SUM(I11) -> 0 | ... P12: =SUM(P11) -> 0
A13: Total - Expenses | B13: =SUM(B12) -> 0 | C13: =SUM(C12) -> 0 | D13: =SUM(D12) -> 0 | E13: =SUM(E12) -> 0 | F13: =SUM(F12) -> 0 | G13: =SUM(G12) -> 0 | H13: =SUM(H12) -> 0 | I13: =SUM(I12) -> 0 | ... P13: =SUM(P12) -> 0
A14: Operating Profit | B14: =B8-B13 -> 0 | C14: =C8-C13 -> 0 | D14: =D8-D13 -> 0 | E14: =E8-E13 -> 0 | F14: =F8-F13 -> 0 | G14: =G8-G13 -> 0 | H14: =H8-H13 -> 0 | I14: =I8-I13 -> 0 | ... P14: =P8-P13 -> 0
A15: Other Income
A16: FINANCE INCOME - FINANCE INCOME
A17: 103046 - Interest Income from UWA Pools | B17: 23000 | C17: =B17 -> 23000 | D17: =C17 -> 23000 | E17: =D17 -> 23000 | F17: =E17 -> 23000 | G17: =F17 -> 23000 | H17: =G17 -> 23000 | I17: =H17 -> 23000 | J17: =I17 -> 23000 | ... M17: =L17 -> 23000 | N17: =SUM(B17:M17) -> 276000 | O17: 0 | P17: =N17 -> 276000
A18: 103049 - Interest Income Other | N18: 0 | O18: 240 | P18: =O18 -> 240
A19: Total - FINANCE INCOME - FINANCE INCOME | B19: =SUM(B17) -> 23000 | C19: =SUM(C17) -> 23000 | D19: =SUM(D17) -> 23000 | E19: =SUM(E17) -> 23000 | F19: =SUM(F17) -> 23000 | G19: =SUM(G17) -> 23000 | H19: =SUM(H17) -> 23000 | I19: =SUM(I17) -> 23000 | ... M19: =SUM(M17) -> 23000 | N19: =SUM(N17:N18) -> 276000 | O19: =SUM(O17:O18) -> 240 | P19: =SUM(P17:P18) -> 276240
A20: OTHER INCOME - OTHER INCOME
A21: 103035 - Associate Membership Fee | B21: 0 | C21: 200 | D21: 1000 | E21: 700 | F21: 700 | G21: 200 | H21: 200 | I21: 0 | J21: 0 | K21: 0 | L21: 0 | M21: 0 | N21: =SUM(B21:M21) -> 3000 | O21: 1448.87 | P21: 2000
A22: Total - OTHER INCOME - OTHER INCOME | B22: =SUM(B21) -> 0 | C22: =SUM(C21) -> 200 | D22: =SUM(D21) -> 1000 | E22: =SUM(E21) -> 700 | F22: =SUM(F21) -> 700 | G22: =SUM(G21) -> 200 | H22: =SUM(H21) -> 200 | I22: =SUM(I21) -> 0 | ... P22: =SUM(P21) -> 2000
A23: STUDENT SERVICES AND AMENITIES FEE FROM UWA - STUDENT SERVICES AND AMENITIES FEE FROM UWA
A24: 103034 - SSAF | B24: 333500 | C24: 333500 | D24: 333500 | E24: 333500 | F24: 333500 | G24: 333500 | H24: 333500 | I24: 333500 | J24: 333500 | K24: 333500 | L24: 333500 | M24: 331500 | N24: =SUM(B24:M24) -> 4000000 | O24: 1499250 | P24: =N24 -> 4000000
A25: Total - STUDENT SERVICES AND AMENITIES FEE FROM UWA - STUDENT SERVICES AND AMENITIES FEE FROM UWA | B25: =SUM(B24) -> 333500 | C25: =SUM(C24) -> 333500 | D25: =SUM(D24) -> 333500 | E25: =SUM(E24) -> 333500 | F25: =SUM(F24) -> 333500 | G25: =SUM(G24) -> 333500 | H25: =SUM(H24) -> 333500 | I25: =SUM(I24) -> 333500 | ... P25: =SUM(P24) -> 4000000
A26: Total - Other Income | B26: =SUM(B19,B22,B25) -> 356500 | C26: =SUM(C19,C22,C25) -> 356700 | D26: =SUM(D19,D22,D25) -> 357500 | E26: =SUM(E19,E22,E25) -> 357200 | F26: =SUM(F19,F22,F25) -> 357200 | G26: =SUM(G19,G22,G25) -> 356700 | H26: =SUM(H19,H22,H25) -> 356700 | I26: =SUM(I19,I22,I25) -> 356500 | ... P26: =SUM(P19,P22,P25) -> 4278240
A27: Other Expenses
A28: FINANCE COSTS - FINANCE COSTS
A29: 105153 - Interest Expense | B29: -1250 | C29: -1250 | D29: -1250 | E29: -1250 | F29: -1250 | G29: -1250 | H29: -1250 | I29: -1250 | J29: -1250 | K29: -1250 | L29: -1250 | M29: -1250 | N29: =SUM(B29:M29) -> -15000 | O29: 0 | P29: -15000
A30: Total - FINANCE COSTS - FINANCE COSTS | B30: =SUM(B29) -> -1250 | C30: =SUM(C29) -> -1250 | D30: =SUM(D29) -> -1250 | E30: =SUM(E29) -> -1250 | F30: =SUM(F29) -> -1250 | G30: =SUM(G29) -> -1250 | H30: =SUM(H29) -> -1250 | I30: =SUM(I29) -> -1250 | ... P30: =SUM(P29) -> -15000
A31: Total - Other Expenses | B31: =SUM(B30) -> -1250 | C31: =SUM(C30) -> -1250 | D31: =SUM(D30) -> -1250 | E31: =SUM(E30) -> -1250 | F31: =SUM(F30) -> -1250 | G31: =SUM(G30) -> -1250 | H31: =SUM(H30) -> -1250 | I31: =SUM(I30) -> -1250 | ... P31: =SUM(P30) -> -15000
A32: Net Profit/(Loss) | B32: =B14+B26+B31 -> 355250 | C32: =C14+C26+C31 -> 355450 | D32: =D14+D26+D31 -> 356250 | E32: =E14+E26+E31 -> 355950 | F32: =F14+F26+F31 -> 355950 | G32: =G14+G26+G31 -> 355450 | H32: =H14+H26+H31 -> 355450 | I32: =I14+I26+I31 -> 355250 | ... P32: =P14+P26+P31 -> 4263240

Sheet CS PROP
A1: Guild of Undergraduates
A2: Budget Profit and Loss
A3: FY 2025
A4: CS: PROPERTY SERVICES
A6: Financial Row | B6: 45658 | C6: 45689 | D6: 45717 | E6: 45748 | F6: 45778 | G6: 45809 | H6: 45839 | I6: 45870 | J6: 45901 | K6: 45931 | L6: 45962 | M6: 45992 | N6: Total
B7: Amount | C7: Amount | D7: Amount | E7: Amount | F7: Amount | G7: Amount | H7: Amount | I7: Amount | J7: Amount | K7: Amount | L7: Amount | M7: Amount | N7: Amount
A8: Gross Profit | B8: =0-0 -> 0 | C8: =0-0 -> 0 | D8: =0-0 -> 0 | E8: =0-0 -> 0 | F8: =0-0 -> 0 | G8: =0-0 -> 0 | H8: =0-0 -> 0 | I8: =0-0 -> 0 | ... N8: =0-0 -> 0
A9: Expenses
A10: ADMINISTRATIVE EXPENSES - ADMINISTRATIVE EXPENSES
A11: 305108 - Cleaning Contract | B11: 2300 | C11: 2300 | D11: 2300 | E11: 2300 | F11: 2300 | G11: 2300 | H11: 2300 | I11: 2300 | J11: 2300 | K11: 2300 | L11: 2300 | M11: 2300 | N11: =SUM(B11:M11) -> 27600
A12: 305111 - Communication Expenses | B12: 0 | C12: 0 | D12: 0 | E12: 0 | F12: 0 | G12: 0 | H12: 0 | I12: 0 | J12: 0 | K12: 0 | L12: 0 | M12: 0 | N12: =SUM(B12:M12) -> 0
A13: 305132 - Utilities | B13: 6000 | C13: 6000 | D13: 6000 | E13: 6000 | F13: 6000 | G13: 6000 | H13: 6000 | I13: 6000 | J13: 6000 | K13: 6000 | L13: 6000 | M13: 6000 | N13: =SUM(B13:M13) -> 72000
A14: 305159 - Legal Fees & Charges | B14: 20000 | C14: 0 | D14: 0 | E14: 0 | F14: 0 | G14: 0 | H14: 0 | I14: 0 | J14: 0 | K14: 0 | L14: 0 | M14: 0 | N14: =SUM(B14:M14) -> 20000
A15: 305162 - Licence & Permits | B15: 0 | C15: 0 | D15: 0 | E15: 0 | F15: 0 | G15: 0 | H15: 750 | I15: 100 | J15: 0 | K15: 0 | L15: 0 | M15: 0 | N15: =SUM(B15:M15) -> 850
A16: 305195 - Repairs to Commercial Property | B16: 125 | C16: 125 | D16: 125 | E16: 125 | F16: 125 | G16: 125 | H16: 125 | I16: 125 | J16: 125 | K16: 125 | L16: 125 | M16: 125 | N16: =SUM(B16:M16) -> 1500
A17: 305228 - Waste Control | B17: 750 | C17: 750 | D17: 750 | E17: 750 | F17: 750 | G17: 750 | H17: 750 | I17: 750 | J17: 750 | K17: 750 | L17: 750 | M17: 750 | N17: =SUM(B17:M17) -> 9000
A18: 306001 - Depreciation - Plant & Equipment | B18: 716.39 | C18: 716.39 | D18: 716.39 | E18: 716.39 | F18: 716.39 | G18: 716.39 | H18: 716.39 | I18: 716.39 | J18: 716.39 | K18: 716.39 | L18: 716.39 | M18: 716.39 | N18: =SUM(B18:M18) -> 8596.68
A19: 306003 - Depreciation - Furniture & Fittings | B19: 0 | C19: 0 | D19: 0 | E19: 0 | F19: 0 | G19: 0 | H19: 0 | I19: 0 | J19: 0 | K19: 0 | L19: 0 | M19: 0 | N19: =SUM(B19:M19) -> 0
A20: 306005 - Depreciation - Property | B20: 11931.78 | C20: 11923.64 | D20: 11923.64 | E20: 11923.64 | F20: 11923.64 | G20: 11923.64 | H20: 11923.64 | I20: 11923.64 | J20: 11923.64 | K20: 11923.64 | L20: 11923.64 | M20: 11923.64 | N20: =SUM(B20:M20) -> 143091.82
A21: Total - ADMINISTRATIVE EXPENSES - ADMINISTRATIVE EXPENSES | B21: =SUM(B11:B20) -> 41823.17 | C21: =SUM(C11:C20) -> 21815.03 | D21: =SUM(D11:D20) -> 21815.03 | E21: =SUM(E11:E20) -> 21815.03 | F21: =SUM(F11:F20) -> 21815.03 | G21: =SUM(G11:G20) -> 21815.03 | H21: =SUM(H11:H20) -> 22565.03 | I21: =SUM(I11:I20) -> 21915.03 | ... N21: =SUM(N11:N20) -> 282638.5
A22: EMPLOYEE BENEFITS EXPENSE - EMPLOYEE BENEFITS EXPENSE
A23: 304001 - Salaries & Wages - Permanent Staff | B23: 6210.4767 | C23: 6537.3439 | D23: 6864.2111 | E23: 7191.0782 | F23: 7517.9454 | G23: 6537.3439 | H23: 7517.9454 | I23: 7191.0782 | J23: 6864.2111 | K23: 7517.9454 | L23: 6864.2111 | M23: 7191.0782 | N23: =SUM(B23:M23) -> 84004.869
A24: 304010 - Superannuation | B24: 1033.3709 | C24: 1087.7589 | D24: 1142.1468 | E24: 1196.5348 | F24: 1250.9227 | G24: 1087.7589 | H24: 1250.9227 | I24: 1196.5348 | J24: 1142.1468 | K24: 1250.9227 | L24: 1142.1468 | M24: 1196.5348 | N24: =SUM(B24:M24) -> 13977.702
A25: 304013 - Workers Compensation Insurance | B25: 65.807022 | C25: 69.27055 | D25: 72.734077 | E25: 76.197605 | F25: 79.661132 | G25: 69.27055 | H25: 79.661132 | I25: 76.197605 | J25: 72.734077 | K25: 79.661132 | L25: 72.734077 | M25: 76.197605 | N25: =SUM(B25:M25) -> 890.12656
A26: 304016 - Annual Leave Provision | B26: 561.31639 | C26: 590.85936 | D26: 620.40232 | E26: 649.94529 | F26: 679.48826 | G26: 590.85936 | H26: 679.48826 | I26: 649.94529 | J26: 620.40232 | K26: 679.48826 | L26: 620.40232 | M26: 649.94529 | N26: =SUM(B26:M26) -> 7592.5427
A27: 304019 - Long Service Leave Provision | B27: 155.26192 | C27: 163.4336 | D27: 171.60528 | E27: 179.77696 | F27: 187.94864 | G27: 163.4336 | H27: 187.94864 | I27: 179.77696 | J27: 171.60528 | K27: 187.94864 | L27: 171.60528 | M27: 179.77696 | N27: =SUM(B27:M27) -> 2100.1217
A28: Total - EMPLOYEE BENEFITS EXPENSE - EMPLOYEE BENEFITS EXPENSE | B28: =SUM(B23:B27) -> 8026.2329 | C28: =SUM(C23:C27) -> 8448.6663 | D28: =SUM(D23:D27) -> 8871.0996 | E28: =SUM(E23:E27) -> 9293.5329 | F28: =SUM(F23:F27) -> 9715.9662 | G28: =SUM(G23:G27) -> 8448.6663 | H28: =SUM(H23:H27) -> 9715.9662 | I28: =SUM(I23:I27) -> 9293.5329 | ... N28: =SUM(N23:N27) -> 108565.36
A29: Total - Expenses | B29: =SUM(B21,B28) -> 49849.403 | C29: =SUM(C21,C28) -> 30263.696 | D29: =SUM(D21,D28) -> 30686.13 | E29: =SUM(E21,E28) -> 31108.563 | F29: =SUM(F21,F28) -> 31530.996 | G29: =SUM(G21,G28) -> 30263.696 | H29: =SUM(H21,H28) -> 32280.996 | I29: =SUM(I21,I28) -> 31208.563 | ... N29: =SUM(N21,N28) -> 391203.86
A30: Operating Profit | B30: =B8-B29 -> -49849.403 | C30: =C8-C29 -> -30263.696 | D30: =D8-D29 -> -30686.13 | E30: =E8-E29 -> -31108.563 | F30: =F8-F29 -> -31530.996 | G30: =G8-G29 -> -30263.696 | H30: =H8-H29 -> -32280.996 | I30: =I8-I29 -> -31208.563 | ... N30: =N8-N29 -> -391203.86
A31: Other Income
A32: OTHER INCOME - OTHER INCOME
A33: 103053 - Tenant Utility Income | B33: 5200 | C33: 5200 | D33: 5200 | E33: 5200 | F33: 5200 | G33: 5200 | H33: 5200 | I33: 5200 | J33: 5200 | K33: 5200 | L33: 5200 | M33: 5200 | N33: =SUM(B33:M33) -> 62400
A34: 103069 - Sundry Income | B34: 0 | C34: 0 | D34: 0 | E34: 4253.55 | F34: 0 | G34: 0 | H34: 4253.55 | I34: 0 | J34: 0 | K34: 4253.55 | L34: 0 | M34: 4253.55 | N34: =SUM(B34:M34) -> 17014.2
A35: Total - OTHER INCOME - OTHER INCOME | B35: =SUM(B33:B34) -> 5200 | C35: =SUM(C33:C34) -> 5200 | D35: =SUM(D33:D34) -> 5200 | E35: =SUM(E33:E34) -> 9453.55 | F35: =SUM(F33:F34) -> 5200 | G35: =SUM(G33:G34) -> 5200 | H35: =SUM(H33:H34) -> 9453.55 | I35: =SUM(I33:I34) -> 5200 | ... N35: =SUM(N33:N34) -> 79414.2
A36: RENTAL - PROPERTY & EQUIPMENT INCOME - RENTAL - PROPERTY & EQUIPMENT INCOME
A37: 103052 - Lease/Rental Income | B37: 24083.36 | C37: 24083.36 | D37: 24083.36 | E37: 24083.36 | F37: 24083.36 | G37: 24083.36 | H37: 24083.36 | I37: 24083.36 | J37: 24083.36 | K37: 24083.36 | L37: 24083.36 | M37: 24083.36 | N37: =SUM(B37:M37) -> 289000.32
A38: Total - RENTAL - PROPERTY & EQUIPMENT INCOME - RENTAL - PROPERTY & EQUIPMENT INCOME | B38: =SUM(B37) -> 24083.36 | C38: =SUM(C37) -> 24083.36 | D38: =SUM(D37) -> 24083.36 | E38: =SUM(E37) -> 24083.36 | F38: =SUM(F37) -> 24083.36 | G38: =SUM(G37) -> 24083.36 | H38: =SUM(H37) -> 24083.36 | I38: =SUM(I37) -> 24083.36 | ... N38: =SUM(N37) -> 289000.32
A39: Total - Other Income | B39: =SUM(B35,B38) -> 29283.36 | C39: =SUM(C35,C38) -> 29283.36 | D39: =SUM(D35,D38) -> 29283.36 | E39: =SUM(E35,E38) -> 33536.91 | F39: =SUM(F35,F38) -> 29283.36 | G39: =SUM(G35,G38) -> 29283.36 | H39: =SUM(H35,H38) -> 33536.91 | I39: =SUM(I35,I38) -> 29283.36 | ... N39: =SUM(N35,N38) -> 368414.52
A40: Net Profit/(Loss) | B40: =B30+B39+0 -> -20566.043 | C40: =C30+C39+0 -> -980.33626 | D40: =D30+D39+0 -> -1402.7696 | E40: =E30+E39+0 -> 2428.3471 | F40: =F30+F39+0 -> -2247.6362 | G40: =G30+G39+0 -> -980.33626 | H40: =H30+H39+0 -> 1255.9138 | I40: =I30+I39+0 -> -1925.2029 | ... N40: =N30+N39+0 -> -22789.341

Sheet CAT PROP
A1: Guild of Undergraduates
A2: Budget Profit and Loss
A3: FY 2025
A4: CATERING PROPERTY
A6: Financial Row | B6: 45658 | C6: 45689 | D6: 45717 | E6: 45748 | F6: 45778 | G6: 45809 | H6: 45839 | I6: 45870 | J6: 45901 | K6: 45931 | L6: 45962 | M6: 45992 | N6: Total
B7: Amount | C7: Amount | D7: Amount | E7: Amount | F7: Amount | G7: Amount | H7: Amount | I7: Amount | J7: Amount | K7: Amount | L7: Amount | M7: Amount | N7: Amount
A8: Gross Profit | B8: =0-0 -> 0 | C8: =0-0 -> 0 | D8: =0-0 -> 0 | E8: =0-0 -> 0 | F8: =0-0 -> 0 | G8: =0-0 -> 0 | H8: =0-0 -> 0 | I8: =0-0 -> 0 | ... N8: =0-0 -> 0
A9: Expenses
A10: ADMINISTRATIVE EXPENSES - ADMINISTRATIVE EXPENSES
A11: 305083 - Advertising & Promotion | B11: 0 | C11: 1300 | D11: 0 | E11: 0 | F11: 0 | G11: 0 | H11: 1000 | I11: 0 | J11: 0 | K11: 0 | L11: 0 | M11: 0 | N11: =SUM(B11:M11) -> 2300
A12: 305108 - Cleaning Contract | B12: 6000 | C12: 6000 | D12: 6000 | E12: 6000 | F12: 6000 | G12: 6000 | H12: 6000 | I12: 6000 | J12: 6000 | K12: 6000 | L12: 6000 | M12: 6000 | N12: =SUM(B12:M12) -> 72000
A13: 305109 - Cleaning Consumables | B13: 20 | C13: 20 | D13: 20 | E13: 20 | F13: 20 | G13: 20 | H13: 20 | I13: 20 | J13: 20 | K13: 20 | L13: 20 | M13: 20 | N13: =SUM(B13:M13) -> 240
A14: 305111 - Communication Expenses | B14: 0 | C14: 0 | D14: 0 | E14: 0 | F14: 0 | G14: 0 | H14: 0 | I14: 0 | J14: 0 | K14: 0 | L14: 0 | M14: 0 | N14: =SUM(B14:M14) -> 0
A15: 305132 - Utilities | B15: 5000 | C15: 5000 | D15: 5000 | E15: 5000 | F15: 5000 | G15: 5000 | H15: 5000 | I15: 5000 | J15: 5000 | K15: 5000 | L15: 5000 | M15: 5000 | N15: =SUM(B15:M15) -> 60000
A16: 305156 - Laundry | B16: 50 | C16: 50 | D16: 50 | E16: 50 | F16: 50 | G16: 50 | H16: 50 | I16: 50 | J16: 50 | K16: 50 | L16: 50 | M16: 50 | N16: =SUM(B16:M16) -> 600
A17: 305159 - Legal Fees & Charges | B17: 0 | C17: 30000 | D17: 0 | E17: 0 | F17: 0 | G17: 0 | H17: 0 | I17: 0 | J17: 0 | K17: 0 | L17: 0 | M17: 0 | N17: =SUM(B17:M17) -> 30000
A18: 305162 - Licence & Permits | B18: 0 | C18: 0 | D18: 0 | E18: 0 | F18: 0 | G18: 2500 | H18: 0 | I18: 0 | J18: 0 | K18: 0 | L18: 0 | M18: 0 | N18: =SUM(B18:M18) -> 2500
A19: 305189 - Repairs & Maintenance | B19: 2000 | C19: 0 | D19: 0 | E19: 0 | F19: 0 | G19: 0 | H19: 0 | I19: 0 | J19: 0 | K19: 0 | L19: 0 | M19: 0 | N19: =SUM(B19:M19) -> 2000
A20: 305228 - Waste Control | B20: 2000 | C20: 2000 | D20: 2000 | E20: 2000 | F20: 2000 | G20: 2000 | H20: 2000 | I20: 2000 | J20: 2000 | K20: 2000 | L20: 2000 | M20: 2000 | N20: =SUM(B20:M20) -> 24000
A21: 306001 - Depreciation - Plant & Equipment | B21: 446.63 | C21: 446.63 | D21: 446.63 | E21: 446.63 | F21: 446.63 | G21: 446.63 | H21: 446.63 | I21: 446.63 | J21: 446.63 | K21: 446.63 | L21: 446.63 | M21: 446.63 | N21: =SUM(B21:M21) -> 5359.56
A22: 306003 - Depreciation - Furniture & Fittings | B22: 2678.47 | C22: 2678.47 | D22: 2678.47 | E22: 2678.47 | F22: 2678.47 | G22: 2678.47 | H22: 2678.47 | I22: 2678.47 | J22: 2678.47 | K22: 2678.47 | L22: 2678.47 | M22: 2678.47 | N22: =SUM(B22:M22) -> 32141.64
A23: 306005 - Depreciation - Property | B23: 3833.46 | C23: 3833.46 | D23: 3833.46 | E23: 3833.46 | F23: 3833.46 | G23: 3833.46 | H23: 3833.46 | I23: 3833.46 | J23: 3833.46 | K23: 3833.46 | L23: 3833.46 | M23: 3833.46 | N23: =SUM(B23:M23) -> 46001.52
A24: Total - ADMINISTRATIVE EXPENSES - ADMINISTRATIVE EXPENSES | B24: =SUM(B11:B23) -> 22028.56 | C24: =SUM(C11:C23) -> 51328.56 | D24: =SUM(D11:D23) -> 20028.56 | E24: =SUM(E11:E23) -> 20028.56 | F24: =SUM(F11:F23) -> 20028.56 | G24: =SUM(G11:G23) -> 22528.56 | H24: =SUM(H11:H23) -> 21028.56 | I24: =SUM(I11:I23) -> 20028.56 | ... N24: =SUM(N11:N23) -> 277142.72
A25: EMPLOYEE BENEFITS EXPENSE - EMPLOYEE BENEFITS EXPENSE
A26: 304001 - Salaries & Wages - Permanent Staff | B26: 6210.4767 | C26: 6537.3439 | D26: 6864.2111 | E26: 7191.0782 | F26: 7517.9454 | G26: 6537.3439 | H26: 7517.9454 | I26: 7191.0782 | J26: 6864.2111 | K26: 7517.9454 | L26: 6864.2111 | M26: 8240.2346 | N26: =SUM(B26:M26) -> 85054.025
A27: 304010 - Superannuation | B27: 1033.3709 | C27: 1087.7589 | D27: 1142.1468 | E27: 1196.5348 | F27: 1250.9227 | G27: 1087.7589 | H27: 1250.9227 | I27: 1196.5348 | J27: 1142.1468 | K27: 1250.9227 | L27: 1142.1468 | M27: 1380.1371 | N27: =SUM(B27:M27) -> 14161.304
A28: 304013 - Workers Compensation Insurance | B28: 65.807022 | C28: 69.27055 | D28: 72.734077 | E28: 76.197605 | F28: 79.661132 | G28: 69.27055 | H28: 79.661132 | I28: 76.197605 | J28: 72.734077 | K28: 79.661132 | L28: 72.734077 | M28: 76.197605 | N28: =SUM(B28:M28) -> 890.12656
A29: 304016 - Annual Leave Provision | B29: 561.31639 | C29: 590.85936 | D29: 620.40232 | E29: 649.94529 | F29: 679.48826 | G29: 590.85936 | H29: 679.48826 | I29: 649.94529 | J29: 620.40232 | K29: 679.48826 | L29: 620.40232 | M29: 649.94529 | N29: =SUM(B29:M29) -> 7592.5427
A30: 304019 - Long Service Leave Provision | B30: 155.26192 | C30: 163.4336 | D30: 171.60528 | E30: 179.77696 | F30: 187.94864 | G30: 163.4336 | H30: 187.94864 | I30: 179.77696 | J30: 171.60528 | K30: 187.94864 | L30: 171.60528 | M30: 179.77696 | N30: =SUM(B30:M30) -> 2100.1217
A31: 304023 - Supplementary Payment Provision | B31: 136.9305 | C31: 136.9305 | D31: 136.9305 | E31: 136.9305 | F31: 136.9305 | G31: 136.9305 | H31: 136.9305 | I31: 136.9305 | J31: 136.9305 | K31: 136.9305 | L31: 136.9305 | M31: 136.9305 | N31: =SUM(B31:M31) -> 1643.166
A32: Total - EMPLOYEE BENEFITS EXPENSE - EMPLOYEE BENEFITS EXPENSE | B32: =SUM(B26:B31) -> 8163.1634 | C32: =SUM(C26:C31) -> 8585.5968 | D32: =SUM(D26:D31) -> 9008.0301 | E32: =SUM(E26:E31) -> 9430.4634 | F32: =SUM(F26:F31) -> 9852.8967 | G32: =SUM(G26:G31) -> 8585.5968 | H32: =SUM(H26:H31) -> 9852.8967 | I32: =SUM(I26:I31) -> 9430.4634 | ... N32: =SUM(N26:N31) -> 111441.29
A33: Total - Expenses | B33: =SUM(B24,B32) -> 30191.723 | C33: =SUM(C24,C32) -> 59914.157 | D33: =SUM(D24,D32) -> 29036.59 | E33: =SUM(E24,E32) -> 29459.023 | F33: =SUM(F24,F32) -> 29881.457 | G33: =SUM(G24,G32) -> 31114.157 | H33: =SUM(H24,H32) -> 30881.457 | I33: =SUM(I24,I32) -> 29459.023 | ... N33: =SUM(N24,N32) -> 388584.01
A34: Operating Profit | B34: =B8-B33 -> -30191.723 | C34: =C8-C33 -> -59914.157 | D34: =D8-D33 -> -29036.59 | E34: =E8-E33 -> -29459.023 | F34: =F8-F33 -> -29881.457 | G34: =G8-G33 -> -31114.157 | H34: =H8-H33 -> -30881.457 | I34: =I8-I33 -> -29459.023 | ... N34: =N8-N33 -> -388584.01
A35: Other Income
A36: COMMISSION INCOME - COMMISSION INCOME
A37: 103041 - Vending Commission | B37: 4750 | C37: 4750 | D37: 4750 | E37: 4750 | F37: 4750 | G37: 4750 | H37: 4750 | I37: 4750 | J37: 4750 | K37: 4750 | L37: 4750 | M37: 4750 | N37: =SUM(B37:M37) -> 57000
A38: Total - COMMISSION INCOME - COMMISSION INCOME | B38: =SUM(B37) -> 4750 | C38: =SUM(C37) -> 4750 | D38: =SUM(D37) -> 4750 | E38: =SUM(E37) -> 4750 | F38: =SUM(F37) -> 4750 | G38: =SUM(G37) -> 4750 | H38: =SUM(H37) -> 4750 | I38: =SUM(I37) -> 4750 | ... N38: =SUM(N37) -> 57000
A39: OTHER INCOME - OTHER INCOME
A40: 103053 - Tenant Utility Income | B40: 2500 | C40: 2500 | D40: 2500 | E40: 2500 | F40: 2500 | G40: 2500 | H40: 2500 | I40: 2500 | J40: 2500 | K40: 2500 | L40: 2500 | M40: 2500 | N40: =SUM(B40:M40) -> 30000
A41: 103054 - Tenant Outgoings | B41: 8000 | C41: 8000 | D41: 8000 | E41: 8000 | F41: 8000 | G41: 8000 | H41: 8000 | I41: 8000 | J41: 8000 | K41: 8000 | L41: 8000 | M41: 8000 | N41: =SUM(B41:M41) -> 96000
A42: Total - OTHER INCOME - OTHER INCOME | B42: =SUM(B40:B41) -> 10500 | C42: =SUM(C40:C41) -> 10500 | D42: =SUM(D40:D41) -> 10500 | E42: =SUM(E40:E41) -> 10500 | F42: =SUM(F40:F41) -> 10500 | G42: =SUM(G40:G41) -> 10500 | H42: =SUM(H40:H41) -> 10500 | I42: =SUM(I40:I41) -> 10500 | ... N42: =SUM(N40:N41) -> 126000
A43: RENTAL - PROPERTY & EQUIPMENT INCOME - RENTAL - PROPERTY & EQUIPMENT INCOME
A44: 103052 - Lease/Rental Income | B44: 27341.19 | C44: 27341.19 | D44: 27341.19 | E44: 27341.19 | F44: 27341.19 | G44: 27341.19 | H44: 27341.19 | I44: 27341.19 | J44: 27341.19 | K44: 27341.19 | L44: 27341.19 | M44: 27341.19 | N44: =SUM(B44:M44) -> 328094.28
A45: 103056 - Rent Income - External & Mobile Vendors | B45: 0 | C45: 0 | D45: 0 | E45: 0 | F45: 0 | G45: 0 | H45: 0 | I45: 0 | J45: 0 | K45: 0 | L45: 0 | M45: 0 | N45: =SUM(B45:M45) -> 0
A46: Total - RENTAL - PROPERTY & EQUIPMENT INCOME - RENTAL - PROPERTY & EQUIPMENT INCOME | B46: =SUM(B44:B45) -> 27341.19 | C46: =SUM(C44:C45) -> 27341.19 | D46: =SUM(D44:D45) -> 27341.19 | E46: =SUM(E44:E45) -> 27341.19 | F46: =SUM(F44:F45) -> 27341.19 | G46: =SUM(G44:G45) -> 27341.19 | H46: =SUM(H44:H45) -> 27341.19 | I46: =SUM(I44:I45) -> 27341.19 | ... N46: =SUM(N44:N45) -> 328094.28
A47: Total - Other Income | B47: =SUM(B38,B46)+B42 -> 42591.19 | C47: =SUM(C38,C46)+C42 -> 42591.19 | D47: =SUM(D38,D46)+D42 -> 42591.19 | E47: =SUM(E38,E46)+E42 -> 42591.19 | F47: =SUM(F38,F46)+F42 -> 42591.19 | G47: =SUM(G38,G46)+G42 -> 42591.19 | H47: =SUM(H38,H46)+H42 -> 42591.19 | I47: =SUM(I38,I46)+I42 -> 42591.19 | ... N47: =SUM(N38,N46)+N42 -> 511094.28
A48: Net Profit/(Loss) | B48: =B34+B47+0 -> 12399.467 | C48: =C34+C47+0 -> -17322.967 | D48: =D34+D47+0 -> 13554.6 | E48: =E34+E47+0 -> 13132.167 | F48: =F34+F47+0 -> 12709.733 | G48: =G34+G47+0 -> 11477.033 | H48: =H34+H47+0 -> 11709.733 | I48: =I34+I47+0 -> 13132.167 | ... N48: =N34+N47+0 -> 122510.27

Sheet TAV
A1: Guild of Undergraduates
A2: Budget Profit and Loss
A3: FY 2025
A4: TAVERN
A6: Financial Row | B6: 45658 | C6: =B6+32 -> 45690 | D6: =C6+32 -> 45722 | E6: =D6+32 -> 45754 | F6: =E6+32 -> 45786 | G6: =F6+32 -> 45818 | H6: =G6+32 -> 45850 | I6: =H6+32 -> 45882 | J6: =I6+32 -> 45914 | ... M6: =L6+32 -> 46010 | N6: Total
B7: Amount | C7: Amount | D7: Amount | E7: Amount | F7: Amount | G7: Amount | H7: Amount | I7: Amount | J7: Amount | K7: Amount | L7: Amount | M7: Amount | N7: Amount
A8: Income
A9: SALES CATERING DISCOUNT - SALES CATERING DISCOUNT
A10: 102000 - Guild Member Discount | B10: -34.511367 | C10: -1535.7558 | D10: -2815.8138 | E10: -1451.0461 | F10: -1793.0224 | G10: -768.66227 | H10: -1109.0698 | I10: -2133.43 | J10: -1366.3364 | K10: -1741.2553 | L10: -818.86062 | M10: -119.22109 | N10: =SUM(B10:M10) -> -15686.985
A11: 102003 - Other Promotional Discounts | B11: -172.55684 | C11: -7678.7792 | D11: -14079.069 | E11: -7255.2306 | F11: -8965.1119 | G11: -3843.3113 | H11: -5545.3492 | I11: -10667.15 | J11: -6831.682 | K11: -8706.2767 | L11: -4094.3031 | M11: -596.10543 | N11: =SUM(B11:M11) -> -78434.925
A12: Total - SALES CATERING DISCOUNT - SALES CATERING DISCOUNT | B12: =SUM(B10:B11) -> -207.0682 | C12: =SUM(C10:C11) -> -9214.535 | D12: =SUM(D10:D11) -> -16894.883 | E12: =SUM(E10:E11) -> -8706.2767 | F12: =SUM(F10:F11) -> -10758.134 | G12: =SUM(G10:G11) -> -4611.9736 | H12: =SUM(H10:H11) -> -6654.419 | I12: =SUM(I10:I11) -> -12800.58 | ... N12: =SUM(N10:N11) -> -94121.91
A13: SALES OF GOODS - SALES OF GOODS
A14: 101001 - Sales - Catering | B14: 2300.7578 | C14: 102383.72 | D14: 187720.92 | E14: 96736.408 | F14: 119534.83 | G14: 51244.151 | H14: 73937.989 | I14: 142228.66 | J14: 91089.093 | K14: 116083.69 | L14: 54590.708 | M14: 7948.0724 | N14: =SUM(B14:M14) -> 1045799
A15: Total - SALES OF GOODS - SALES OF GOODS | B15: =SUM(B14) -> 2300.7578 | C15: =SUM(C14) -> 102383.72 | D15: =SUM(D14) -> 187720.92 | E15: =SUM(E14) -> 96736.408 | F15: =SUM(F14) -> 119534.83 | G15: =SUM(G14) -> 51244.151 | H15: =SUM(H14) -> 73937.989 | I15: =SUM(I14) -> 142228.66 | ... N15: =SUM(N14) -> 1045799
A16: Total - Income | B16: =SUM(B12,B15) -> 2093.6896 | C16: =SUM(C12,C15) -> 93169.187 | D16: =SUM(D12,D15) -> 170826.04 | E16: =SUM(E12,E15) -> 88030.131 | F16: =SUM(F12,F15) -> 108776.69 | G16: =SUM(G12,G15) -> 46632.177 | H16: =SUM(H12,H15) -> 67283.57 | I16: =SUM(I12,I15) -> 129428.08 | ... N16: =SUM(N12,N15) -> 951677.09
A17: Cost Of Sales
A18: 201070 - Cost of Goods Sold | B18: 732.79136 | C18: 32609.215 | D18: 59789.113 | E18: 30810.546 | F18: 38071.842 | G18: 16321.262 | H18: 23549.25 | I18: 45299.829 | J18: 29011.876 | K18: 36972.655 | L18: 17387.14 | M18: 2531.4611 | N18: =SUM(B18:M18) -> 333086.98
A19: Total - Cost Of Sales | B19: =SUM(B18) -> 732.79136 | C19: =SUM(C18) -> 32609.215 | D19: =SUM(D18) -> 59789.113 | E19: =SUM(E18) -> 30810.546 | F19: =SUM(F18) -> 38071.842 | G19: =SUM(G18) -> 16321.262 | H19: =SUM(H18) -> 23549.25 | I19: =SUM(I18) -> 45299.829 | ... N19: =SUM(N18) -> 333086.98
A20: Gross Profit | B20: =B16-B19 -> 1360.8982 | C20: =C16-C19 -> 60559.972 | D20: =D16-D19 -> 111036.92 | E20: =E16-E19 -> 57219.585 | F20: =F16-F19 -> 70704.849 | G20: =G16-G19 -> 30310.915 | H20: =H16-H19 -> 43734.321 | I20: =I16-I19 -> 84128.255 | ... N20: =N16-N19 -> 618590.11 | P20: =N20/N16 -> 0.65
A21: Expenses
A22: ADMINISTRATIVE EXPENSES - ADMINISTRATIVE EXPENSES
A23: 305057 - Website | B23: 0 | C23: 0 | D23: 0 | E23: 0 | F23: 0 | G23: 120 | H23: 0 | I23: 410 | J23: 370 | K23: 0 | L23: 0 | M23: 0 | N23: =SUM(B23:M23) -> 900
A24: 305039 - Hire of Bands & DJs | B24: 0 | C24: 300 | D24: 1200 | E24: 900 | F24: 1200 | G24: 0 | H24: 300 | I24: 1200 | J24: 1200 | K24: 6700 | L24: 0 | M24: 0 | N24: =SUM(B24:M24) -> 13000
A25: 305055 - Tavern Entertainment | B25: 0 | C25: 0 | D25: 0 | E25: 0 | F25: 0 | G25: 0 | H25: 0 | I25: 0 | J25: 0 | K25: 0 | L25: 0 | M25: 0 | N25: =SUM(B25:M25) -> 0
A26: 305082 - Pool Table Expenses | B26: 0 | C26: 150 | D26: 0 | E26: 0 | F26: 0 | G26: 0 | H26: 0 | I26: 150 | J26: 0 | K26: 0 | L26: 0 | M26: 0 | N26: =SUM(B26:M26) -> 300
A27: 305083 - Advertising & Promotion | B27: 500 | C27: 1000 | D27: 1000 | E27: 500 | F27: 1000 | G27: 800 | H27: 200 | I27: 1000 | J27: 1000 | K27: 1000 | L27: 500 | M27: 0 | N27: =SUM(B27:M27) -> 8500
A28: 305102 - Bank Charges | B28: 380 | C28: 1400 | D28: 1900 | E28: 1500 | F28: 1800 | G28: 800 | H28: 800 | I28: 1060 | J28: 1000 | K28: 1700 | L28: 1000 | M28: 400 | N28: =SUM(B28:M28) -> 13740
A29: 305108 - Cleaning Contract | B29: 1370 | C29: 1400 | D29: 3500 | E29: 2300 | F29: 1700 | G29: 3000 | H29: 1500 | I29: 2400 | J29: 2250 | K29: 1600 | L29: 1600 | M29: 3000 | N29: =SUM(B29:M29) -> 25620
A30: 305109 - Cleaning Consumables | B30: 0 | C30: 100 | D30: 150 | E30: 50 | F30: 50 | G30: 150 | H30: 50 | I30: 150 | J30: 300 | K30: 150 | L30: 100 | M30: 0 | N30: =SUM(B30:M30) -> 1250
A31: 305111 - Communication Expenses | B31: 140 | C31: 120 | D31: 120 | E31: 120 | F31: 120 | G31: 120 | H31: 120 | I31: 120 | J31: 120 | K31: 120 | L31: 120 | M31: 120 | N31: =SUM(B31:M31) -> 1460
A32: 305112 - Paper Products & Packaging | B32: 0 | C32: 500 | D32: 600 | E32: 800 | F32: 1100 | G32: 400 | H32: 400 | I32: 1100 | J32: 500 | K32: 300 | L32: 300 | M32: 0 | N32: =SUM(B32:M32) -> 6000
A33: 305132 - Utilities | B33: 1150 | C33: 900 | D33: 1050 | E33: 900 | F33: 1050 | G33: 950 | H33: 1500 | I33: 1500 | J33: 900 | K33: 950 | L33: 900 | M33: 1150 | N33: =SUM(B33:M33) -> 12900
A34: 305141 - Equipment Rental | B34: 0 | C34: 0 | D34: 0 | E34: 0 | F34: 0 | G34: 0 | H34: 0 | I34: 0 | J34: 0 | K34: 0 | L34: 0 | M34: 0 | N34: =SUM(B34:M34) -> 0
... A53: 306005 - Depreciation - Property | B53: 1100.73 | C53: 1100.73 | D53: 1100.73 | E53: 1100.73 | F53: 1100.73 | G53: 1100.73 | H53: 1100.73 | I53: 1100.73 | J53: 1100.73 | K53: 1100.73 | L53: 1100.73 | M53: 1100.73 | N53: =SUM(B53:M53) -> 13208.76
A54: Total - ADMINISTRATIVE EXPENSES - ADMINISTRATIVE EXPENSES | B54: =SUM(B23:B53) -> 12374.35 | C54: =SUM(C23:C53) -> 22607.35 | D54: =SUM(D23:D53) -> 23024.35 | E54: =SUM(E23:E53) -> 18757.35 | F54: =SUM(F23:F53) -> 18204.35 | G54: =SUM(G23:G53) -> 18604.35 | H54: =SUM(H23:H53) -> 15134.35 | I54: =SUM(I23:I53) -> 20622.35 | ... N54: =SUM(N23:N53) -> 220846.2
A55: EMPLOYEE BENEFITS EXPENSE - EMPLOYEE BENEFITS EXPENSE
A56: 304001 - Salaries & Wages - Permanent Staff | B56: 6769.7176 | C56: 7126.0186 | D56: 7482.3195 | E56: 7838.6204 | F56: 8194.9213 | G56: 7126.0186 | H56: 8194.9213 | I56: 7838.6204 | J56: 7482.3195 | K56: 8194.9213 | L56: 7482.3195 | M56: 9212.1605 | N56: =SUM(B56:M56) -> 92942.879
A57: 304004 - Salaries & Wages - Other | B57: 600 | C57: 25000 | D57: 43000 | E57: 22000 | F57: 27000 | G57: 12000 | H57: 17000 | I57: 33000 | J57: 21000 | K57: 27000 | L57: 13000 | M57: 2000 | N57: =SUM(B57:M57) -> 242600
A58: 304010 - Superannuation | B58: 1485.8536 | C58: 4436.4841 | D58: 6632.7145 | E58: 4231.82 | F58: 4895.6755 | G58: 2904.1091 | H58: 3804.0505 | I58: 5697.57 | J58: 4147.0895 | K58: 5034.0505 | L58: 3163.0895 | M58: 2124.9395 | N58: =SUM(B58:M58) -> 48557.446
A59: 304013 - Workers Compensation Insurance | B59: 77.575313 | C59: 318.94572 | D59: 497.99613 | E59: 297.28405 | F59: 349.74696 | G59: 192.35822 | H59: 252.37196 | I59: 404.39655 | J59: 283.77113 | K59: 349.74696 | L59: 205.87113 | M59: 102.53405 | N59: =SUM(B59:M59) -> 3332.5982
A60: 304016 - Annual Leave Provision | B60: 710.26 | C60: 644.06506 | D60: 676.26831 | E60: 708.47156 | F60: 740.67482 | G60: 644.06506 | H60: 740.67482 | I60: 708.47156 | J60: 676.26831 | K60: 740.67482 | L60: 676.26831 | M60: 708.47156 | N60: =SUM(B60:M60) -> 8374.6342
A61: 304019 - Long Service Leave Provision | B61: 348.77344 | C61: 803.15046 | D61: 1262.058 | E61: 745.96551 | F61: 879.87303 | G61: 478.15046 | H61: 629.87303 | I61: 1020.9655 | J61: 712.05799 | K61: 879.87303 | L61: 512.05799 | M61: 245.96551 | N61: =SUM(B61:M61) -> 8518.764
A62: Total - EMPLOYEE BENEFITS EXPENSE - EMPLOYEE BENEFITS EXPENSE | B62: =SUM(B56:B61) -> 9992.18 | C62: =SUM(C56:C61) -> 38328.664 | D62: =SUM(D56:D61) -> 59551.356 | E62: =SUM(E56:E61) -> 35822.162 | F62: =SUM(F56:F61) -> 42060.892 | G62: =SUM(G56:G61) -> 23344.701 | H62: =SUM(H56:H61) -> 30621.892 | I62: =SUM(I56:I61) -> 48670.024 | ... N62: =SUM(N56:N61) -> 404326.32 | P62: =N62/N16 -> 0.42485663
A63: Total - Expenses | B63: =SUM(B54,B62) -> 22366.53 | C63: =SUM(C54,C62) -> 60936.014 | D63: =SUM(D54,D62) -> 82575.706 | E63: =SUM(E54,E62) -> 54579.512 | F63: =SUM(F54,F62) -> 60265.242 | G63: =SUM(G54,G62) -> 41949.051 | H63: =SUM(H54,H62) -> 45756.242 | I63: =SUM(I54,I62) -> 69292.374 | ... N63: =SUM(N54,N62) -> 625172.52
A64: Operating Profit | B64: =B20-B63 -> -21005.632 | C64: =C20-C63 -> -376.04227 | D64: =D20-D63 -> 28461.218 | E64: =E20-E63 -> 2640.0735 | F64: =F20-F63 -> 10439.608 | G64: =G20-G63 -> -11638.136 | H64: =H20-H63 -> -2021.9209 | I64: =I20-I63 -> 14835.881 | ... N64: =N20-N63 -> -6582.4127
A65: Other Income
A66: OTHER INCOME - OTHER INCOME
A67: 103001 - Advertising Income | B67: 0 | C67: 0 | D67: 0 | E67: 0 | F67: 0 | G67: 0 | H67: 0 | I67: 0 | J67: 0 | K67: 0 | L67: 0 | M67: 0 | N67: =SUM(B67:M67) -> 0
A68: 103069 - Sundry Income | B68: 0 | C68: 350 | D68: 1500 | E68: 1500 | F68: 1000 | G68: 0 | H68: 0 | I68: 1000 | J68: 500 | K68: 0 | L68: 0 | M68: 0 | N68: =SUM(B68:M68) -> 5850
A69: 103075 - Sponsorship | B69: 0 | C69: 772.2 | D69: 2316.6 | E69: 1663.2 | F69: 1960.2 | G69: 891 | H69: 772.2 | I69: 1544.4 | J69: 2376 | K69: 1603.8 | L69: 1188 | M69: 0 | N69: =SUM(B69:M69) -> 15087.6
A70: 103085 - Bank Charges Income | B70: 25.308336 | C70: 1126.2209 | D70: 2064.9301 | E70: 1064.1005 | F70: 1314.8831 | G70: 563.68566 | H70: 813.31788 | I70: 1564.5153 | J70: 1001.98 | K70: 1276.9206 | L70: 600.49779 | M70: 87.428796 | N70: =SUM(B70:M70) -> 11503.789
A71: Total - OTHER INCOME - OTHER INCOME | B71: =SUM(B67:B70) -> 25.308336 | C71: =SUM(C67:C70) -> 2248.4209 | D71: =SUM(D67:D70) -> 5881.5301 | E71: =SUM(E67:E70) -> 4227.3005 | F71: =SUM(F67:F70) -> 4275.0831 | G71: =SUM(G67:G70) -> 1454.6857 | H71: =SUM(H67:H70) -> 1585.5179 | I71: =SUM(I67:I70) -> 4108.9153 | ... N71: =SUM(N67:N70) -> 32441.389
A72: REBATE INCOME - REBATE INCOME
A73: 103064 - Rebates - Catering | B73: 0 | C73: 1000 | D73: 3600 | E73: 1800 | F73: 2700 | G73: 1200 | H73: 1500 | I73: 2200 | J73: 1700 | K73: 2450 | L73: 1300 | M73: 350 | N73: =SUM(B73:M73) -> 19800
A74: Total - REBATE INCOME - REBATE INCOME | B74: =SUM(B73) -> 0 | C74: =SUM(C73) -> 1000 | D74: =SUM(D73) -> 3600 | E74: =SUM(E73) -> 1800 | F74: =SUM(F73) -> 2700 | G74: =SUM(G73) -> 1200 | H74: =SUM(H73) -> 1500 | I74: =SUM(I73) -> 2200 | ... N74: =SUM(N73) -> 19800
A75: RENTAL - PROPERTY & EQUIPMENT INCOME - RENTAL - PROPERTY & EQUIPMENT INCOME
A76: 103070 - Venue Hire | B76: 0 | C76: 400 | D76: 3500 | E76: 2000 | F76: 2200 | G76: 400 | H76: 600 | I76: 1700 | J76: 1200 | K76: 1600 | L76: 1900 | M76: 500 | N76: =SUM(B76:M76) -> 16000
A77: 103082 - Pool Table Income | B77: 0 | C77: 100 | D77: 300 | E77: 250 | F77: 400 | G77: 80 | H77: 100 | I77: 250 | J77: 300 | K77: 300 | L77: 100 | M77: 0 | N77: =SUM(B77:M77) -> 2180
A78: Total - RENTAL - PROPERTY & EQUIPMENT INCOME - RENTAL - PROPERTY & EQUIPMENT INCOME | B78: =SUM(B76:B77) -> 0 | C78: =SUM(C76:C77) -> 500 | D78: =SUM(D76:D77) -> 3800 | E78: =SUM(E76:E77) -> 2250 | F78: =SUM(F76:F77) -> 2600 | G78: =SUM(G76:G77) -> 480 | H78: =SUM(H76:H77) -> 700 | I78: =SUM(I76:I77) -> 1950 | ... N78: =SUM(N76:N77) -> 18180
A79: Total - Other Income | B79: =SUM(B71,B74,B78) -> 25.308336 | C79: =SUM(C71,C74,C78) -> 3748.4209 | D79: =SUM(D71,D74,D78) -> 13281.53 | E79: =SUM(E71,E74,E78) -> 8277.3005 | F79: =SUM(F71,F74,F78) -> 9575.0831 | G79: =SUM(G71,G74,G78) -> 3134.6857 | H79: =SUM(H71,H74,H78) -> 3785.5179 | I79: =SUM(I71,I74,I78) -> 8258.9153 | ... N79: =SUM(N71,N74,N78) -> 70421.389
A80: Net Profit/(Loss) | B80: =B64+B79+0 -> -20980.323 | C80: =C64+C79+0 -> 3372.3787 | D80: =D64+D79+0 -> 41742.748 | E80: =E64+E79+0 -> 10917.374 | F80: =F64+F79+0 -> 20014.691 | G80: =G64+G79+0 -> -8503.4504 | H80: =H64+H79+0 -> 1763.597 | I80: =I64+I79+0 -> 23094.796 | ... N80: =N64+N79+0 -> 63838.976

Sheet CAT OUT
C1: Consolidated CATERING OUTLET SUMMARY
D2: % | E2: 2023 Budget Revenue | F2: 2024 Budget W/ Cost Allocation | G2: 2025 Budget | H2: 2024 Actual (Fcst) | I2: 2024 Budget | J2: 2023 Actual | K2: 2023 Budget | L2: 2022 Actual | M2: 2022 Budget | N2: 2021 Actual | O2: 2021 Budget | P2: 2020 Actual | Q2: 2020 Budget | R2: 2019 Actual | S2: 2019 Budget | T2: Comments
A3: Total - SALES OF GOODS - SALES OF GOODS | B3: Net Profit/(Loss) | C3: BUSINESS SCHOOL | D3: =E3/$E$18 -> 0 | E3: =VLOOKUP(A3,'[2]BUSINESS SCHOOL'!1:1048576,14,FALSE) -> 0 | F3: =G3+('[2]Catering Admin Allocation'!I8) -> 22169.128 | G3: =VLOOKUP(B3,'[2]BUSINESS SCHOOL'!1:1048576,14,FALSE) -> 22169.128 | H3: 25266.16 | I3: 58854.73 | J3: -15464.85 | K3: -5017.4818 | L3: -26825.82 | M3: 1407.3368 | N3: -1366.67 | P3: -26664.37 | Q3: 0 | R3: -2955.04 | S3: 0
A4: Total - SALES OF GOODS - SALES OF GOODS | B4: Net Profit/(Loss) | C4: CATALYST | D4: =E4/$E$18 -> 0 | E4: =VLOOKUP(A4,[2]CATALYST!1:1048576,14,FALSE) -> 0 | F4: =G4+('[2]Catering Admin Allocation'!I9) -> 99333.504 | G4: =VLOOKUP(B4,[2]CATALYST!1:1048576,14,FALSE) -> 99333.504 | H4: 180445.75 | I4: 150380.82 | J4: 78129.58 | K4: 90730.066 | L4: 56084.4 | M4: 115115.88 | N4: 85337.36 | O4: 102852.01 | P4: 174330.48 | Q4: 95417.984 | R4: 135051.54 | S4: 81899.71
A5: Total - SALES OF GOODS - SALES OF GOODS | B5: Net Profit/(Loss) | C5: DENTISTRY | D5: =E5/$E$18 -> 0 | E5: =VLOOKUP(A5,[2]DENTISTRY!1:1048576,14,FALSE) -> 0 | F5: =G5+('[2]Catering Admin Allocation'!I10) -> 38394.799 | G5: =VLOOKUP(B5,[2]DENTISTRY!1:1048576,14,FALSE) -> 38394.799 | H5: 45708.23 | I5: 43717.69 | J5: 21416.89 | K5: 21920.636 | L5: 15753.32 | M5: 30881.998 | N5: 38941.11 | O5: 23033.417 | P5: 56350.63 | Q5: 22902.863 | R5: 32369.62 | S5: 28795.86
A6: Total - SALES OF GOODS - SALES OF GOODS | B6: Net Profit/(Loss) | C6: NEDLANDS | D6: =E6/$E$18 -> 0.059422468 | E6: =VLOOKUP(A6,[2]NEDLANDS!1:1048576,14,FALSE) -> 66070 | F6: =G6+('[2]Catering Admin Allocation'!I11) -> -128504.58 | G6: =VLOOKUP(B6,[2]NEDLANDS!1:1048576,14,FALSE) -> 212.22688 | H6: 4963.05 | I6: 797.02 | J6: 1014.47 | K6: 67.3875 | L6: 1620.86 | M6: 733.34485 | N6: -5354.52 | P6: -14099.64 | R6: -22573.34
A7: Total - SALES OF GOODS - SALES OF GOODS | B7: Net Profit/(Loss) | C7: HACKETT | D7: =E7/$E$18 -> 0 | E7: =VLOOKUP(A7,[2]HACKETT!1:1048576,14,FALSE) -> 0 | F7: =G7+('[2]Catering Admin Allocation'!I12) -> 22000.897 | G7: =VLOOKUP(B7,[2]HACKETT!1:1048576,14,FALSE) -> 22000.897 | H7: 39282.95 | I7: 67603.31 | J7: -37241.35 | K7: -5640.9352 | L7: -5904.85 | M7: 13372.714 | N7: 12249.52 | O7: -19211.387 | P7: 12097.76 | Q7: 10485.448 | R7: -13446.75 | S7: -4683.49
A8: Total - SALES OF GOODS - SALES OF GOODS | B8: Net Profit/(Loss) | C8: QUOBBA | D8: =E8/$E$18 -> 0 | E8: =VLOOKUP(A8,[2]QUOBBA!1:1048576,14,FALSE) -> 0 | F8: =G8+('[2]Catering Admin Allocation'!I13) -> 418048.51 | G8: =VLOOKUP(B8,[2]QUOBBA!1:1048576,14,FALSE) -> 418048.51 | H8: 157062.14 | I8: 178141.88 | J8: 338433.84 | K8: 340083.43 | L8: 242661.34 | M8: 302625.96 | N8: 275002.26 | O8: 316672.7 | P8: 386534.99 | Q8: 355265.57 | R8: 429332.17 | S8: 282827.71
A9: Total - SALES OF GOODS - SALES OF GOODS | H9: 0 | L9: =SUM(L3:L8) -> 283389.25 | M9: =SUM(M3:M8) -> 464137.23 | N9: =SUM(N3:N8) -> 404809.06 | O9: =SUM(O3:O8) -> 423346.73 | P9: =SUM(P3:P8) -> 588549.85 | Q9: =SUM(Q3:Q8) -> 484071.86 | R9: =SUM(R3:R8) -> 557778.2 | S9: =SUM(S3:S8) -> 388839.79
A10: Total - SALES OF GOODS - SALES OF GOODS | B10: Net Profit/(Loss) | C10: CATERING ADMIN | E10: 0 | G10: =VLOOKUP(B10,'[2] CATERING ADMIN'!1:1048576,14,FALSE) -> -354390.15 | H10: -306326.28 | I10: -300651.63 | J10: -255487.98 | K10: -308089.3 | L10: -190860.67 | M10: -290871.05 | N10: -253229.13 | O10: -290284.93 | P10: -219115.12 | Q10: -276843.74 | R10: -368194.22 | S10: -302457.43
A11: Total - SALES OF GOODS - SALES OF GOODS | B11: Net Profit/(Loss) | C11: FUNCTIONS | D11: =E11/$E$18 -> 0.3380785 | E11: =VLOOKUP(A11,[2]FUNCTIONS!1:1048576,14,FALSE) -> 375899 | F11: =G11+('[2]Catering Admin Allocation'!I17) -> 32450.036 | G11: =VLOOKUP(B11,[2]FUNCTIONS!1:1048576,14,FALSE) -> 71316.694 | H11: 100367.27 | I11: 59491.6 | J11: 49833.93 | K11: 54773.103 | L11: 44879.04 | M11: 42915.627 | N11: -14404.23 | O11: 75019.156 | P11: 18129.48 | Q11: 70837.972 | R11: 89883 | S11: 70507.61
A12: Total - SALES OF GOODS - SALES OF GOODS | B12: Net Profit/(Loss) | C12: KITCHEN | E12: 0 | F12: =G12 -> -176744.12 | G12: =VLOOKUP(B12,[2]KITCHEN!1:1048576,14,FALSE) -> -176744.12 | H12: -202943.4 | I12: -184146.46 | J12: -158347.45 | K12: -171547.21 | L12: -124183.47 | M12: -185012.35 | N12: -172330.73 | O12: -185090.44 | P12: -143684.18 | Q12: -184891.5 | R12: -199347.24 | S12: -202482.82
A13: Total - SALES OF GOODS - SALES OF GOODS | B13: Net Profit/(Loss) | C13: Total (ex Tavern) | E13: =SUM(E3:E10) -> 66070 | F13: =SUM(F3:F12) -> 327148.17 | G13: =SUM(G3:G12) -> 140341.49 | H13: =SUM(H3:H12) -> 43825.87 | I13: =SUM(I3:I9,I10) -> 198843.82 | J13: =SUM(J3:J12) -> 22287.08 | K13: =SUM(K3:K12) -> 17279.705 | L13: =SUM(L9,L10) -> 92528.58 | M13: =SUM(M9,M10) -> 173266.18 | N13: =SUM(N9,N10) -> 151579.93 | O13: =SUM(O9,O10) -> 133061.8 | P13: =SUM(P9,P10) -> 369434.73 | Q13: =SUM(Q9,Q10) -> 207228.12 | R13: =SUM(R9,R10) -> 189583.98 | S13: =SUM(S9,S10) -> 86382.36
A15: Total - SALES OF GOODS - SALES OF GOODS | B15: Net Profit/(Loss) | C15: TAVERN | D15: =E15/$E$18 -> 0.94057753 | E15: =VLOOKUP(A15,[2]TAVERN!1:1048576,14,FALSE) -> 1045799 | F15: =G15+('[2]Catering Admin Allocation'!I16) -> -122967.71 | G15: =VLOOKUP(B15,[2]TAVERN!1:1048576,14,FALSE) -> 63838.976 | H15: -30195.97 | I15: 61759.88 | J15: 6299.86 | K15: 39440.408 | L15: -31429.05 | M15: 14639.97 | N15: -9676.12 | O15: 15234.45 | P15: 58308.91 | Q15: 23161.69 | R15: -2318.29 | S15: 39628.05
C16: Total Tavern, Kitchen and Functions | F16: =SUM(F15) -> -122967.71 | G16: =SUM(G15) -> 63838.976 | H16: =SUM(H15) -> -30195.97 | I16: =SUM(I15) -> 61759.88 | J16: =SUM(J15) -> 6299.86 | K16: =SUM(K15) -> 39440.408
C18: Total Catering | D18: =SUM(D3:D15) -> 1.3380785 | E18: =SUM(E13:E15) -> 1111869 | F18: =SUM(F13,F16) -> 204180.46 | G18: =SUM(G13,G16) -> 204180.46 | H18: =SUM(H16,H13) -> 13629.9 | I18: =SUM(I13:I15) -> 260603.7 | J18: =SUM(J13,J16) -> 28586.94 | K18: =SUM(K13:K15) -> 56720.113 | L18: =SUM(L13:L15) -> 61099.53 | M18: =SUM(M13:M15) -> 187906.15 | N18: =SUM(N13:N15) -> 141903.81 | O18: =SUM(O13:O15) -> 148296.25 | P18: =SUM(P13:P15) -> 427743.64 | Q18: =SUM(Q13:Q15) -> 230389.81 | R18: =SUM(R13:R15) -> 187265.69 | S18: =SUM(S13:S15) -> 126010.41
P19: Jobkeeper
C21: Catering Snapshot | F21: 2024 Budget | G21: 2023 Actual (Jan-Oct) | J21: 2023 Budget | K21: 2022 Actual | L21: 2021 Actual | M21: 2020 Actual | N21: 2019 Actual
B22: Total - SALES OF GOODS - SALES OF GOODS | C22: Revenue | F22: ='[2]BUSINESS SCHOOL'!N11+[2]CATALYST!N13+[2]DENTISTRY!N13+[2]NEDLANDS!N13+[2]FUNCTIONS!N12+[2]HACKETT!N13+[2]QUOBBA!N13+[2]TAVERN!N15 -> 1487768 | G22: 4220326 | J22: 4354350 | K22: 3720732 | L22: 4143927 | M22: 3366966 | N22: 6107752
B23: Total - SALES CATERING DISCOUNT - SALES CATERING DISCOUNT | C23: Discount | F23: =[2]TAVERN!N12 -> -94121.91 | G23: -245184 | J23: -10000 | K23: -155444 | L23: -175310 | M23: -148666 | N23: -477897
B24: Total - Cost Of Sales | C24: COGS | F24: =-SUM('[2]BUSINESS SCHOOL'!N21,[2]CATALYST!N23,[2]DENTISTRY!N23,[2]NEDLANDS!N23,[2]FUNCTIONS!N15,[2]HACKETT!N23,[2]QUOBBA!N23,[2]TAVERN!N19) -> -613887.9 | G24: -1467789 | J24: -1499041 | K24: -1300130 | L24: -1488438 | M24: -1233886 | N24: -2342286
F25: =F24/F22 -> -0.41262341 | G25: =G24/G22 -> -0.34779043
B26: Total - EMPLOYEE BENEFITS EXPENSE - EMPLOYEE BENEFITS EXPENSE | C26: Employee Expenditure | F26: =-SUM('[2]BUSINESS SCHOOL'!N51,[2]CATALYST!N56,[2]DENTISTRY!N55,[2]NEDLANDS!N55,[2]FUNCTIONS!N46,[2]HACKETT!N55,[2]KITCHEN!N39,[2]QUOBBA!N53,'[2] CATERING ADMIN'!N37,[2]TAVERN!N61) -> -1766591.7 | G26: -2058177 | J26: -2216050 | K26: -1980752 | L26: -2043200 | M26: -1180688 | N26: -2470216
F27: =F26/F22 -> -1.1874107 | G27: =G26/G22 -> -0.48768199
B28: Total - ADMINISTRATIVE EXPENSES - ADMINISTRATIVE EXPENSES | C28: Selling and Other Expenses | F28: =-SUM('[2]BUSINESS SCHOOL'!N43,[2]CATALYST!N48,[2]DENTISTRY!N47,[2]NEDLANDS!N45,[2]FUNCTIONS!N38,[2]KITCHEN!N31,[2]QUOBBA!N45,'[2] CATERING ADMIN'!N30,[2]TAVERN!N53,[2]HACKETT!N47) -> -353634.35 | G28: -507509 | J28: -664093 | K28: -512620 | L28: -647945 | M28: -622762 | N28: -902332
B29: Total - Other Income | C29: Other Income and expenses | F29: =SUM([2]NEDLANDS!N62,[2]FUNCTIONS!N61,[2]TAVERN!N77) -> 87855 | G29: 169042 | J29: 93056 | K29: 141313 | L29: 162380 | M29: 116613 | N29: 180833
C31: Net Profit | F31: =SUM(F22:F30) -> -1252614.4 | G31: =SUM(G22:G29) -> 110708.16 | J31: =SUM(J22:J29) -> 58222 | K31: =SUM(K22:K29) -> -86901 | L31: =SUM(L22:L29) -> -48586 | M31: =SUM(M22:M29) -> 297577 | N31: =SUM(N22:N29) -> 95854
C32: GP% | F32: =(F22+F24)/F22 -> 0.58737659 | G32: =(G22+G24)/G22 -> 0.65220957 | J32: =(J22+J24)/J22 -> 0.65573714 | K32: =(K22+K24)/K22 -> 0.65057145 | L32: =(L22+L24)/L22 -> 0.64081462 | M32: =(M22+M24)/M22 -> 0.63353179 | N32: =(N22+N24)/N22 -> 0.61650604
C33: Employee expenditure % | F33: =F26/F22 -> -1.1874107 | G33: =G26/G22 -> -0.48768199 | J33: =J26/J22 -> -0.50892785 | K33: =K26/K22 -> -0.53235546 | L33: =L26/L22 -> -0.49305888 | M33: =M26/M22 -> -0.35066823 | N33: =N26/N22 -> -0.40443947
C34: Net Profit % | F34: =F31/F22 -> -0.84194203 | G34: =G31/G22 -> 0.026232136 | J34: =J31/J22 -> 0.013370997 | K34: =K31/K22 -> -0.023355888 | L34: =L31/L22 -> -0.011724627 | M34: =M31/M22 -> 0.08838135 | N34: =N31/N22 -> 0.015693826
M36: Jobkeeper
F38: =F18-F31 -> 1456794.9

Sheet PRES
A1: Guild of Undergraduates
A2: Budget Profit and Loss
A3: FY 2025
A4: PRESIDENTIAL
A6: Financial Row | B6: 45658 | C6: 45689 | D6: 45717 | E6: 45748 | F6: 45778 | G6: 45809 | H6: 45839 | I6: 45870 | J6: 45901 | K6: 45931 | L6: 45962 | M6: 45992 | N6: Total
B7: Amount | C7: Amount | D7: Amount | E7: Amount | F7: Amount | G7: Amount | H7: Amount | I7: Amount | J7: Amount | K7: Amount | L7: Amount | M7: Amount | N7: Amount
A8: Gross Profit | B8: =0-0 -> 0 | C8: =0-0 -> 0 | D8: =0-0 -> 0 | E8: =0-0 -> 0 | F8: =0-0 -> 0 | G8: =0-0 -> 0 | H8: =0-0 -> 0 | I8: =0-0 -> 0 | ... N8: =0-0 -> 0
A9: Expenses
A10: ADMINISTRATIVE EXPENSES - ADMINISTRATIVE EXPENSES
A11: 305108 - Cleaning Contract | B11: 15 | C11: 15 | D11: 15 | E11: 15 | F11: 15 | G11: 15 | H11: 15 | I11: 15 | J11: 15 | K11: 15 | L11: 15 | M11: 15 | N11: =SUM(B11:M11) -> 180
A12: 305111 - Communication Expenses | B12: 20 | C12: 20 | D12: 20 | E12: 20 | F12: 20 | G12: 20 | H12: 20 | I12: 20 | J12: 20 | K12: 20 | L12: 20 | M12: 20 | N12: =SUM(B12:M12) -> 240
A13: 305114 - Computer Expenses | B13: 0 | C13: 0 | D13: 0 | E13: 0 | F13: 0 | G13: 0 | H13: 0 | I13: 0 | J13: 0 | K13: 0 | L13: 0 | M13: 0 | N13: =SUM(B13:M13) -> 0
A14: 305117 - Conferences | B14: 0 | C14: 0 | D14: 0 | E14: 0 | F14: 0 | G14: 2000 | H14: 2000 | I14: 0 | J14: 0 | K14: 0 | L14: 0 | M14: 0 | N14: =SUM(B14:M14) -> 4000
A15: 305132 - Utilities | B15: 25 | C15: 25 | D15: 25 | E15: 25 | F15: 25 | G15: 25 | H15: 25 | I15: 25 | J15: 25 | K15: 25 | L15: 25 | M15: 25 | N15: =SUM(B15:M15) -> 300
A16: 305147 - General Expenses | B16: 500 | C16: 0 | D16: 0 | E16: 0 | F16: 0 | G16: 0 | H16: 0 | I16: 0 | J16: 0 | K16: 0 | L16: 0 | M16: 0 | N16: =SUM(B16:M16) -> 500
A17: 305155 - Interior decoration | B17: 0 | C17: 0 | D17: 0 | E17: 0 | F17: 0 | G17: 0 | H17: 0 | I17: 0 | J17: 0 | K17: 0 | L17: 0 | M17: 0 | N17: =SUM(B17:M17) -> 0
A18: 305165 - Motor Vehicle Expenses | B18: 0 | C18: 0 | D18: 1000 | E18: 0 | F18: 0 | G18: 0 | H18: 0 | I18: 0 | J18: 0 | K18: 0 | L18: 0 | M18: 0 | N18: =SUM(B18:M18) -> 1000
A19: 305180 - Printing & Stationery | B19: 0 | C19: 0 | D19: 0 | E19: 0 | F19: 0 | G19: 0 | H19: 0 | I19: 0 | J19: 0 | K19: 0 | L19: 0 | M19: 0 | N19: =SUM(B19:M19) -> 0
A20: 305187 - Software Digital | B20: 20 | C20: 20 | D20: 20 | E20: 20 | F20: 20 | G20: 20 | H20: 20 | I20: 20 | J20: 20 | K20: 20 | L20: 20 | M20: 20 | N20: =SUM(B20:M20) -> 240
A21: 305207 - Special Projects | B21: 15000 | C21: 4000 | D21: 2000 | E21: 2000 | F21: 2000 | G21: 2000 | H21: 2000 | I21: 2000 | J21: 2000 | K21: 2000 | L21: 0 | M21: 0 | N21: =SUM(B21:M21) -> 35000
A22: 306004 - Depreciation - Computer Equipment | B22: 0 | C22: 0 | D22: 0 | E22: 0 | F22: 0 | G22: 0 | H22: 0 | I22: 0 | J22: 0 | K22: 0 | L22: 0 | M22: 0 | N22: =SUM(B22:M22) -> 0
A23: Total - ADMINISTRATIVE EXPENSES - ADMINISTRATIVE EXPENSES | B23: =SUM(B11:B22) -> 15580 | C23: =SUM(C11:C22) -> 4080 | D23: =SUM(D11:D22) -> 3080 | E23: =SUM(E11:E22) -> 2080 | F23: =SUM(F11:F22) -> 2080 | G23: =SUM(G11:G22) -> 4080 | H23: =SUM(H11:H22) -> 4080 | I23: =SUM(I11:I22) -> 2080 | ... N23: =SUM(N11:N22) -> 41460
A24: EMPLOYEE BENEFITS EXPENSE - EMPLOYEE BENEFITS EXPENSE
A25: 304001 - Salaries & Wages - Permanent Staff | B25: 3466.2272 | C25: 3648.6602 | D25: 3831.0932 | E25: 4013.5262 | F25: 4195.9592 | G25: 3648.6602 | H25: 4195.9592 | I25: 4013.5262 | J25: 3831.0932 | K25: 4195.9592 | L25: 3831.0932 | M25: 4013.5262 | N25: =SUM(B25:M25) -> 46885.284
A26: 304010 - Superannuation | B26: 436.61051 | C26: 459.59001 | D26: 482.56951 | E26: 505.54901 | F26: 528.52851 | G26: 459.59001 | H26: 528.52851 | I26: 505.54901 | J26: 482.56951 | K26: 528.52851 | L26: 482.56951 | M26: 505.54901 | N26: =SUM(B26:M26) -> 5905.7316
A27: 304013 - Workers Compensation Insurance | B27: 36.728596 | C27: 38.66168 | D27: 40.594764 | E27: 42.527848 | F27: 44.460932 | G27: 38.66168 | H27: 44.460932 | I27: 42.527848 | J27: 40.594764 | K27: 44.460932 | L27: 40.594764 | M27: 42.527848 | N27: =SUM(B27:M27) -> 496.80259
A28: 304016 - Annual Leave Provision | B28: 313.28515 | C28: 329.77384 | D28: 346.26254 | E28: 362.75123 | F28: 379.23992 | G28: 329.77384 | H28: 379.23992 | I28: 362.75123 | J28: 346.26254 | K28: 379.23992 | L28: 346.26254 | M28: 362.75123 | N28: =SUM(B28:M28) -> 4237.5939
A29: 304019 - Long Service Leave Provision | B29: 86.65568 | C29: 91.216505 | D29: 95.77733 | E29: 100.33816 | F29: 104.89898 | G29: 91.216505 | H29: 104.89898 | I29: 100.33816 | J29: 95.77733 | K29: 104.89898 | L29: 95.77733 | M29: 100.33816 | N29: =SUM(B29:M29) -> 1172.1321
A30: Total - EMPLOYEE BENEFITS EXPENSE - EMPLOYEE BENEFITS EXPENSE | B30: =SUM(B25:B29) -> 4339.5071 | C30: =SUM(C25:C29) -> 4567.9022 | D30: =SUM(D25:D29) -> 4796.2973 | E30: =SUM(E25:E29) -> 5024.6925 | F30: =SUM(F25:F29) -> 5253.0876 | G30: =SUM(G25:G29) -> 4567.9022 | H30: =SUM(H25:H29) -> 5253.0876 | I30: =SUM(I25:I29) -> 5024.6925 | ... N30: =SUM(N25:N29) -> 58697.544
A31: Total - Expenses | B31: =SUM(B23,B30) -> 19919.507 | C31: =SUM(C23,C30) -> 8647.9022 | D31: =SUM(D23,D30) -> 7876.2973 | E31: =SUM(E23,E30) -> 7104.6925 | F31: =SUM(F23,F30) -> 7333.0876 | G31: =SUM(G23,G30) -> 8647.9022 | H31: =SUM(H23,H30) -> 9333.0876 | I31: =SUM(I23,I30) -> 7104.6925 | ... N31: =SUM(N23,N30) -> 100157.54
A32: Operating Profit | B32: =B8-B31 -> -19919.507 | C32: =C8-C31 -> -8647.9022 | D32: =D8-D31 -> -7876.2973 | E32: =E8-E31 -> -7104.6925 | F32: =F8-F31 -> -7333.0876 | G32: =G8-G31 -> -8647.9022 | H32: =H8-H31 -> -9333.0876 | I32: =I8-I31 -> -7104.6925 | ... N32: =N8-N31 -> -100157.54
A33: Other Income
A34: OTHER INCOME - OTHER INCOME
A35: 103028 - Grant Income Received | B35: 0 | C35: 0 | D35: 0 | E35: 0 | F35: 0 | G35: 0 | H35: 0 | I35: 0 | J35: 0 | K35: 0 | L35: 0 | M35: 0 | N35: =SUM(B35:M35) -> 0
A36: Total - OTHER INCOME - OTHER INCOME | B36: =SUM(B35) -> 0 | C36: =SUM(C35) -> 0 | D36: =SUM(D35) -> 0 | E36: =SUM(E35) -> 0 | F36: =SUM(F35) -> 0 | G36: =SUM(G35) -> 0 | H36: =SUM(H35) -> 0 | I36: =SUM(I35) -> 0 | ... N36: =SUM(N35) -> 0
A37: Total - Other Income | B37: =SUM(B36) -> 0 | C37: =SUM(C36) -> 0 | D37: =SUM(D36) -> 0 | E37: =SUM(E36) -> 0 | F37: =SUM(F36) -> 0 | G37: =SUM(G36) -> 0 | H37: =SUM(H36) -> 0 | I37: =SUM(I36) -> 0 | ... N37: =SUM(N36) -> 0
A38: Net Profit/(Loss) | B38: =B32+B37+0 -> -19919.507 | C38: =C32+C37+0 -> -8647.9022 | D38: =D32+D37+0 -> -7876.2973 | E38: =E32+E37+0 -> -7104.6925 | F38: =F32+F37+0 -> -7333.0876 | G38: =G32+G37+0 -> -8647.9022 | H38: =H32+H37+0 -> -9333.0876 | I38: =I32+I37+0 -> -7104.6925 | ... N38: =N32+N37+0 -> -100157.54

Sheet GC
A1: Guild of Undergraduates
A2: Budget Profit and Loss
A3: FY 2025
A4: GUILD COUNCIL
A6: Financial Row | B6: 45658 | C6: 45689 | D6: 45717 | E6: 45748 | F6: 45778 | G6: 45809 | H6: 45839 | I6: 45870 | J6: 45901 | K6: 45931 | L6: 45962 | M6: 45992 | N6: Total
B7: Amount | C7: Amount | D7: Amount | E7: Amount | F7: Amount | G7: Amount | H7: Amount | I7: Amount | J7: Amount | K7: Amount | L7: Amount | M7: Amount | N7: Amount
A8: Gross Profit | B8: =0-0 -> 0 | C8: =0-0 -> 0 | D8: =0-0 -> 0 | E8: =0-0 -> 0 | F8: =0-0 -> 0 | G8: =0-0 -> 0 | H8: =0-0 -> 0 | I8: =0-0 -> 0 | ... N8: =0-0 -> 0
A9: Expenses
A10: ADMINISTRATIVE EXPENSES - ADMINISTRATIVE EXPENSES
A11: 305023 - Student Rep Induction conference | B11: 0 | C11: 0 | D11: 0 | E11: 0 | F11: 0 | G11: 1000 | H11: 0 | I11: 0 | J11: 0 | K11: 0 | L11: 0 | M11: 3000 | N11: =SUM(B11:M11) -> 4000
A12: 305044 - Special Projects-MCW | B12: 0 | C12: 0 | D12: 0 | E12: 0 | F12: 0 | G12: 0 | H12: 0 | I12: 0 | J12: 0 | K12: 0 | L12: 0 | M12: 9500 | N12: =SUM(B12:M12) -> 9500
A13: 305057 - Website | B13: 1700 | C13: 1700 | D13: 1700 | E13: 1700 | F13: 1700 | G13: 1700 | H13: 1700 | I13: 1700 | J13: 1700 | K13: 1700 | L13: 1700 | M13: 1700 | N13: =SUM(B13:M13) -> 20400
A14: 305063 - Handbooks | B14: 1000 | C14: 0 | D14: 0 | E14: 0 | F14: 0 | G14: 0 | H14: 0 | I14: 0 | J14: 0 | K14: 0 | L14: 0 | M14: 0 | N14: =SUM(B14:M14) -> 1000
A15: 305080 - Activities and Functions | B15: 1000 | C15: 0 | D15: 0 | E15: 0 | F15: 0 | G15: 0 | H15: 0 | I15: 0 | J15: 0 | K15: 0 | L15: 0 | M15: 0 | N15: =SUM(B15:M15) -> 1000
A16: 305083 - Advertising & Promotion | B16: 0 | C16: 1000 | D16: 0 | E16: 0 | F16: 0 | G16: 0 | H16: 0 | I16: 0 | J16: 0 | K16: 0 | L16: 0 | M16: 0 | N16: =SUM(B16:M16) -> 1000
A17: 305096 - Bad Debt Provision | B17: 0 | C17: 0 | D17: 0 | E17: 0 | F17: 0 | G17: 0 | H17: 0 | I17: 0 | J17: 0 | K17: 0 | L17: 0 | M17: 5000 | N17: =SUM(B17:M17) -> 5000
A18: 305108 - Cleaning Contract | B18: 2500 | C18: 2500 | D18: 2500 | E18: 2500 | F18: 2500 | G18: 2500 | H18: 2500 | I18: 2500 | J18: 2500 | K18: 2500 | L18: 2500 | M18: 2500 | N18: =SUM(B18:M18) -> 30000
A19: 305114 - Computer Expenses | B19: 0 | C19: 0 | D19: 0 | E19: 0 | F19: 0 | G19: 0 | H19: 0 | I19: 0 | J19: 0 | K19: 0 | L19: 0 | M19: 0 | N19: =SUM(B19:M19) -> 0
A20: 305117 - Conferences | B20: 1500 | C20: 0 | D20: 0 | E20: 0 | F20: 0 | G20: 0 | H20: 1200 | I20: 0 | J20: 0 | K20: 0 | L20: 15000 | M20: 0 | N20: =SUM(B20:M20) -> 17700
A21: 305129 - Election & Referenda Expenses | B21: 0 | C21: 0 | D21: 0 | E21: 0 | F21: 0 | G21: 0 | H21: 0 | I21: 0 | J21: 0 | K21: 0 | L21: 0 | M21: 62000 | N21: =SUM(B21:M21) -> 62000
A22: 305132 - Utilities | B22: 2000 | C22: 2000 | D22: 2000 | E22: 2000 | F22: 2000 | G22: 2000 | H22: 2000 | I22: 2000 | J22: 2000 | K22: 2000 | L22: 2000 | M22: 2000 | N22: =SUM(B22:M22) -> 24000
... A41: 306005 - Depreciation - Property | B41: 2515.44 | C41: 2515.44 | D41: 2515.44 | E41: 2515.44 | F41: 2515.44 | G41: 2515.44 | H41: 2515.44 | I41: 2515.44 | J41: 2515.44 | K41: 2515.44 | L41: 2515.44 | M41: 2515.44 | N41: =SUM(B41:M41) -> 30185.28
A42: Total - ADMINISTRATIVE EXPENSES - ADMINISTRATIVE EXPENSES | B42: =SUM(B11:B41) -> 131369.13 | C42: =SUM(C11:C41) -> 21669.13 | D42: =SUM(D11:D41) -> 21809.13 | E42: =SUM(E11:E41) -> 20669.13 | F42: =SUM(F11:F41) -> 26709.13 | G42: =SUM(G11:G41) -> 21669.13 | H42: =SUM(H11:H41) -> 21869.13 | I42: =SUM(I11:I41) -> 20669.13 | ... N42: =SUM(N11:N41) -> 485659.56
A43: Total - Expenses | B43: =SUM(B42) -> 131369.13 | C43: =SUM(C42) -> 21669.13 | D43: =SUM(D42) -> 21809.13 | E43: =SUM(E42) -> 20669.13 | F43: =SUM(F42) -> 26709.13 | G43: =SUM(G42) -> 21669.13 | H43: =SUM(H42) -> 21869.13 | I43: =SUM(I42) -> 20669.13 | ... N43: =SUM(N42) -> 485659.56
A44: EMPLOYEE BENEFITS EXPENSE - EMPLOYEE BENEFITS EXPENSE
A45: 304001 - Salaries & Wages - Permanent Staff | B45: 1853.7078 | C45: 1951.2714 | D45: 2048.8349 | E45: 2146.3985 | F45: 2243.9621 | G45: 1951.2714 | H45: 2243.9621 | I45: 2146.3985 | J45: 2048.8349 | K45: 2243.9621 | L45: 2048.8349 | M45: 2504.3834 | N45: =SUM(B45:M45) -> 25431.822
A46: 304010 - Superannuation | B46: 233.49546 | C46: 245.78469 | D46: 258.07392 | E46: 270.36316 | F46: 282.65239 | G46: 245.78469 | H46: 282.65239 | I46: 270.36316 | J46: 258.07392 | K46: 282.65239 | L46: 258.07392 | M46: 329.43067 | N46: =SUM(B46:M46) -> 3217.4008
A47: 304013 - Workers Compensation Insurance | B47: 19.64213 | C47: 20.675926 | D47: 21.709723 | E47: 22.743519 | F47: 23.777315 | G47: 20.675926 | H47: 23.777315 | I47: 22.743519 | J47: 21.709723 | K47: 23.777315 | L47: 21.709723 | M47: 22.743519 | N47: =SUM(B47:M47) -> 265.68565
A48: 304016 - Annual Leave Provision | B48: 227.06364 | C48: 176.36015 | D48: 185.17816 | E48: 193.99616 | F48: 202.81417 | G48: 176.36015 | H48: 202.81417 | I48: 193.99616 | J48: 185.17816 | K48: 202.81417 | L48: 185.17816 | M48: 193.99616 | N48: =SUM(B48:M48) -> 2325.7494
A49: 304019 - Long Service Leave Provision | B49: 72.608195 | C49: 48.781784 | D49: 51.220873 | E49: 53.659962 | F49: 56.099052 | G49: 48.781784 | H49: 56.099052 | I49: 53.659962 | J49: 51.220873 | K49: 56.099052 | L49: 51.220873 | M49: 53.659962 | N49: =SUM(B49:M49) -> 653.11143
A50: Total - EMPLOYEE BENEFITS EXPENSE - EMPLOYEE BENEFITS EXPENSE | B50: =SUM(B45:B49) -> 2406.5172 | C50: =SUM(C45:C49) -> 2442.8739 | D50: =SUM(D45:D49) -> 2565.0176 | E50: =SUM(E45:E49) -> 2687.1613 | F50: =SUM(F45:F49) -> 2809.305 | G50: =SUM(G45:G49) -> 2442.8739 | H50: =SUM(H45:H49) -> 2809.305 | I50: =SUM(I45:I49) -> 2687.1613 | ... N50: =SUM(N45:N49) -> 31893.769
A51: Total - Expenses | B51: =SUM(B43,B50) -> 133775.65 | C51: =SUM(C43,C50) -> 24112.004 | D51: =SUM(D43,D50) -> 24374.148 | E51: =SUM(E43,E50) -> 23356.291 | F51: =SUM(F43,F50) -> 29518.435 | G51: =SUM(G43,G50) -> 24112.004 | H51: =SUM(H43,H50) -> 24678.435 | I51: =SUM(I43,I50) -> 23356.291 | ... N51: =SUM(N43,N50) -> 517553.33
A52: Operating Profit | B52: =-B51 -> -133775.65 | C52: =-C51 -> -24112.004 | D52: =-D51 -> -24374.148 | E52: =-E51 -> -23356.291 | F52: =-F51 -> -29518.435 | G52: =-G51 -> -24112.004 | H52: =-H51 -> -24678.435 | I52: =-I51 -> -23356.291 | ... N52: =-N51 -> -517553.33
A53: Other Income
A54: OTHER INCOME - OTHER INCOME
A55: 103030 - Service Fees | B55: 0 | C55: 0 | D55: 0 | E55: 0 | F55: 0 | G55: 0 | H55: 0 | I55: 0 | J55: 0 | K55: 0 | L55: 0 | M55: 0 | N55: 0
A56: Total - OTHER INCOME - OTHER INCOME | B56: =SUM(B55) -> 0 | C56: =SUM(C55) -> 0 | D56: =SUM(D55) -> 0 | E56: =SUM(E55) -> 0 | F56: =SUM(F55) -> 0 | G56: =SUM(G55) -> 0 | H56: =SUM(H55) -> 0 | I56: =SUM(I55) -> 0 | ... N56: =SUM(N55) -> 0
A57: Total - Other Income | B57: =SUM(B56) -> 0 | C57: =SUM(C56) -> 0 | D57: =SUM(D56) -> 0 | E57: =SUM(E56) -> 0 | F57: =SUM(F56) -> 0 | G57: =SUM(G56) -> 0 | H57: =SUM(H56) -> 0 | I57: =SUM(I56) -> 0 | ... N57: =SUM(N56) -> 0
A58: Net Profit/(Loss) | B58: =B52+B57+0 -> -133775.65 | C58: =C52+C57+0 -> -24112.004 | D58: =D52+D57+0 -> -24374.148 | E58: =E52+E57+0 -> -23356.291 | F58: =F52+F57+0 -> -29518.435 | G58: =G52+G57+0 -> -24112.004 | H58: =H52+H57+0 -> -24678.435 | I58: =I52+I57+0 -> -23356.291 | ... N58: =N52+N57+0 -> -517553.33

Sheet PEL
A1: Guild of Undergraduates
A2: Budget Profit and Loss
A3: FY 2025
A4: PELICAN
A6: Financial Row | B6: 45658 | C6: 45689 | D6: 45717 | E6: 45748 | F6: 45778 | G6: 45809 | H6: 45839 | I6: 45870 | J6: 45901 | K6: 45931 | L6: 45962 | M6: 45992 | N6: Total
B7: Amount | C7: Amount | D7: Amount | E7: Amount | F7: Amount | G7: Amount | H7: Amount | I7: Amount | J7: Amount | K7: Amount | L7: Amount | M7: Amount | N7: Amount
A8: Gross Profit | B8: =0-0 -> 0 | C8: =0-0 -> 0 | D8: =0-0 -> 0 | E8: =0-0 -> 0 | F8: =0-0 -> 0 | G8: =0-0 -> 0 | H8: =0-0 -> 0 | I8: =0-0 -> 0 | ... N8: =0-0 -> 0
A9: Expenses
A10: ADMINISTRATIVE EXPENSES - ADMINISTRATIVE EXPENSES
A11: 305057 - Website | B11: 30 | C11: 0 | D11: 0 | E11: 0 | F11: 0 | G11: 0 | H11: 130 | I11: 0 | J11: 240 | K11: 0 | L11: 0 | M11: 0 | N11: =SUM(B11:M11) -> 400
A12: 305132 - Utilities | B12: 15 | C12: 15 | D12: 15 | E12: 15 | F12: 15 | G12: 15 | H12: 15 | I12: 15 | J12: 15 | K12: 15 | L12: 15 | M12: 15 | N12: =SUM(B12:M12) -> 180
A13: 305068 - Orientation Day Expenses | B13: 100 | C13: 100 | D13: 0 | E13: 0 | F13: 0 | G13: 0 | H13: 0 | I13: 0 | J13: 0 | K13: 0 | L13: 0 | M13: 0 | N13: =SUM(B13:M13) -> 200
A14: 305108 - Cleaning Contract | B14: 80 | C14: 80 | D14: 80 | E14: 80 | F14: 80 | G14: 80 | H14: 80 | I14: 80 | J14: 80 | K14: 80 | L14: 80 | M14: 80 | N14: =SUM(B14:M14) -> 960
A15: 305117 - Conferences | B15: 0 | C15: 0 | D15: 0 | E15: 0 | F15: 0 | G15: 0 | H15: 0 | I15: 0 | J15: 0 | K15: 0 | L15: 0 | M15: 0 | N15: =SUM(B15:M15) -> 0
A16: 305147 - General Expenses | B16: 100 | C16: 0 | D16: 0 | E16: 0 | F16: 0 | G16: 0 | H16: 100 | I16: 0 | J16: 0 | K16: 0 | L16: 0 | M16: 0 | N16: =SUM(B16:M16) -> 200
A17: 305180 - Printing & Stationery | B17: 0 | C17: 2000 | D17: 0 | E17: 2000 | F17: 2000 | G17: 0 | H17: 2000 | I17: 0 | J17: 2000 | K17: 0 | L17: 2000 | M17: 0 | N17: =SUM(B17:M17) -> 12000
A18: 305187 - Software Digital | B18: 25 | C18: 25 | D18: 25 | E18: 25 | F18: 25 | G18: 25 | H18: 25 | I18: 25 | J18: 25 | K18: 25 | L18: 25 | M18: 25 | N18: =SUM(B18:M18) -> 300
A19: 306004 - Depreciation - Computer Equipment | B19: 0 | C19: 0 | D19: 0 | E19: 0 | F19: 0 | G19: 0 | H19: 0 | I19: 0 | J19: 0 | K19: 0 | L19: 0 | M19: 0 | N19: =SUM(B19:M19) -> 0
A20: Total - ADMINISTRATIVE EXPENSES - ADMINISTRATIVE EXPENSES | B20: =SUM(B11:B19) -> 350 | C20: =SUM(C11:C19) -> 2220 | D20: =SUM(D11:D19) -> 120 | E20: =SUM(E11:E19) -> 2120 | F20: =SUM(F11:F19) -> 2120 | G20: =SUM(G11:G19) -> 120 | H20: =SUM(H11:H19) -> 2350 | I20: =SUM(I11:I19) -> 120 | ... N20: =SUM(N11:N19) -> 14240
A21: EMPLOYEE BENEFITS EXPENSE - EMPLOYEE BENEFITS EXPENSE
A22: 304001 - Salaries & Wages - Permanent Staff | B22: 2079.7363 | C22: 2189.1961 | D22: 2298.6559 | E22: 2408.1157 | F22: 2517.5755 | G22: 2189.1961 | H22: 2517.5755 | I22: 2408.1157 | J22: 2298.6559 | K22: 2517.5755 | L22: 2298.6559 | M22: 2408.1157 | N22: =SUM(B22:M22) -> 28131.17
A23: 304004 - Salaries & Wages - Other | B23: 261.9663 | C23: 275.754 | D23: 289.5417 | E23: 303.3294 | F23: 317.1171 | G23: 275.754 | H23: 317.1171 | I23: 303.3294 | J23: 289.5417 | K23: 317.1171 | L23: 289.5417 | M23: 303.3294 | N23: =SUM(B23:M23) -> 3543.4389
A24: 304010 - Superannuation | B24: 22.037158 | C24: 23.197008 | D24: 24.356859 | E24: 25.516709 | F24: 26.676559 | G24: 23.197008 | H24: 26.676559 | I24: 25.516709 | J24: 24.356859 | K24: 26.676559 | L24: 24.356859 | M24: 25.516709 | N24: =SUM(B24:M24) -> 298.08155
A25: 304013 - Workers Compensation Insurance | B25: 187.97109 | C25: 197.86431 | D25: 207.75752 | E25: 217.65074 | F25: 227.54395 | G25: 197.86431 | H25: 227.54395 | I25: 217.65074 | J25: 207.75752 | K25: 227.54395 | L25: 207.75752 | M25: 217.65074 | N25: =SUM(B25:M25) -> 2542.5563
A26: 304019 - Long Service Leave Provision | B26: 51.993408 | C26: 54.729903 | D26: 57.466398 | E26: 60.202893 | F26: 62.939388 | G26: 54.729903 | H26: 62.939388 | I26: 60.202893 | J26: 57.466398 | K26: 62.939388 | L26: 57.466398 | M26: 60.202893 | N26: =SUM(B26:M26) -> 703.27925
A27: Total - EMPLOYEE BENEFITS EXPENSE - EMPLOYEE BENEFITS EXPENSE | B27: =SUM(B22:B26) -> 2603.7043 | C27: =SUM(C22:C26) -> 2740.7413 | D27: =SUM(D22:D26) -> 2877.7784 | E27: =SUM(E22:E26) -> 3014.8155 | F27: =SUM(F22:F26) -> 3151.8525 | G27: =SUM(G22:G26) -> 2740.7413 | H27: =SUM(H22:H26) -> 3151.8525 | I27: =SUM(I22:I26) -> 3014.8155 | ... N27: =SUM(N22:N26) -> 35218.526
A28: Total - Expenses | B28: =SUM(B20,B27) -> 2953.7043 | C28: =SUM(C20,C27) -> 4960.7413 | D28: =SUM(D20,D27) -> 2997.7784 | E28: =SUM(E20,E27) -> 5134.8155 | F28: =SUM(F20,F27) -> 5271.8525 | G28: =SUM(G20,G27) -> 2860.7413 | H28: =SUM(H20,H27) -> 5501.8525 | I28: =SUM(I20,I27) -> 3134.8155 | ... N28: =SUM(N20,N27) -> 49458.526
A29: Operating Profit | B29: =B8-B28 -> -2953.7043 | C29: =C8-C28 -> -4960.7413 | D29: =D8-D28 -> -2997.7784 | E29: =E8-E28 -> -5134.8155 | F29: =F8-F28 -> -5271.8525 | G29: =G8-G28 -> -2860.7413 | H29: =H8-H28 -> -5501.8525 | I29: =I8-I28 -> -3134.8155 | ... N29: =N8-N28 -> -49458.526
A30: Net Profit/(Loss) | B30: =B29+0+0 -> -2953.7043 | C30: =C29+0+0 -> -4960.7413 | D30: =D29+0+0 -> -2997.7784 | E30: =E29+0+0 -> -5134.8155 | F30: =F29+0+0 -> -5271.8525 | G30: =G29+0+0 -> -2860.7413 | H30: =H29+0+0 -> -5501.8525 | I30: =I29+0+0 -> -3134.8155 | ... N30: =N29+0+0 -> -49458.526

Sheet ENV
A1: Guild of Undergraduates
A2: Budget Profit and Loss
A3: FY 2025
A4: ENVIRONMENT
A6: Financial Row | B6: 45658 | C6: 45689 | D6: 45717 | E6: 45748 | F6: 45778 | G6: 45809 | H6: 45839 | I6: 45870 | J6: 45901 | K6: 45931 | L6: 45962 | M6: 45992 | N6: Total
B7: Amount | C7: Amount | D7: Amount | E7: Amount | F7: Amount | G7: Amount | H7: Amount | I7: Amount | J7: Amount | K7: Amount | L7: Amount | M7: Amount | N7: Amount
A8: Gross Profit | B8: =0-0 -> 0 | C8: =0-0 -> 0 | D8: =0-0 -> 0 | E8: =0-0 -> 0 | F8: =0-0 -> 0 | G8: =0-0 -> 0 | H8: =0-0 -> 0 | I8: =0-0 -> 0 | ... N8: =0-0 -> 0
A9: Expenses
A10: ADMINISTRATIVE EXPENSES - ADMINISTRATIVE EXPENSES
A11: 305068 - Orientation Day Expenses | B11: 100 | C11: 100 | D11: 0 | E11: 0 | F11: 0 | G11: 0 | H11: 100 | I11: 0 | J11: 0 | K11: 0 | L11: 0 | M11: 0 | N11: =SUM(B11:M11) -> 300
A12: 305079 - Theme Week | B12: 0 | C12: 0 | D12: 500 | E12: 0 | F12: 0 | G12: 0 | H12: 0 | I12: 500 | J12: 0 | K12: 0 | L12: 0 | M12: 0 | N12: =SUM(B12:M12) -> 1000
A13: 305080 - Activities and Functions | B13: 0 | C13: 50 | D13: 50 | E13: 50 | F13: 50 | G13: 50 | H13: 50 | I13: 50 | J13: 50 | K13: 50 | L13: 50 | M13: 0 | N13: =SUM(B13:M13) -> 500
A14: 305180 - Printing & Stationery | B14: 20 | C14: 20 | D14: 20 | E14: 20 | F14: 20 | G14: 20 | H14: 20 | I14: 20 | J14: 20 | K14: 20 | L14: 20 | M14: 20 | N14: =SUM(B14:M14) -> 240
A15: 305187 - Software Digital | B15: 12 | C15: 12 | D15: 12 | E15: 12 | F15: 12 | G15: 12 | H15: 12 | I15: 12 | J15: 12 | K15: 12 | L15: 12 | M15: 12 | N15: =SUM(B15:M15) -> 144
A16: 305207 - Special Projects | B16: 1000 | C16: 50 | D16: 50 | E16: 50 | F16: 50 | G16: 50 | H16: 1000 | I16: 54 | J16: 50 | K16: 50 | L16: 0 | M16: 0 | N16: =SUM(B16:M16) -> 2404
A17: Total - ADMINISTRATIVE EXPENSES - ADMINISTRATIVE EXPENSES | B17: =SUM(B11:B16) -> 1132 | C17: =SUM(C11:C16) -> 232 | D17: =SUM(D11:D16) -> 632 | E17: =SUM(E11:E16) -> 132 | F17: =SUM(F11:F16) -> 132 | G17: =SUM(G11:G16) -> 132 | H17: =SUM(H11:H16) -> 1182 | I17: =SUM(I11:I16) -> 636 | ... N17: =SUM(N11:N16) -> 4588
A18: Total - Expenses | B18: =SUM(B17) -> 1132 | C18: =SUM(C17) -> 232 | D18: =SUM(D17) -> 632 | E18: =SUM(E17) -> 132 | F18: =SUM(F17) -> 132 | G18: =SUM(G17) -> 132 | H18: =SUM(H17) -> 1182 | I18: =SUM(I17) -> 636 | ... N18: =SUM(N17) -> 4588
A19: Operating Profit | B19: =B8-B18 -> -1132 | C19: =C8-C18 -> -232 | D19: =D8-D18 -> -632 | E19: =E8-E18 -> -132 | F19: =F8-F18 -> -132 | G19: =G8-G18 -> -132 | H19: =H8-H18 -> -1182 | I19: =I8-I18 -> -636 | ... N19: =N8-N18 -> -4588
A20: Other Income
A21: OTHER INCOME - OTHER INCOME
A22: 103069 - Sundry Income | B22: 0 | C22: 0 | D22: 0 | E22: 0 | F22: 0 | G22: 0 | H22: 0 | I22: 0 | J22: 0 | K22: 0 | L22: 0 | M22: 0 | N22: =SUM(B22:M22) -> 0
A23: Total - OTHER INCOME - OTHER INCOME | B23: =SUM(B22) -> 0 | C23: =SUM(C22) -> 0 | D23: =SUM(D22) -> 0 | E23: =SUM(E22) -> 0 | F23: =SUM(F22) -> 0 | G23: =SUM(G22) -> 0 | H23: =SUM(H22) -> 0 | I23: =SUM(I22) -> 0 | ... N23: =SUM(N22) -> 0
A24: Total - Other Income | B24: =SUM(B23) -> 0 | C24: =SUM(C23) -> 0 | D24: =SUM(D23) -> 0 | E24: =SUM(E23) -> 0 | F24: =SUM(F23) -> 0 | G24: =SUM(G23) -> 0 | H24: =SUM(H23) -> 0 | I24: =SUM(I23) -> 0 | ... N24: =SUM(N23) -> 0
A25: Net Profit/(Loss) | B25: =B19+B24+0 -> -1132 | C25: =C19+C24+0 -> -232 | D25: =D19+D24+0 -> -632 | E25: =E19+E24+0 -> -132 | F25: =F19+F24+0 -> -132 | G25: =G19+G24+0 -> -132 | H25: =H19+H24+0 -> -1182 | I25: =I19+I24+0 -> -636 | ... N25: =N19+N24+0 -> -4588

Sheet ISS
A1: Guild of Undergraduates
A2: Budget Profit and Loss
A3: FY 2025
A4: ISS
A6: Financial Row | B6: 45658 | C6: 45689 | D6: 45717 | E6: 45748 | F6: 45778 | G6: 45809 | H6: 45839 | I6: 45870 | J6: 45901 | K6: 45931 | L6: 45962 | M6: 45992 | N6: Total
B7: Amount | C7: Amount | D7: Amount | E7: Amount | F7: Amount | G7: Amount | H7: Amount | I7: Amount | J7: Amount | K7: Amount | L7: Amount | M7: Amount | N7: Amount
A8: Gross Profit | B8: =0-0 -> 0 | C8: =0-0 -> 0 | D8: =0-0 -> 0 | E8: =0-0 -> 0 | F8: =0-0 -> 0 | G8: =0-0 -> 0 | H8: =0-0 -> 0 | I8: =0-0 -> 0 | ... N8: =0-0 -> 0
A9: Expenses
A10: ADMINISTRATIVE EXPENSES - ADMINISTRATIVE EXPENSES
A11: 305068 - Orientation Day Expenses | B11: 250 | C11: 150 | D11: 0 | E11: 0 | F11: 0 | G11: 150 | H11: 0 | I11: 0 | J11: 0 | K11: 0 | L11: 0 | M11: 0 | N11: =SUM(B11:M11) -> 550
A12: 305080 - Activities and Functions | B12: 1000 | C12: 1000 | D12: 1250 | E12: 1000 | F12: 1000 | G12: 1000 | H12: 1000 | I12: 1250 | J12: 1000 | K12: 1000 | L12: 1000 | M12: 0 | N12: =SUM(B12:M12) -> 11500
A13: 305083 - Advertising & Promotion | B13: 0 | C13: 49 | D13: 49 | E13: 49 | F13: 49 | G13: 0 | H13: 49 | I13: 49 | J13: 49 | K13: 49 | L13: 49 | M13: 0 | N13: =SUM(B13:M13) -> 441
A14: 305117 - Conferences | B14: 0 | C14: 0 | D14: 0 | E14: 0 | F14: 0 | G14: 0 | H14: 0 | I14: 0 | J14: 0 | K14: 0 | L14: 0 | M14: 0 | N14: =SUM(B14:M14) -> 0
A15: 305147 - General Expenses | B15: 0 | C15: 14 | D15: 14 | E15: 14 | F15: 14 | G15: 14 | H15: 14 | I15: 14 | J15: 14 | K15: 14 | L15: 14 | M15: 0 | N15: =SUM(B15:M15) -> 140
A16: 305132 - Utilities | B16: 43 | C16: 43 | D16: 43 | E16: 43 | F16: 43 | G16: 43 | H16: 43 | I16: 43 | J16: 43 | K16: 43 | L16: 43 | M16: 43 | N16: =SUM(B16:M16) -> 516
A17: 305166 - Meeting Expenses | B17: 0 | C17: 0 | D17: 0 | E17: 0 | F17: 0 | G17: 0 | H17: 0 | I17: 0 | J17: 0 | K17: 0 | L17: 0 | M17: 0 | N17: =SUM(B17:M17) -> 0
A18: 305180 - Printing & Stationery | B18: 33 | C18: 33 | D18: 33 | E18: 33 | F18: 33 | G18: 33 | H18: 33 | I18: 33 | J18: 33 | K18: 33 | L18: 33 | M18: 33 | N18: =SUM(B18:M18) -> 396
A19: 305181 - Publications | B19: 0 | C19: 1500 | D19: 100 | E19: 0 | F19: 0 | G19: 0 | H19: 1000 | I19: 100 | J19: 0 | K19: 0 | L19: 0 | M19: 0 | N19: =SUM(B19:M19) -> 2700
A20: 305187 - Software Digital | B20: 21 | C20: 21 | D20: 21 | E20: 21 | F20: 21 | G20: 21 | H20: 21 | I20: 21 | J20: 21 | K20: 21 | L20: 21 | M20: 21 | N20: =SUM(B20:M20) -> 252
A21: 305190 - Equity Initiatives | B21: 0 | C21: 50 | D21: 50 | E21: 50 | F21: 0 | G21: 0 | H21: 50 | I21: 50 | J21: 50 | K21: 0 | L21: 0 | M21: 0 | N21: =SUM(B21:M21) -> 300
A22: 306005 - Depreciation - Property | B22: 10.62 | C22: 10.62 | D22: 10.62 | E22: 10.62 | F22: 10.62 | G22: 10.62 | H22: 10.62 | I22: 10.62 | J22: 10.62 | K22: 10.62 | L22: 10.62 | M22: 10.62 | N22: =SUM(B22:M22) -> 127.44
A23: Total - ADMINISTRATIVE EXPENSES - ADMINISTRATIVE EXPENSES | B23: =SUM(B11:B22) -> 1357.62 | C23: =SUM(C11:C22) -> 2870.62 | D23: =SUM(D11:D22) -> 1570.62 | E23: =SUM(E11:E22) -> 1220.62 | F23: =SUM(F11:F22) -> 1170.62 | G23: =SUM(G11:G22) -> 1271.62 | H23: =SUM(H11:H22) -> 2220.62 | I23: =SUM(I11:I22) -> 1570.62 | ... N23: =SUM(N11:N22) -> 16922.44
A24: Total - Expenses | B24: =SUM(B23) -> 1357.62 | C24: =SUM(C23) -> 2870.62 | D24: =SUM(D23) -> 1570.62 | E24: =SUM(E23) -> 1220.62 | F24: =SUM(F23) -> 1170.62 | G24: =SUM(G23) -> 1271.62 | H24: =SUM(H23) -> 2220.62 | I24: =SUM(I23) -> 1570.62 | ... N24: =SUM(N23) -> 16922.44
A25: Operating Profit | B25: =B8-B24 -> -1357.62 | C25: =C8-C24 -> -2870.62 | D25: =D8-D24 -> -1570.62 | E25: =E8-E24 -> -1220.62 | F25: =F8-F24 -> -1170.62 | G25: =G8-G24 -> -1271.62 | H25: =H8-H24 -> -2220.62 | I25: =I8-I24 -> -1570.62 | ... N25: =N8-N24 -> -16922.44
A26: Other Income
A27: OTHER INCOME - OTHER INCOME
A28: 103069 - Sundry Income | B28: 0 | C28: 0 | D28: 0 | E28: 0 | F28: 0 | G28: 0 | H28: 0 | I28: 0 | J28: 0 | K28: 200 | L28: 0 | M28: 0 | N28: =SUM(B28:M28) -> 200
A29: Total - OTHER INCOME - OTHER INCOME | B29: =SUM(B28) -> 0 | C29: =SUM(C28) -> 0 | D29: =SUM(D28) -> 0 | E29: =SUM(E28) -> 0 | F29: =SUM(F28) -> 0 | G29: =SUM(G28) -> 0 | H29: =SUM(H28) -> 0 | I29: =SUM(I28) -> 0 | ... N29: =SUM(N28) -> 200
A30: Total - Other Income | B30: =SUM(B29) -> 0 | C30: =SUM(C29) -> 0 | D30: =SUM(D29) -> 0 | E30: =SUM(E29) -> 0 | F30: =SUM(F29) -> 0 | G30: =SUM(G29) -> 0 | H30: =SUM(H29) -> 0 | I30: =SUM(I29) -> 0 | ... N30: =SUM(N29) -> 200
A31: Net Profit/(Loss) | B31: =B25+B30+0 -> -1357.62 | C31: =C25+C30+0 -> -2870.62 | D31: =D25+D30+0 -> -1570.62 | E31: =E25+E30+0 -> -1220.62 | F31: =F25+F30+0 -> -1170.62 | G31: =G25+G30+0 -> -1271.62 | H31: =H25+H30+0 -> -2220.62 | I31: =I25+I30+0 -> -1570.62 | ... N31: =N25+N30+0 -> -16722.44

Sheet ETHNO
A1: Guild of Undergraduates
A2: Budget Profit and Loss
A3: FY 2025
A4: ETHNOCULTURAL
A6: Financial Row | B6: 45658 | C6: 45689 | D6: 45717 | E6: 45748 | F6: 45778 | G6: 45809 | H6: 45839 | I6: 45870 | J6: 45901 | K6: 45931 | L6: 45962 | M6: 45992 | N6: Total
B7: Amount | C7: Amount | D7: Amount | E7: Amount | F7: Amount | G7: Amount | H7: Amount | I7: Amount | J7: Amount | K7: Amount | L7: Amount | M7: Amount | N7: Amount
A8: Gross Profit | B8: =0-0 -> 0 | C8: =0-0 -> 0 | D8: =0-0 -> 0 | E8: =0-0 -> 0 | F8: =0-0 -> 0 | G8: =0-0 -> 0 | H8: =0-0 -> 0 | I8: =0-0 -> 0 | ... N8: =0-0 -> 0
A9: Expenses
A10: ADMINISTRATIVE EXPENSES - ADMINISTRATIVE EXPENSES
A11: 305068 - Orientation Day Expenses | B11: 187.5 | C11: 0 | D11: 0 | E11: 0 | F11: 0 | G11: 50 | H11: 0 | I11: 0 | J11: 0 | K11: 0 | L11: 0 | M11: 0 | N11: =SUM(B11:M11) -> 237.5
A12: 305079 - Theme Week | B12: 0 | C12: 0 | D12: 500 | E12: 0 | F12: 0 | G12: 0 | H12: 0 | I12: 0 | J12: 0 | K12: 0 | L12: 0 | M12: 0 | N12: =SUM(B12:M12) -> 500
A13: 305080 - Activities and Functions | B13: 0 | C13: 0 | D13: 175 | E13: 175 | F13: 175 | G13: 175 | H13: 175 | I13: 175 | J13: 175 | K13: 175 | L13: 0 | M13: 0 | N13: =SUM(B13:M13) -> 1400
A14: 305117 - Conferences | B14: 0 | C14: 0 | D14: 0 | E14: 0 | F14: 0 | G14: 0 | H14: 0 | I14: 0 | J14: 0 | K14: 0 | L14: 0 | M14: 0 | N14: =SUM(B14:M14) -> 0
A15: 305147 - General Expenses | B15: 12 | C15: 12 | D15: 12 | E15: 12 | F15: 12 | G15: 12 | H15: 12 | I15: 12 | J15: 12 | K15: 12 | L15: 12 | M15: 12 | N15: =SUM(B15:M15) -> 144
A16: 305155 - Interior decoration | B16: 150 | C16: 0 | D16: 0 | E16: 0 | F16: 0 | G16: 0 | H16: 0 | I16: 0 | J16: 0 | K16: 0 | L16: 0 | M16: 0 | N16: =SUM(B16:M16) -> 150
A17: 305166 - Meeting Expenses | B17: 0 | C17: 0 | D17: 0 | E17: 0 | F17: 0 | G17: 0 | H17: 0 | I17: 0 | J17: 0 | K17: 0 | L17: 0 | M17: 0 | N17: =SUM(B17:M17) -> 0
A18: 305180 - Printing & Stationery | B18: 50 | C18: 0 | D18: 0 | E18: 0 | F18: 0 | G18: 0 | H18: 0 | I18: 0 | J18: 0 | K18: 0 | L18: 0 | M18: 0 | N18: =SUM(B18:M18) -> 50
A19: 305181 - Publications | B19: 0 | C19: 0 | D19: 0 | E19: 0 | F19: 0 | G19: 0 | H19: 0 | I19: 0 | J19: 0 | K19: 0 | L19: 0 | M19: 0 | N19: =SUM(B19:M19) -> 0
A20: 305187 - Software Digital | B20: 23.5 | C20: 23.5 | D20: 23.5 | E20: 23.5 | F20: 23.5 | G20: 23.5 | H20: 23.5 | I20: 23.5 | J20: 23.5 | K20: 23.5 | L20: 23.5 | M20: 23.5 | N20: =SUM(B20:M20) -> 282
A21: 305190 - Equity Initiatives | B21: 0 | C21: 0 | D21: 65 | E21: 45 | F21: 65 | G21: 0 | H21: 0 | I21: 45 | J21: 65 | K21: 65 | L21: 0 | M21: 0 | N21: =SUM(B21:M21) -> 350
A22: Total - ADMINISTRATIVE EXPENSES - ADMINISTRATIVE EXPENSES | B22: =SUM(B11:B21) -> 423 | C22: =SUM(C11:C21) -> 35.5 | D22: =SUM(D11:D21) -> 775.5 | E22: =SUM(E11:E21) -> 255.5 | F22: =SUM(F11:F21) -> 275.5 | G22: =SUM(G11:G21) -> 260.5 | H22: =SUM(H11:H21) -> 210.5 | I22: =SUM(I11:I21) -> 255.5 | ... N22: =SUM(N11:N21) -> 3113.5
A23: Total - Expenses | B23: =SUM(B22) -> 423 | C23: =SUM(C22) -> 35.5 | D23: =SUM(D22) -> 775.5 | E23: =SUM(E22) -> 255.5 | F23: =SUM(F22) -> 275.5 | G23: =SUM(G22) -> 260.5 | H23: =SUM(H22) -> 210.5 | I23: =SUM(I22) -> 255.5 | ... N23: =SUM(N22) -> 3113.5
A24: Operating Profit | B24: =B8-B23 -> -423 | C24: =C8-C23 -> -35.5 | D24: =D8-D23 -> -775.5 | E24: =E8-E23 -> -255.5 | F24: =F8-F23 -> -275.5 | G24: =G8-G23 -> -260.5 | H24: =H8-H23 -> -210.5 | I24: =I8-I23 -> -255.5 | ... N24: =N8-N23 -> -3113.5
A25: Other Income
A26: OTHER INCOME - OTHER INCOME
A27: 103069 - Sundry Income | B27: 0 | C27: 0 | D27: 0 | E27: 0 | F27: 0 | G27: 0 | H27: 0 | I27: 0 | J27: 0 | K27: 0 | L27: 0 | M27: 0 | N27: =SUM(B27:M27) -> 0
A28: Total - OTHER INCOME - OTHER INCOME | B28: =SUM(B27) -> 0 | C28: =SUM(C27) -> 0 | D28: =SUM(D27) -> 0 | E28: =SUM(E27) -> 0 | F28: =SUM(F27) -> 0 | G28: =SUM(G27) -> 0 | H28: =SUM(H27) -> 0 | I28: =SUM(I27) -> 0 | ... N28: =SUM(N27) -> 0
A29: Total - Other Income | B29: =SUM(B28) -> 0 | C29: =SUM(C28) -> 0 | D29: =SUM(D28) -> 0 | E29: =SUM(E28) -> 0 | F29: =SUM(F28) -> 0 | G29: =SUM(G28) -> 0 | H29: =SUM(H28) -> 0 | I29: =SUM(I28) -> 0 | ... N29: =SUM(N28) -> 0
A30: Net Profit/(Loss) | B30: =B24+B29+0 -> -423 | C30: =C24+C29+0 -> -35.5 | D30: =D24+D29+0 -> -775.5 | E30: =E24+E29+0 -> -255.5 | F30: =F24+F29+0 -> -275.5 | G30: =G24+G29+0 -> -260.5 | H30: =H24+H29+0 -> -210.5 | I30: =I24+I29+0 -> -255.5 | ... N30: =N24+N29+0 -> -3113.5

Sheet PSA
A1: Guild of Undergraduates
A2: Budget Profit and Loss
A3: FY 2025
A4: PSA
A6: Financial Row | B6: 45658 | C6: 45689 | D6: 45717 | E6: 45748 | F6: 45778 | G6: 45809 | H6: 45839 | I6: 45870 | J6: 45901 | K6: 45931 | L6: 45962 | M6: 45992 | N6: Total
B7: Amount | C7: Amount | D7: Amount | E7: Amount | F7: Amount | G7: Amount | H7: Amount | I7: Amount | J7: Amount | K7: Amount | L7: Amount | M7: Amount | N7: Amount
A8: Gross Profit | B8: =0-0 -> 0 | C8: =0-0 -> 0 | D8: =0-0 -> 0 | E8: =0-0 -> 0 | F8: =0-0 -> 0 | G8: =0-0 -> 0 | H8: =0-0 -> 0 | I8: =0-0 -> 0 | ... N8: =0-0 -> 0
A9: Expenses
A10: ADMINISTRATIVE EXPENSES - ADMINISTRATIVE EXPENSES
A11: 305052 - Awards & Prizes | B11: 0 | C11: 0 | D11: 0 | E11: 500 | F11: 0 | G11: 500 | H11: 0 | I11: 0 | J11: 500 | K11: 0 | L11: 0 | M11: 0 | N11: =SUM(B11:M11) -> 1500
A12: 305056 - Grants | C12: 0 | D12: 0 | E12: 0 | F12: 7000 | G12: 0 | H12: 0 | I12: 7000 | J12: 7000 | K12: 0 | L12: 0 | M12: 0 | N12: =SUM(B12:M12) -> 21000
A13: 305068 - Orientation Day Expenses | B13: 1500 | C13: 1000 | D13: 0 | E13: 0 | F13: 0 | G13: 500 | H13: 0 | I13: 0 | J13: 0 | K13: 0 | L13: 0 | M13: 0 | N13: =SUM(B13:M13) -> 3000
A14: 305076 - Sundry Activities | B14: 0 | C14: 0 | D14: 0 | E14: 0 | F14: 0 | G14: 0 | H14: 0 | I14: 0 | J14: 0 | K14: 0 | L14: 0 | M14: 0 | N14: =SUM(B14:M14) -> 0
A15: 305080 - Activities and Functions | B15: 2250 | C15: 2250 | D15: 2250 | E15: 2250 | F15: 2250 | G15: 2250 | H15: 2250 | I15: 2250 | J15: 2250 | K15: 2250 | L15: 12250 | M15: 2250 | N15: =SUM(B15:M15) -> 37000
A16: 305083 - Advertising & Promotion | B16: 0 | C16: 100 | D16: 100 | E16: 100 | F16: 100 | G16: 100 | H16: 100 | I16: 100 | J16: 100 | K16: 100 | L16: 100 | M16: 0 | N16: =SUM(B16:M16) -> 1000
A17: 305108 - Cleaning Contract | B17: 515 | C17: 515 | D17: 515 | E17: 515 | F17: 515 | G17: 515 | H17: 515 | I17: 515 | J17: 515 | K17: 515 | L17: 515 | M17: 515 | N17: =SUM(B17:M17) -> 6180
A18: 305117 - Conferences | B18: 0 | C18: 0 | D18: 500 | E18: 500 | F18: 0 | G18: 0 | H18: 0 | I18: 0 | J18: 0 | K18: 500 | L18: 500 | M18: 0 | N18: =SUM(B18:M18) -> 2000
A19: 305132 - Utilities | B19: 75.5 | C19: 75.5 | D19: 75.5 | E19: 75.5 | F19: 75.5 | G19: 75.5 | H19: 75.5 | I19: 75.5 | J19: 75.5 | K19: 75.5 | L19: 75.5 | M19: 75.5 | N19: =SUM(B19:M19) -> 906
A20: 305147 - General Expenses | B20: 30 | C20: 30 | D20: 30 | E20: 30 | F20: 30 | G20: 30 | H20: 30 | I20: 30 | J20: 30 | K20: 30 | L20: 30 | M20: 30 | N20: =SUM(B20:M20) -> 360
A21: 305155 - Interior decoration | B21: 1000 | C21: 0 | D21: 0 | E21: 0 | F21: 0 | G21: 0 | H21: 125 | I21: 0 | J21: 0 | K21: 0 | L21: 0 | M21: 0 | N21: =SUM(B21:M21) -> 1125
A22: 305165 - Motor Vehicle Expenses | B22: 0 | C22: 80 | D22: 0 | E22: 0 | F22: 0 | G22: 0 | H22: 80 | I22: 0 | J22: 0 | K22: 0 | L22: 0 | M22: 0 | N22: =SUM(B22:M22) -> 160
A23: 305180 - Printing & Stationery | B23: 500 | C23: 0 | D23: 0 | E23: 0 | F23: 0 | G23: 0 | H23: 0 | I23: 0 | J23: 0 | K23: 0 | L23: 0 | M23: 0 | N23: =SUM(B23:M23) -> 500
A24: 305181 - Publications | B24: 0 | C24: 70 | D24: 70 | E24: 70 | F24: 70 | G24: 70 | H24: 70 | I24: 70 | J24: 70 | K24: 70 | L24: 70 | M24: 0 | N24: =SUM(B24:M24) -> 700
... A26: 305208 - Affiliation Expenses | B26: 0 | C26: 0 | D26: 0 | E26: 0 | F26: 0 | G26: 0 | H26: 0 | I26: 0 | J26: 0 | K26: 0 | L26: 0 | M26: 8000 | N26: =SUM(B26:M26) -> 8000
A27: Total - ADMINISTRATIVE EXPENSES - ADMINISTRATIVE EXPENSES | B27: =SUM(B11:B26) -> 5902.5 | C27: =SUM(C11:C26) -> 4152.5 | D27: =SUM(D11:D26) -> 3572.5 | E27: =SUM(E11:E26) -> 4072.5 | F27: =SUM(F11:F26) -> 10072.5 | G27: =SUM(G11:G26) -> 4072.5 | H27: =SUM(H11:H26) -> 3277.5 | I27: =SUM(I11:I26) -> 10072.5 | ... N27: =SUM(N11:N26) -> 83815
A28: EMPLOYEE BENEFITS EXPENSE - EMPLOYEE BENEFITS EXPENSE
A29: 304001 - Salaries & Wages - Permanent Staff | B29: 2079.7363 | C29: 2189.1961 | D29: 2298.6559 | E29: 2408.1157 | F29: 2517.5755 | G29: 2189.1961 | H29: 2517.5755 | I29: 2408.1157 | J29: 2298.6559 | K29: 2517.5755 | L29: 2298.6559 | M29: 2408.1157 | N29: =SUM(B29:M29) -> 28131.17
A30: 304010 - Superannuation | B30: 261.9663 | C30: 275.754 | D30: 289.5417 | E30: 303.3294 | F30: 317.1171 | G30: 275.754 | H30: 317.1171 | I30: 303.3294 | J30: 289.5417 | K30: 317.1171 | L30: 289.5417 | M30: 303.3294 | N30: =SUM(B30:M30) -> 3543.4389
A31: 304013 - Workers Compensation Insurance | B31: 22.037158 | C31: 23.197008 | D31: 24.356859 | E31: 25.516709 | F31: 26.676559 | G31: 23.197008 | H31: 26.676559 | I31: 25.516709 | J31: 24.356859 | K31: 26.676559 | L31: 24.356859 | M31: 25.516709 | N31: =SUM(B31:M31) -> 298.08155
A32: 304016 - Annual Leave Provision | B32: 187.97109 | C32: 197.86431 | D32: 207.75752 | E32: 217.65074 | F32: 227.54395 | G32: 197.86431 | H32: 227.54395 | I32: 217.65074 | J32: 207.75752 | K32: 227.54395 | L32: 207.75752 | M32: 217.65074 | N32: =SUM(B32:M32) -> 2542.5563
A33: 304019 - Long Service Leave Provision | B33: 51.993408 | C33: 54.729903 | D33: 57.466398 | E33: 60.202893 | F33: 62.939388 | G33: 54.729903 | H33: 62.939388 | I33: 60.202893 | J33: 57.466398 | K33: 62.939388 | L33: 57.466398 | M33: 60.202893 | N33: =SUM(B33:M33) -> 703.27925
A34: Total - EMPLOYEE BENEFITS EXPENSE - EMPLOYEE BENEFITS EXPENSE | B34: =SUM(B29:B33) -> 2603.7043 | C34: =SUM(C29:C33) -> 2740.7413 | D34: =SUM(D29:D33) -> 2877.7784 | E34: =SUM(E29:E33) -> 3014.8155 | F34: =SUM(F29:F33) -> 3151.8525 | G34: =SUM(G29:G33) -> 2740.7413 | H34: =SUM(H29:H33) -> 3151.8525 | I34: =SUM(I29:I33) -> 3014.8155 | ... N34: =SUM(N29:N33) -> 35218.526
A35: Total - Expenses | B35: =SUM(B27,B34) -> 8506.2043 | C35: =SUM(C27,C34) -> 6893.2413 | D35: =SUM(D27,D34) -> 6450.2784 | E35: =SUM(E27,E34) -> 7087.3155 | F35: =SUM(F27,F34) -> 13224.353 | G35: =SUM(G27,G34) -> 6813.2413 | H35: =SUM(H27,H34) -> 6429.3525 | I35: =SUM(I27,I34) -> 13087.315 | ... N35: =SUM(N27,N34) -> 119033.53
A36: Operating Profit | B36: =B8-B35 -> -8506.2043 | C36: =C8-C35 -> -6893.2413 | D36: =D8-D35 -> -6450.2784 | E36: =E8-E35 -> -7087.3155 | F36: =F8-F35 -> -13224.353 | G36: =G8-G35 -> -6813.2413 | H36: =H8-H35 -> -6429.3525 | I36: =I8-I35 -> -13087.315 | ... N36: =N8-N35 -> -119033.53
A37: Other Income
A38: OTHER INCOME - OTHER INCOME
A39: 103028 - Grant Income Received | B39: 0 | C39: 0 | D39: 0 | E39: 0 | F39: 0 | G39: 0 | H39: 0 | I39: 0 | J39: 0 | K39: 0 | L39: 0 | M39: 0 | N39: =SUM(B39:M39) -> 0
A40: 103069 - Sundry Income | B40: 0 | C40: 0 | D40: 0 | E40: 0 | F40: 0 | G40: 0 | H40: 0 | I40: 0 | J40: 0 | K40: 0 | L40: 0 | M40: 0 | N40: =SUM(B40:M40) -> 0
A41: Total - OTHER INCOME - OTHER INCOME | B41: =SUM(B39:B40) -> 0 | C41: =SUM(C39:C40) -> 0 | D41: =SUM(D39:D40) -> 0 | E41: =SUM(E39:E40) -> 0 | F41: =SUM(F39:F40) -> 0 | G41: =SUM(G39:G40) -> 0 | H41: =SUM(H39:H40) -> 0 | I41: =SUM(I39:I40) -> 0 | ... N41: =SUM(N39:N40) -> 0
A42: Total - Other Income | B42: =SUM(B41) -> 0 | C42: =SUM(C41) -> 0 | D42: =SUM(D41) -> 0 | E42: =SUM(E41) -> 0 | F42: =SUM(F41) -> 0 | G42: =SUM(G41) -> 0 | H42: =SUM(H41) -> 0 | I42: =SUM(I41) -> 0 | ... N42: =SUM(N41) -> 0
A43: Net Profit/(Loss) | B43: =B36+B42+0 -> -8506.2043 | C43: =C36+C42+0 -> -6893.2413 | D43: =D36+D42+0 -> -6450.2784 | E43: =E36+E42+0 -> -7087.3155 | F43: =F36+F42+0 -> -13224.353 | G43: =G36+G42+0 -> -6813.2413 | H43: =H36+H42+0 -> -6429.3525 | I43: =I36+I42+0 -> -13087.315 | ... N43: =N36+N42+0 -> -119033.53

Sheet PRIDE
A1: Guild of Undergraduates
A2: Budget Profit and Loss
A3: FY 2025
A4: PRIDE
A6: Financial Row | B6: 45658 | C6: 45689 | D6: 45717 | E6: 45748 | F6: 45778 | G6: 45809 | H6: 45839 | I6: 45870 | J6: 45901 | K6: 45931 | L6: 45962 | M6: 45992 | N6: Total
B7: Amount | C7: Amount | D7: Amount | E7: Amount | F7: Amount | G7: Amount | H7: Amount | I7: Amount | J7: Amount | K7: Amount | L7: Amount | M7: Amount | N7: Amount
A8: Gross Profit | B8: =0-0 -> 0 | C8: =0-0 -> 0 | D8: =0-0 -> 0 | E8: =0-0 -> 0 | F8: =0-0 -> 0 | G8: =0-0 -> 0 | H8: =0-0 -> 0 | I8: =0-0 -> 0 | ... N8: =0-0 -> 0
A9: Expenses
A10: ADMINISTRATIVE EXPENSES - ADMINISTRATIVE EXPENSES
A11: 305063 - Handbooks | B11: 0 | C11: 200 | D11: 0 | E11: 0 | F11: 0 | G11: 0 | H11: 0 | I11: 0 | J11: 0 | K11: 0 | L11: 0 | M11: 0 | N11: =SUM(B11:M11) -> 200
A12: 305068 - Orientation Day Expenses | B12: 180 | C12: 150 | D12: 0 | E12: 0 | F12: 0 | G12: 130 | H12: 0 | I12: 0 | J12: 0 | K12: 0 | L12: 0 | M12: 0 | N12: =SUM(B12:M12) -> 460
A13: 305079 - Theme Week | B13: 0 | C13: 0 | D13: 0 | E13: 300 | F13: 300 | G13: 300 | H13: 0 | I13: 300 | J13: 300 | K13: 300 | L13: 300 | M13: 0 | N13: =SUM(B13:M13) -> 2100
A14: 305080 - Activities and Functions | B14: 0 | C14: 225 | D14: 200 | E14: 200 | F14: 200 | G14: 200 | H14: 200 | I14: 200 | J14: 200 | K14: 200 | L14: 200 | M14: 0 | N14: =SUM(B14:M14) -> 2025
A15: 305147 - General Expenses | B15: 0 | C15: 85 | D15: 85 | E15: 85 | F15: 85 | G15: 85 | H15: 85 | I15: 85 | J15: 85 | K15: 85 | L15: 85 | M15: 0 | N15: =SUM(B15:M15) -> 850
A16: 305180 - Printing & Stationery | B16: 0 | C16: 500 | D16: 0 | E16: 0 | F16: 0 | G16: 0 | H16: 0 | I16: 0 | J16: 0 | K16: 0 | L16: 0 | M16: 0 | N16: =SUM(B16:M16) -> 500
A17: 305225 - Uniforms | B17: 0 | C17: 20 | D17: 0 | E17: 0 | F17: 0 | G17: 0 | H17: 0 | I17: 0 | J17: 0 | K17: 0 | L17: 0 | M17: 0 | N17: =SUM(B17:M17) -> 20
A18: 305187 - Software Digital | B18: 27 | C18: 27 | D18: 27 | E18: 27 | F18: 27 | G18: 27 | H18: 27 | I18: 27 | J18: 27 | K18: 27 | L18: 27 | M18: 27 | N18: =SUM(B18:M18) -> 324
A19: Total - ADMINISTRATIVE EXPENSES - ADMINISTRATIVE EXPENSES | B19: =SUM(B11:B18) -> 207 | C19: =SUM(C11:C18) -> 1207 | D19: =SUM(D11:D18) -> 312 | E19: =SUM(E11:E18) -> 612 | F19: =SUM(F11:F18) -> 612 | G19: =SUM(G11:G18) -> 742 | H19: =SUM(H11:H18) -> 312 | I19: =SUM(I11:I18) -> 612 | ... N19: =SUM(N11:N18) -> 6479
A20: Total - Expenses | B20: =SUM(B19) -> 207 | C20: =SUM(C19) -> 1207 | D20: =SUM(D19) -> 312 | E20: =SUM(E19) -> 612 | F20: =SUM(F19) -> 612 | G20: =SUM(G19) -> 742 | H20: =SUM(H19) -> 312 | I20: =SUM(I19) -> 612 | ... N20: =SUM(N19) -> 6479
A21: Operating Profit | B21: =B8-B20 -> -207 | C21: =C8-C20 -> -1207 | D21: =D8-D20 -> -312 | E21: =E8-E20 -> -612 | F21: =F8-F20 -> -612 | G21: =G8-G20 -> -742 | H21: =H8-H20 -> -312 | I21: =I8-I20 -> -612 | ... N21: =N8-N20 -> -6479
A22: Other Income
A23: OTHER INCOME - OTHER INCOME
A24: 103069 - Sundry Income | B24: 0 | C24: 0 | D24: 0 | E24: 0 | F24: 0 | G24: 880 | H24: 0 | I24: 860 | J24: 120 | K24: 0 | L24: 0 | M24: 0 | N24: =SUM(B24:M24) -> 1860
A25: Total - OTHER INCOME - OTHER INCOME | B25: =SUM(B24) -> 0 | C25: =SUM(C24) -> 0 | D25: =SUM(D24) -> 0 | E25: =SUM(E24) -> 0 | F25: =SUM(F24) -> 0 | G25: =SUM(G24) -> 880 | H25: =SUM(H24) -> 0 | I25: =SUM(I24) -> 860 | ... N25: =SUM(N24) -> 1860
A26: Total - Other Income | B26: =SUM(B25) -> 0 | C26: =SUM(C25) -> 0 | D26: =SUM(D25) -> 0 | E26: =SUM(E25) -> 0 | F26: =SUM(F25) -> 0 | G26: =SUM(G25) -> 880 | H26: =SUM(H25) -> 0 | I26: =SUM(I25) -> 860 | ... N26: =SUM(N25) -> 1860
A27: Net Profit/(Loss) | B27: =B21+B26+0 -> -207 | C27: =C21+C26+0 -> -1207 | D27: =D21+D26+0 -> -312 | E27: =E21+E26+0 -> -612 | F27: =F21+F26+0 -> -612 | G27: =G21+G26+0 -> 138 | H27: =H21+H26+0 -> -312 | I27: =I21+I26+0 -> 248 | ... N27: =N21+N26+0 -> -4619

Sheet WOMENS
A1: Guild of Undergraduates
A2: Budget Profit and Loss
A3: FY 2025
A4: WOMENS
A6: Financial Row | B6: 45658 | C6: 45689 | D6: 45717 | E6: 45748 | F6: 45778 | G6: 45809 | H6: 45839 | I6: 45870 | J6: 45901 | K6: 45931 | L6: 45962 | M6: 45992 | N6: Total
B7: Amount | C7: Amount | D7: Amount | E7: Amount | F7: Amount | G7: Amount | H7: Amount | I7: Amount | J7: Amount | K7: Amount | L7: Amount | M7: Amount | N7: Amount
A8: Gross Profit | B8: =0-0 -> 0 | C8: =0-0 -> 0 | D8: =0-0 -> 0 | E8: =0-0 -> 0 | F8: =0-0 -> 0 | G8: =0-0 -> 0 | H8: =0-0 -> 0 | I8: =0-0 -> 0 | ... N8: =0-0 -> 0
A9: Expenses
A10: ADMINISTRATIVE EXPENSES - ADMINISTRATIVE EXPENSES
A11: 305024 - Campaigns | B11: 500 | C11: 0 | D11: 48 | E11: 0 | F11: 0 | G11: 0 | H11: 48 | I11: 48 | J11: 0 | K11: 0 | L11: 0 | M11: 0 | N11: =SUM(B11:M11) -> 644
A12: 305068 - Orientation Day Expenses | B12: 335 | C12: 300 | D12: 0 | E12: 0 | F12: 0 | G12: 235 | H12: 0 | I12: 0 | J12: 0 | K12: 0 | L12: 0 | M12: 0 | N12: =SUM(B12:M12) -> 870
A13: 305076 - Sundry Activities | B13: 0 | C13: 30 | D13: 30 | E13: 30 | F13: 30 | G13: 30 | H13: 30 | I13: 30 | J13: 30 | K13: 30 | L13: 30 | M13: 0 | N13: =SUM(B13:M13) -> 300
A14: 305079 - Theme Week | B14: 0 | C14: 0 | D14: 250 | E14: 500 | F14: 250 | G14: 0 | H14: 250 | I14: 500 | J14: 250 | K14: 0 | L14: 0 | M14: 0 | N14: =SUM(B14:M14) -> 2000
A15: 305080 - Activities and Functions | B15: 500 | C15: 395 | D15: 395 | E15: 395 | F15: 395 | G15: 295 | H15: 295 | I15: 295 | J15: 295 | K15: 295 | L15: 295 | M15: 0 | N15: =SUM(B15:M15) -> 3850
A16: 305109 - Cleaning Consumables | B16: 0 | C16: 14 | D16: 14 | E16: 14 | F16: 14 | G16: 14 | H16: 14 | I16: 14 | J16: 14 | K16: 14 | L16: 14 | M16: 0 | N16: =SUM(B16:M16) -> 140
A17: 305117 - Conferences | B17: 0 | C17: 0 | D17: 0 | E17: 0 | F17: 0 | G17: 0 | H17: 0 | I17: 0 | J17: 0 | K17: 0 | L17: 0 | M17: 0 | N17: =SUM(B17:M17) -> 0
A18: 305132 - Utilities | B18: 5 | C18: 5 | D18: 5 | E18: 5 | F18: 5 | G18: 5 | H18: 5 | I18: 5 | J18: 5 | K18: 5 | L18: 5 | M18: 5 | N18: =SUM(B18:M18) -> 60
A19: 305147 - General Expenses | B19: 0 | C19: 23 | D19: 23 | E19: 23 | F19: 23 | G19: 23 | H19: 23 | I19: 23 | J19: 23 | K19: 23 | L19: 23 | M19: 0 | N19: =SUM(B19:M19) -> 230
A20: 305181 - Publications | B20: 0 | C20: 5 | D20: 5 | E20: 5 | F20: 5 | G20: 5 | H20: 5 | I20: 5 | J20: 5 | K20: 5 | L20: 5 | M20: 0 | N20: =SUM(B20:M20) -> 50
A21: 305187 - Software Digital | B21: 18 | C21: 18 | D21: 18 | E21: 18 | F21: 18 | G21: 18 | H21: 18 | I21: 18 | J21: 18 | K21: 18 | L21: 18 | M21: 18 | N21: =SUM(B21:M21) -> 216
A22: 305225 - Uniforms | B22: 20 | C22: 0 | D22: 0 | E22: 0 | F22: 0 | G22: 0 | H22: 0 | I22: 0 | J22: 0 | K22: 0 | L22: 0 | M22: 0 | N22: =SUM(B22:M22) -> 20
A23: 305333 - Workshops and seminars | B23: 0 | C23: 100 | D23: 0 | E23: 0 | F23: 0 | G23: 0 | H23: 100 | I23: 0 | J23: 0 | K23: 0 | L23: 0 | M23: 0 | N23: =SUM(B23:M23) -> 200
A24: Total - ADMINISTRATIVE EXPENSES - ADMINISTRATIVE EXPENSES | B24: =SUM(B11:B23) -> 1378 | C24: =SUM(C11:C23) -> 890 | D24: =SUM(D11:D23) -> 788 | E24: =SUM(E11:E23) -> 990 | F24: =SUM(F11:F23) -> 740 | G24: =SUM(G11:G23) -> 625 | H24: =SUM(H11:H23) -> 788 | I24: =SUM(I11:I23) -> 938 | ... N24: =SUM(N11:N23) -> 8580
A25: Total - Expenses | B25: =SUM(B24) -> 1378 | C25: =SUM(C24) -> 890 | D25: =SUM(D24) -> 788 | E25: =SUM(E24) -> 990 | F25: =SUM(F24) -> 740 | G25: =SUM(G24) -> 625 | H25: =SUM(H24) -> 788 | I25: =SUM(I24) -> 938 | ... N25: =SUM(N24) -> 8580
A26: Operating Profit | B26: =B8-B25 -> -1378 | C26: =C8-C25 -> -890 | D26: =D8-D25 -> -788 | E26: =E8-E25 -> -990 | F26: =F8-F25 -> -740 | G26: =G8-G25 -> -625 | H26: =H8-H25 -> -788 | I26: =I8-I25 -> -938 | ... N26: =N8-N25 -> -8580
A27: Net Profit/(Loss) | B27: =B26+0+0 -> -1378 | C27: =C26+0+0 -> -890 | D27: =D26+0+0 -> -788 | E27: =E26+0+0 -> -990 | F27: =F26+0+0 -> -740 | G27: =G26+0+0 -> -625 | H27: =H26+0+0 -> -788 | I27: =I26+0+0 -> -938 | ... N27: =N26+0+0 -> -8580

Sheet MASA
A1: Guild of Undergraduates
A2: Budget Profit and Loss
A3: FY 2025
A4: MASA
A6: Financial Row | B6: 45658 | C6: 45689 | D6: 45717 | E6: 45748 | F6: 45778 | G6: 45809 | H6: 45839 | I6: 45870 | J6: 45901 | K6: 45931 | L6: 45962 | M6: 45992 | N6: Total
B7: Amount | C7: Amount | D7: Amount | E7: Amount | F7: Amount | G7: Amount | H7: Amount | I7: Amount | J7: Amount | K7: Amount | L7: Amount | M7: Amount | N7: Amount
A8: Gross Profit | B8: =0-0 -> 0 | C8: =0-0 -> 0 | D8: =0-0 -> 0 | E8: =0-0 -> 0 | F8: =0-0 -> 0 | G8: =0-0 -> 0 | H8: =0-0 -> 0 | I8: =0-0 -> 0 | ... N8: =0-0 -> 0
A9: Expenses
A10: ADMINISTRATIVE EXPENSES - ADMINISTRATIVE EXPENSES
A11: 305068 - Orientation Day Expenses | B11: 62 | C11: 62 | D11: 0 | E11: 0 | F11: 0 | G11: 0 | H11: 0 | I11: 0 | J11: 0 | K11: 0 | L11: 0 | M11: 0 | N11: =SUM(B11:M11) -> 124
A12: 305076 - Sundry Activities | B12: 0 | C12: 0 | D12: 0 | E12: 0 | F12: 0 | G12: 0 | H12: 0 | I12: 0 | J12: 0 | K12: 0 | L12: 0 | M12: 0 | N12: =SUM(B12:M12) -> 0
A13: 305080 - Activities and Functions | B13: 0 | C13: 30 | D13: 30 | E13: 30 | F13: 30 | G13: 30 | H13: 30 | I13: 30 | J13: 30 | K13: 30 | L13: 30 | M13: 0 | N13: =SUM(B13:M13) -> 300
A14: 305147 - General Expenses | B14: 0 | C14: 4 | D14: 4 | E14: 4 | F14: 4 | G14: 4 | H14: 4 | I14: 4 | J14: 4 | K14: 4 | L14: 4 | M14: 0 | N14: =SUM(B14:M14) -> 40
A15: 305180 - Printing & Stationery | B15: 0 | C15: 0 | D15: 0 | E15: 0 | F15: 0 | G15: 0 | H15: 0 | I15: 0 | J15: 0 | K15: 0 | L15: 0 | M15: 0 | N15: =SUM(B15:M15) -> 0
A16: 305187 - Software Digital | B16: 12 | C16: 12 | D16: 12 | E16: 12 | F16: 12 | G16: 12 | H16: 12 | I16: 12 | J16: 12 | K16: 12 | L16: 12 | M16: 12 | N16: =SUM(B16:M16) -> 144
A17: Total - ADMINISTRATIVE EXPENSES - ADMINISTRATIVE EXPENSES | B17: =SUM(B11:B16) -> 74 | C17: =SUM(C11:C16) -> 108 | D17: =SUM(D11:D16) -> 46 | E17: =SUM(E11:E16) -> 46 | F17: =SUM(F11:F16) -> 46 | G17: =SUM(G11:G16) -> 46 | H17: =SUM(H11:H16) -> 46 | I17: =SUM(I11:I16) -> 46 | ... N17: =SUM(N11:N16) -> 608
A18: Total - Expenses | B18: =SUM(B17) -> 74 | C18: =SUM(C17) -> 108 | D18: =SUM(D17) -> 46 | E18: =SUM(E17) -> 46 | F18: =SUM(F17) -> 46 | G18: =SUM(G17) -> 46 | H18: =SUM(H17) -> 46 | I18: =SUM(I17) -> 46 | ... N18: =SUM(N17) -> 608
A19: Operating Profit | B19: =B8-B18 -> -74 | C19: =C8-C18 -> -108 | D19: =D8-D18 -> -46 | E19: =E8-E18 -> -46 | F19: =F8-F18 -> -46 | G19: =G8-G18 -> -46 | H19: =H8-H18 -> -46 | I19: =I8-I18 -> -46 | ... N19: =N8-N18 -> -608
A20: Net Profit/(Loss) | B20: =B19+0+0 -> -74 | C20: =C19+0+0 -> -108 | D20: =D19+0+0 -> -46 | E20: =E19+0+0 -> -46 | F20: =F19+0+0 -> -46 | G20: =G19+0+0 -> -46 | H20: =H19+0+0 -> -46 | I20: =I19+0+0 -> -46 | ... N20: =N19+0+0 -> -608

Sheet WASAC
A1: Guild of Undergraduates
A2: Budget Profit and Loss
A3: FY 2025
A4: WASAC
A6: Financial Row | B6: 45658 | C6: 45689 | D6: 45717 | E6: 45748 | F6: 45778 | G6: 45809 | H6: 45839 | I6: 45870 | J6: 45901 | K6: 45931 | L6: 45962 | M6: 45992 | N6: Total
B7: Amount | C7: Amount | D7: Amount | E7: Amount | F7: Amount | G7: Amount | H7: Amount | I7: Amount | J7: Amount | K7: Amount | L7: Amount | M7: Amount | N7: Amount
A8: Gross Profit | B8: =0-0 -> 0 | C8: =0-0 -> 0 | D8: =0-0 -> 0 | E8: =0-0 -> 0 | F8: =0-0 -> 0 | G8: =0-0 -> 0 | H8: =0-0 -> 0 | I8: =0-0 -> 0 | ... N8: =0-0 -> 0
A9: Expenses
A10: ADMINISTRATIVE EXPENSES - ADMINISTRATIVE EXPENSES
A11: 305068 - Orientation Day Expenses | B11: 100 | C11: 50 | D11: 0 | E11: 0 | F11: 0 | G11: 50 | H11: 0 | I11: 0 | J11: 0 | K11: 0 | L11: 0 | M11: 0 | N11: =SUM(B11:M11) -> 200
A12: 305079 - Theme Week | B12: 0 | C12: 0 | D12: 0 | E12: 0 | F12: 1000 | G12: 0 | H12: 0 | I12: 0 | J12: 0 | K12: 0 | L12: 0 | M12: 0 | N12: =SUM(B12:M12) -> 1000
A13: 305080 - Activities and Functions | B13: 0 | C13: 200 | D13: 200 | E13: 200 | F13: 200 | G13: 200 | H13: 200 | I13: 200 | J13: 200 | K13: 200 | L13: 200 | M13: 0 | N13: =SUM(B13:M13) -> 2000
A14: 305147 - General Expenses | B14: 0 | C14: 20 | D14: 20 | E14: 20 | F14: 20 | G14: 20 | H14: 20 | I14: 20 | J14: 20 | K14: 20 | L14: 20 | M14: 0 | N14: =SUM(B14:M14) -> 200
A15: 305177 - Postage | B15: 10 | C15: 10 | D15: 10 | E15: 10 | F15: 10 | G15: 10 | H15: 10 | I15: 10 | J15: 10 | K15: 10 | L15: 10 | M15: 10 | N15: =SUM(B15:M15) -> 120
A16: 305187 - Software Digital | B16: 12 | C16: 12 | D16: 12 | E16: 12 | F16: 12 | G16: 12 | H16: 12 | I16: 12 | J16: 12 | K16: 12 | L16: 12 | M16: 12 | N16: =SUM(B16:M16) -> 144
A17: Total - ADMINISTRATIVE EXPENSES - ADMINISTRATIVE EXPENSES | B17: =SUM(B11:B16) -> 122 | C17: =SUM(C11:C16) -> 292 | D17: =SUM(D11:D16) -> 242 | E17: =SUM(E11:E16) -> 242 | F17: =SUM(F11:F16) -> 1242 | G17: =SUM(G11:G16) -> 292 | H17: =SUM(H11:H16) -> 242 | I17: =SUM(I11:I16) -> 242 | ... N17: =SUM(N11:N16) -> 3664
A18: Total - Expenses | B18: =SUM(B17) -> 122 | C18: =SUM(C17) -> 292 | D18: =SUM(D17) -> 242 | E18: =SUM(E17) -> 242 | F18: =SUM(F17) -> 1242 | G18: =SUM(G17) -> 292 | H18: =SUM(H17) -> 242 | I18: =SUM(I17) -> 242 | ... N18: =SUM(N17) -> 3664
A19: Operating Profit | B19: =B8-B18 -> -122 | C19: =C8-C18 -> -292 | D19: =D8-D18 -> -242 | E19: =E8-E18 -> -242 | F19: =F8-F18 -> -1242 | G19: =G8-G18 -> -292 | H19: =H8-H18 -> -242 | I19: =I8-I18 -> -242 | ... N19: =N8-N18 -> -3664
A20: Other Income
A21: OTHER INCOME - OTHER INCOME
A22: 103075 - Sponsorship | B22: 0 | C22: 0 | D22: 0 | E22: 0 | F22: 0 | G22: 0 | H22: 0 | I22: 0 | J22: 0 | K22: 0 | L22: 0 | M22: 0 | N22: =SUM(B22:M22) -> 0
A23: Total - OTHER INCOME - OTHER INCOME | B23: =SUM(B22) -> 0 | C23: =SUM(C22) -> 0 | D23: =SUM(D22) -> 0 | E23: =SUM(E22) -> 0 | F23: =SUM(F22) -> 0 | G23: =SUM(G22) -> 0 | H23: =SUM(H22) -> 0 | I23: =SUM(I22) -> 0 | ... N23: =SUM(N22) -> 0
A24: Total - Other Income | B24: =SUM(B23) -> 0 | C24: =SUM(C23) -> 0 | D24: =SUM(D23) -> 0 | E24: =SUM(E23) -> 0 | F24: =SUM(F23) -> 0 | G24: =SUM(G23) -> 0 | H24: =SUM(H23) -> 0 | I24: =SUM(I23) -> 0 | ... N24: =SUM(N23) -> 0
A25: Net Profit/(Loss) | B25: =B19+B24+0 -> -122 | C25: =C19+C24+0 -> -292 | D25: =D19+D24+0 -> -242 | E25: =E19+E24+0 -> -242 | F25: =F19+F24+0 -> -1242 | G25: =G19+G24+0 -> -292 | H25: =H19+H24+0 -> -242 | I25: =I19+I24+0 -> -242 | ... N25: =N19+N24+0 -> -3664

Sheet ALBANY
A1: Guild of Undergraduates
A2: Budget Profit and Loss
A3: FY 2025
A4: ALBANY
A6: Financial Row | B6: 45658 | C6: 45689 | D6: 45717 | E6: 45748 | F6: 45778 | G6: 45809 | H6: 45839 | I6: 45870 | J6: 45901 | K6: 45931 | L6: 45962 | M6: 45992 | N6: Total
B7: Amount | C7: Amount | D7: Amount | E7: Amount | F7: Amount | G7: Amount | H7: Amount | I7: Amount | J7: Amount | K7: Amount | L7: Amount | M7: Amount | N7: Amount
A8: Gross Profit | B8: =0-0 -> 0 | C8: =0-0 -> 0 | D8: =0-0 -> 0 | E8: =0-0 -> 0 | F8: =0-0 -> 0 | G8: =0-0 -> 0 | H8: =0-0 -> 0 | I8: =0-0 -> 0 | ... M8: =0-0 -> 0 | N8: =SUM(B8:M8) -> 0
A9: Expenses
A10: ADMINISTRATIVE EXPENSES - ADMINISTRATIVE EXPENSES
A11: 305068 - Orientation Day Expenses | B11: 70 | C11: 70 | D11: 0 | E11: 0 | F11: 0 | G11: 0 | H11: 0 | I11: 0 | J11: 0 | K11: 0 | L11: 0 | M11: 0 | N11: =SUM(B11:M11) -> 140
A12: 305079 - Theme Week | B12: 0 | C12: 350 | D12: 0 | E12: 0 | F12: 0 | G12: 0 | H12: 0 | I12: 0 | J12: 0 | K12: 0 | L12: 0 | M12: 0 | N12: =SUM(B12:M12) -> 350
A13: 305080 - Activities and Functions | B13: 0 | C13: 66 | D13: 66 | E13: 66 | F13: 66 | G13: 66 | H13: 66 | I13: 66 | J13: 66 | K13: 66 | L13: 66 | M13: 0 | N13: =SUM(B13:M13) -> 660
A14: 305083 - Advertising & Promotion | B14: 9.5 | C14: 9.5 | D14: 9.5 | E14: 9.5 | F14: 9.5 | G14: 9.5 | H14: 9.5 | I14: 9.5 | J14: 9.5 | K14: 9.5 | L14: 0 | M14: 0 | N14: =SUM(B14:M14) -> 95
A15: 305147 - General Expenses | B15: 0 | C15: 47.5 | D15: 47.5 | E15: 47.5 | F15: 47.5 | G15: 47.5 | H15: 47.5 | I15: 47.5 | J15: 47.5 | K15: 47.5 | L15: 47.5 | M15: 0 | N15: =SUM(B15:M15) -> 475
A16: 305155 - Interior Decoration | B16: 47.5 | C16: 0 | D16: 0 | E16: 0 | F16: 0 | G16: 0 | H16: 47.5 | I16: 0 | J16: 0 | K16: 0 | L16: 0 | M16: 0 | N16: =SUM(B16:M16) -> 95
A17: 305180 - Printing & Stationery | B17: 20 | C17: 0 | D17: 0 | E17: 0 | F17: 0 | G17: 20 | H17: 0 | I17: 0 | J17: 0 | K17: 0 | L17: 0 | M17: 0 | N17: =SUM(B17:M17) -> 40
A18: 305187 - Software Digital | B18: 12 | C18: 12 | D18: 12 | E18: 12 | F18: 12 | G18: 12 | H18: 12 | I18: 12 | J18: 12 | K18: 12 | L18: 12 | M18: 12 | N18: =SUM(B18:M18) -> 144
A19: 305207 - Special Projects | B19: 0 | C19: 9.7 | D19: 9.7 | E19: 9.7 | F19: 9.7 | G19: 9.7 | H19: 9.7 | I19: 9.7 | J19: 9.7 | K19: 9.7 | L19: 9.7 | M19: 0 | N19: =SUM(B19:M19) -> 97
A20: Total - ADMINISTRATIVE EXPENSES - ADMINISTRATIVE EXPENSES | B20: =SUM(B11:B19) -> 159 | C20: =SUM(C11:C19) -> 564.7 | D20: =SUM(D11:D19) -> 144.7 | E20: =SUM(E11:E19) -> 144.7 | F20: =SUM(F11:F19) -> 144.7 | G20: =SUM(G11:G19) -> 164.7 | H20: =SUM(H11:H19) -> 192.2 | I20: =SUM(I11:I19) -> 144.7 | ... N20: =SUM(N11:N19) -> 2096
A21: Total - Expenses | B21: =SUM(B20) -> 159 | C21: =SUM(C20) -> 564.7 | D21: =SUM(D20) -> 144.7 | E21: =SUM(E20) -> 144.7 | F21: =SUM(F20) -> 144.7 | G21: =SUM(G20) -> 164.7 | H21: =SUM(H20) -> 192.2 | I21: =SUM(I20) -> 144.7 | ... N21: =SUM(N20) -> 2096
A22: Operating Profit | B22: =B8-B21 -> -159 | C22: =C8-C21 -> -564.7 | D22: =D8-D21 -> -144.7 | E22: =E8-E21 -> -144.7 | F22: =F8-F21 -> -144.7 | G22: =G8-G21 -> -164.7 | H22: =H8-H21 -> -192.2 | I22: =I8-I21 -> -144.7 | ... N22: =N8-N21 -> -2096
A23: Other Income
A24: OTHER INCOME - OTHER INCOME
A25: 103069 - Sundry Income | B25: 0 | C25: 0 | D25: 0 | E25: 0 | F25: 0 | G25: 0 | H25: 0 | I25: 0 | J25: 0 | K25: 0 | L25: 0 | M25: 0 | N25: =SUM(B25:M25) -> 0
A26: Total - OTHER INCOME - OTHER INCOME | B26: =SUM(B25) -> 0 | C26: =SUM(C25) -> 0 | D26: =SUM(D25) -> 0 | E26: =SUM(E25) -> 0 | F26: =SUM(F25) -> 0 | G26: =SUM(G25) -> 0 | H26: =SUM(H25) -> 0 | I26: =SUM(I25) -> 0 | ... N26: =SUM(N25) -> 0
A27: Total - Other Income | B27: =SUM(B26) -> 0 | C27: =SUM(C26) -> 0 | D27: =SUM(D26) -> 0 | E27: =SUM(E26) -> 0 | F27: =SUM(F26) -> 0 | G27: =SUM(G26) -> 0 | H27: =SUM(H26) -> 0 | I27: =SUM(I26) -> 0 | ... N27: =SUM(N26) -> 0
A28: Net Profit/(Loss) | B28: =B22+B27+0 -> -159 | C28: =C22+C27+0 -> -564.7 | D28: =D22+D27+0 -> -144.7 | E28: =E22+E27+0 -> -144.7 | F28: =F22+F27+0 -> -144.7 | G28: =G22+G27+0 -> -164.7 | H28: =H22+H27+0 -> -192.2 | I28: =I22+I27+0 -> -144.7 | ... N28: =N22+N27+0 -> -2096

Sheet WELLBEING
A1: Guild of Undergraduates
A2: Budget Profit and Loss
A3: FY 2025
A4: WELLBEING
A6: Financial Row | B6: 45658 | C6: 45689 | D6: 45717 | E6: 45748 | F6: 45778 | G6: 45809 | H6: 45839 | I6: 45870 | J6: 45901 | K6: 45931 | L6: 45962 | M6: 45992 | N6: Total
B7: Amount | C7: Amount | D7: Amount | E7: Amount | F7: Amount | G7: Amount | H7: Amount | I7: Amount | J7: Amount | K7: Amount | L7: Amount | M7: Amount | N7: Amount
A8: Gross Profit | B8: =0-0 -> 0 | C8: =0-0 -> 0 | D8: =0-0 -> 0 | E8: =0-0 -> 0 | F8: =0-0 -> 0 | G8: =0-0 -> 0 | H8: =0-0 -> 0 | I8: =0-0 -> 0 | ... M8: =0-0 -> 0 | N8: =SUM(B8:M8) -> 0
A9: Expenses
A10: ADMINISTRATIVE EXPENSES - ADMINISTRATIVE EXPENSES
A11: 305068 - Orientation Day Expenses | B11: 125 | C11: 100 | D11: 0 | E11: 0 | F11: 0 | G11: 75 | H11: 0 | I11: 0 | J11: 0 | K11: 0 | L11: 0 | M11: 0 | N11: =SUM(B11:M11) -> 300
A12: 305079 - Theme Week | B12: 0 | C12: 0 | D12: 0 | E12: 150 | F12: 250 | G12: 0 | H12: 0 | I12: 600 | J12: 250 | K12: 600 | L12: 0 | M12: 0 | N12: =SUM(B12:M12) -> 1850
A13: 305080 - Activities and Functions | B13: 0 | C13: 150 | D13: 150 | E13: 150 | F13: 150 | G13: 150 | H13: 150 | I13: 150 | J13: 150 | K13: 150 | L13: 150 | M13: 0 | N13: =SUM(B13:M13) -> 1500
A14: 305147 - General Expenses | B14: 0 | C14: 40 | D14: 40 | E14: 40 | F14: 40 | G14: 40 | H14: 40 | I14: 40 | J14: 40 | K14: 40 | L14: 40 | M14: 0 | N14: =SUM(B14:M14) -> 400
A15: 305165 - Motor Vehicle Expenses | B15: 0 | C15: 0 | D15: 0 | E15: 0 | F15: 0 | G15: 0 | H15: 0 | I15: 0 | J15: 0 | K15: 0 | L15: 0 | M15: 0 | N15: =SUM(B15:M15) -> 0
A16: 305180 - Printing & Stationery | B16: 40 | C16: 40 | D16: 40 | E16: 40 | F16: 40 | G16: 40 | H16: 40 | I16: 40 | J16: 40 | K16: 40 | L16: 40 | M16: 40 | N16: =SUM(B16:M16) -> 480
A17: 305225 - Uniforms | B17: 20 | C17: 0 | D17: 0 | E17: 0 | F17: 0 | G17: 0 | H17: 0 | I17: 0 | J17: 0 | K17: 0 | L17: 0 | M17: 0 | N17: =SUM(B17:M17) -> 20
A18: 305187 - Software Digital | B18: 12 | C18: 12 | D18: 12 | E18: 12 | F18: 125 | G18: 12 | H18: 12 | I18: 12 | J18: 12 | K18: 12 | L18: 12 | M18: 12 | N18: =SUM(B18:M18) -> 257
A19: Total - ADMINISTRATIVE EXPENSES - ADMINISTRATIVE EXPENSES | B19: =SUM(B11:B18) -> 197 | C19: =SUM(C11:C18) -> 342 | D19: =SUM(D11:D18) -> 242 | E19: =SUM(E11:E18) -> 392 | F19: =SUM(F11:F18) -> 605 | G19: =SUM(G11:G18) -> 317 | H19: =SUM(H11:H18) -> 242 | I19: =SUM(I11:I18) -> 842 | ... N19: =SUM(N11:N18) -> 4807
A20: Total - Expenses | B20: =SUM(B19) -> 197 | C20: =SUM(C19) -> 342 | D20: =SUM(D19) -> 242 | E20: =SUM(E19) -> 392 | F20: =SUM(F19) -> 605 | G20: =SUM(G19) -> 317 | H20: =SUM(H19) -> 242 | I20: =SUM(I19) -> 842 | ... N20: =SUM(N19) -> 4807
A21: Operating Profit | B21: =B8-B20 -> -197 | C21: =C8-C20 -> -342 | D21: =D8-D20 -> -242 | E21: =E8-E20 -> -392 | F21: =F8-F20 -> -605 | G21: =G8-G20 -> -317 | H21: =H8-H20 -> -242 | I21: =I8-I20 -> -842 | ... N21: =N8-N20 -> -4807
A22: Net Profit/(Loss) | B22: =B21+0+0 -> -197 | C22: =C21+0+0 -> -342 | D22: =D21+0+0 -> -242 | E22: =E21+0+0 -> -392 | F22: =F21+0+0 -> -605 | G22: =G21+0+0 -> -317 | H22: =H21+0+0 -> -242 | I22: =I21+0+0 -> -842 | ... N22: =N21+0+0 -> -4807

Sheet RSD
A1: Guild of Undergraduates
A2: Budget Profit and Loss
A3: FY 2025
A4: RSD
A6: Financial Row | B6: 45658 | C6: 45689 | D6: 45717 | E6: 45748 | F6: 45778 | G6: 45809 | H6: 45839 | I6: 45870 | J6: 45901 | K6: 45931 | L6: 45962 | M6: 45992 | N6: Total
B7: Amount | C7: Amount | D7: Amount | E7: Amount | F7: Amount | G7: Amount | H7: Amount | I7: Amount | J7: Amount | K7: Amount | L7: Amount | M7: Amount | N7: Amount
A8: Gross Profit | B8: =0-0 -> 0 | C8: =0-0 -> 0 | D8: =0-0 -> 0 | E8: =0-0 -> 0 | F8: =0-0 -> 0 | G8: =0-0 -> 0 | H8: =0-0 -> 0 | I8: =0-0 -> 0 | ... M8: =0-0 -> 0 | N8: =SUM(B8:M8) -> 0
A9: Expenses
A10: ADMINISTRATIVE EXPENSES - ADMINISTRATIVE EXPENSES
A11: 305076 - Sundry Activities | B11: 0 | C11: 0 | D11: 0 | E11: 0 | F11: 0 | G11: 0 | H11: 0 | I11: 0 | J11: 0 | K11: 0 | L11: 0 | M11: 0 | N11: =SUM(B11:M11) -> 0
A12: 305080 - Activities and Functions | B12: 0 | C12: 600 | D12: 2000 | E12: 52500 | F12: 1600 | G12: 0 | H12: 0 | I12: 2600 | J12: 3000 | K12: 0 | L12: 0 | M12: 0 | N12: =SUM(B12:M12) -> 62300
A13: 305083 - Advertising & Promotion | B13: 0 | C13: 0 | D13: 0 | E13: 0 | F13: 0 | G13: 0 | H13: 0 | I13: 0 | J13: 0 | K13: 0 | L13: 0 | M13: 0 | N13: =SUM(B13:M13) -> 0
A14: 305147 - General Expenses | B14: 0 | C14: 0 | D14: 0 | E14: 0 | F14: 0 | G14: 0 | H14: 0 | I14: 0 | J14: 0 | K14: 0 | L14: 0 | M14: 0 | N14: =SUM(B14:M14) -> 0
A15: 305180 - Printing & Stationery | B15: 0 | C15: 0 | D15: 100 | E15: 0 | F15: 0 | G15: 0 | H15: 50 | I15: 0 | J15: 0 | K15: 0 | L15: 0 | M15: 0 | N15: =SUM(B15:M15) -> 150
A16: 305187 - Software Digital | B16: 12 | C16: 12 | D16: 12 | E16: 12 | F16: 12 | G16: 12 | H16: 12 | I16: 12 | J16: 12 | K16: 12 | L16: 12 | M16: 12 | N16: =SUM(B16:M16) -> 144
A17: Total - ADMINISTRATIVE EXPENSES - ADMINISTRATIVE EXPENSES | B17: =SUM(B11:B16) -> 12 | C17: =SUM(C11:C16) -> 612 | D17: =SUM(D11:D16) -> 2112 | E17: =SUM(E11:E16) -> 52512 | F17: =SUM(F11:F16) -> 1612 | G17: =SUM(G11:G16) -> 12 | H17: =SUM(H11:H16) -> 62 | I17: =SUM(I11:I16) -> 2612 | ... N17: =SUM(N11:N16) -> 62594
A18: Total - Expenses | B18: =SUM(B12) -> 0 | C18: =SUM(C17) -> 612 | D18: =SUM(D17) -> 2112 | E18: =SUM(E17) -> 52512 | F18: =SUM(F17) -> 1612 | G18: =SUM(G17) -> 12 | H18: =SUM(H17) -> 62 | I18: =SUM(I17) -> 2612 | J18: =SUM(J17) -> 3012 | ... N18: =SUM(N17) -> 62594
A19: Operating Profit | B19: =SUM(B13) -> 0 | C19: =C8-C18 -> -612 | D19: =D8-D18 -> -2112 | E19: =E8-E18 -> -52512 | F19: =F8-F18 -> -1612 | G19: =G8-G18 -> -12 | H19: =H8-H18 -> -62 | I19: =I8-I18 -> -2612 | J19: =J8-J18 -> -3012 | ... N19: =N8-N18 -> -62594
A20: Other Income
A21: OTHER INCOME - OTHER INCOME
A22: 103069 - Sundry Income | B22: 0 | C22: 0 | D22: 0 | E22: 16000 | F22: 20000 | G22: 0 | H22: 0 | I22: 2000 | J22: 11000 | K22: 3000 | L22: 0 | M22: 0 | N22: =SUM(B22:M22) -> 52000
A23: Total - OTHER INCOME - OTHER INCOME | B23: =SUM(B22) -> 0 | C23: =SUM(C22) -> 0 | D23: =SUM(D22) -> 0 | E23: 16000 | F23: 20000 | G23: =SUM(G22) -> 0 | H23: =SUM(H22) -> 0 | I23: =SUM(I22) -> 2000 | J23: =SUM(J22) -> 11000 | K23: =SUM(K22) -> 3000 | L23: =SUM(L22) -> 0 | M23: =SUM(M22) -> 0 | N23: =SUM(N22) -> 52000
A24: Total - Other Income | B24: =SUM(B23) -> 0 | C24: =SUM(C23) -> 0 | D24: =SUM(D23) -> 0 | E24: =SUM(E23) -> 16000 | F24: 20000 | G24: =SUM(G23) -> 0 | H24: =SUM(H23) -> 0 | I24: =SUM(I23) -> 2000 | J24: =SUM(J23) -> 11000 | K24: =SUM(K23) -> 3000 | L24: =SUM(L23) -> 0 | M24: =SUM(M23) -> 0 | N24: =SUM(N23) -> 52000
A25: Net Profit/(Loss) | B25: =B19+B24+0 -> 0 | C25: =C19+C24+0 -> -612 | D25: =D19+D24+0 -> -2112 | E25: =E19+E24+0 -> -36512 | F25: =F19+F24+0 -> 18388 | G25: =G19+G24+0 -> -12 | H25: =H19+H24+0 -> -62 | I25: =I19+I24+0 -> -612 | ... N25: =N19+N24+0 -> -10594

Sheet ACCESS
A1: Guild of Undergraduates
A2: Budget Profit and Loss
A3: FY 2025
A4: ACCESS
A6: Financial Row | B6: 45658 | C6: 45689 | D6: 45717 | E6: 45748 | F6: 45778 | G6: 45809 | H6: 45839 | I6: 45870 | J6: 45901 | K6: 45931 | L6: 45962 | M6: 45992 | N6: Total
B7: Amount | C7: Amount | D7: Amount | E7: Amount | F7: Amount | G7: Amount | H7: Amount | I7: Amount | J7: Amount | K7: Amount | L7: Amount | M7: Amount | N7: Amount
A8: Gross Profit | B8: =0-0 -> 0 | C8: =0-0 -> 0 | D8: =0-0 -> 0 | E8: =0-0 -> 0 | F8: =0-0 -> 0 | G8: =0-0 -> 0 | H8: =0-0 -> 0 | I8: =0-0 -> 0 | ... N8: =0-0 -> 0
A9: Expenses
A10: ADMINISTRATIVE EXPENSES - ADMINISTRATIVE EXPENSES
A11: 305016 - Orientation Week | B11: 0 | C11: 0 | D11: 0 | E11: 0 | F11: 0 | G11: 70 | H11: 0 | I11: 0 | J11: 0 | K11: 0 | L11: 0 | M11: 0 | N11: =SUM(B11:M11) -> 70
A12: 305068 - Orientation Day Expenses | B12: 150 | C12: 157 | D12: 0 | E12: 0 | F12: 0 | G12: 50 | H12: 0 | I12: 0 | J12: 0 | K12: 0 | L12: 0 | M12: 0 | N12: =SUM(B12:M12) -> 357
A13: 305079 - Theme Week | B13: 0 | C13: 0 | D13: 250 | E13: 0 | F13: 0 | G13: 0 | H13: 0 | I13: 400 | J13: 0 | K13: 0 | L13: 0 | M13: 0 | N13: =SUM(B13:M13) -> 650
A14: 305080 - Activities and Functions | B14: 0 | C14: 100 | D14: 50 | E14: 50 | F14: 50 | G14: 50 | H14: 50 | I14: 50 | J14: 50 | K14: 50 | L14: 50 | M14: 0 | N14: =SUM(B14:M14) -> 550
A15: 305083 - Advertising & Promotion | B15: 0 | C15: 7 | D15: 7 | E15: 7 | F15: 7 | G15: 7 | H15: 7 | I15: 7 | J15: 7 | K15: 7 | L15: 7 | M15: 0 | N15: =SUM(B15:M15) -> 70
A16: 305132 - Utilities | B16: 0 | C16: 0 | D16: 0 | E16: 0 | F16: 0 | G16: 0 | H16: 0 | I16: 0 | J16: 0 | K16: 0 | L16: 0 | M16: 0 | N16: =SUM(B16:M16) -> 0
A17: 305147 - General Expenses | B17: 4.5 | C17: 4.5 | D17: 4.5 | E17: 4.5 | F17: 4.5 | G17: 4.5 | H17: 4.5 | I17: 4.5 | J17: 4.5 | K17: 4.5 | L17: 4.5 | M17: 4.5 | N17: =SUM(B17:M17) -> 54
A18: 305155 - Interior decoration | B18: 0 | C18: 0 | D18: 28 | E18: 28 | F18: 0 | G18: 0 | H18: 0 | I18: 0 | J18: 28 | K18: 28 | L18: 0 | M18: 0 | N18: =SUM(B18:M18) -> 112
A19: 305180 - Printing & Stationery | B19: 35 | C19: 0 | D19: 0 | E19: 0 | F19: 0 | G19: 0 | H19: 0 | I19: 0 | J19: 0 | K19: 0 | L19: 0 | M19: 0 | N19: =SUM(B19:M19) -> 35
A20: 305185 - Minor Assets | B20: 0 | C20: 0 | D20: 0 | E20: 0 | F20: 0 | G20: 0 | H20: 0 | I20: 0 | J20: 0 | K20: 0 | L20: 0 | M20: 0 | N20: =SUM(B20:M20) -> 0
A21: 305187 - Software Digital | B21: 23 | C21: 23 | D21: 23 | E21: 23 | F21: 23 | G21: 23 | H21: 23 | I21: 23 | J21: 23 | K21: 23 | L21: 23 | M21: 23 | N21: =SUM(B21:M21) -> 276
A22: 305189 - Repairs & Maintenance | B22: 20 | C22: 20 | D22: 20 | E22: 20 | F22: 20 | G22: 20 | H22: 20 | I22: 20 | J22: 20 | K22: 20 | L22: 20 | M22: 20 | N22: =SUM(B22:M22) -> 240
A23: 305207 - Special Projects | B23: 135 | C23: 135 | D23: 135 | E23: 135 | F23: 135 | G23: 135 | H23: 135 | I23: 135 | J23: 135 | K23: 135 | L23: 0 | M23: 0 | N23: =SUM(B23:M23) -> 1350
A24: Total - ADMINISTRATIVE EXPENSES - ADMINISTRATIVE EXPENSES | B24: =SUM(B11:B23) -> 367.5 | C24: =SUM(C11:C23) -> 446.5 | D24: =SUM(D11:D23) -> 517.5 | E24: =SUM(E11:E23) -> 267.5 | F24: =SUM(F11:F23) -> 239.5 | G24: =SUM(G11:G23) -> 359.5 | H24: =SUM(H11:H23) -> 239.5 | I24: =SUM(I11:I23) -> 639.5 | ... M24: =SUM(M11:M23) -> 47.5 | N24: =SUM(B24:M24) -> 3764
A25: Total - Expenses | B25: =SUM(B24) -> 367.5 | C25: =SUM(C24) -> 446.5 | D25: =SUM(D24) -> 517.5 | E25: =SUM(E24) -> 267.5 | F25: =SUM(F24) -> 239.5 | G25: =SUM(G24) -> 359.5 | H25: =SUM(H24) -> 239.5 | I25: =SUM(I24) -> 639.5 | ... M25: =SUM(M24) -> 47.5 | N25: =SUM(B25:M25) -> 3764
A26: Operating Profit | B26: =B8-B25 -> -367.5 | C26: =C8-C25 -> -446.5 | D26: =D8-D25 -> -517.5 | E26: =E8-E25 -> -267.5 | F26: =F8-F25 -> -239.5 | G26: =G8-G25 -> -359.5 | H26: =H8-H25 -> -239.5 | I26: =I8-I25 -> -639.5 | ... M26: =M8-M25 -> -47.5 | N26: =SUM(B26:M26) -> -3764
A27: Net Profit/(Loss) | B27: =B26+0+0 -> -367.5 | C27: =C26+0+0 -> -446.5 | D27: =D26+0+0 -> -517.5 | E27: =E26+0+0 -> -267.5 | F27: =F26+0+0 -> -239.5 | G27: =G26+0+0 -> -359.5 | H27: =H26+0+0 -> -239.5 | I27: =I26+0+0 -> -639.5 | ... M27: =M26+0+0 -> -47.5 | N27: =SUM(B27:M27) -> -3764

Sheet PAC
A1: Guild of Undergraduates
A2: Budget Profit and Loss
A3: FY 2025
A4: PAC
A6: Financial Row | B6: 45658 | C6: 45689 | D6: 45717 | E6: 45748 | F6: 45778 | G6: 45809 | H6: 45839 | I6: 45870 | J6: 45901 | K6: 45931 | L6: 45962 | M6: 45992 | N6: Total
B7: Amount | C7: Amount | D7: Amount | E7: Amount | F7: Amount | G7: Amount | H7: Amount | I7: Amount | J7: Amount | K7: Amount | L7: Amount | M7: Amount | N7: Amount
A8: Gross Profit | B8: =0-0 -> 0 | C8: =0-0 -> 0 | D8: =0-0 -> 0 | E8: =0-0 -> 0 | F8: =0-0 -> 0 | G8: =0-0 -> 0 | H8: =0-0 -> 0 | I8: =0-0 -> 0 | ... N8: =0-0 -> 0
A9: Expenses
A10: ADMINISTRATIVE EXPENSES - ADMINISTRATIVE EXPENSES
A11: 305052 - Awards & Prizes | B11: 0 | C11: 0 | D11: 0 | E11: 0 | F11: 0 | G11: 0 | H11: 0 | I11: 0 | J11: 0 | K11: 1000 | L11: 0 | M11: 0 | N11: =SUM(B11:M11) -> 1000
A12: 305056 - Grants | B12: 0 | C12: 1400 | D12: 0 | E12: 0 | F12: 0 | G12: 0 | H12: 0 | I12: 1400 | J12: 0 | K12: 0 | L12: 0 | M12: 0 | N12: =SUM(B12:M12) -> 2800
A13: 305068 - Orientation Day Expenses | B13: 0 | C13: 150 | D13: 0 | E13: 0 | F13: 0 | G13: 50 | H13: 0 | I13: 0 | J13: 0 | K13: 0 | L13: 0 | M13: 0 | N13: =SUM(B13:M13) -> 200
A14: 305079 - Theme Week | B14: 0 | C14: 0 | D14: 550 | E14: 735 | F14: 550 | G14: 0 | H14: 550 | I14: 735 | J14: 550 | K14: 0 | L14: 0 | M14: 0 | N14: =SUM(B14:M14) -> 3670
A15: 305080 - Activities and Functions | B15: 0 | C15: 200 | D15: 0 | E15: 0 | F15: 0 | G15: 0 | H15: 0 | I15: 0 | J15: 0 | K15: 0 | L15: 0 | M15: 0 | N15: =SUM(B15:M15) -> 200
A16: 305166 - Meeting Expenses | B16: 0 | C16: 0 | D16: 0 | E16: 0 | F16: 0 | G16: 0 | H16: 0 | I16: 0 | J16: 0 | K16: 0 | L16: 0 | M16: 0 | N16: =SUM(B16:M16) -> 0
A17: 305180 - Printing & Stationery | B17: 0 | C17: 200 | D17: 0 | E17: 0 | F17: 0 | G17: 0 | H17: 0 | I17: 0 | J17: 0 | K17: 0 | L17: 0 | M17: 0 | N17: =SUM(B17:M17) -> 200
A18: 305225 - Uniforms | B18: 0 | C18: 0 | D18: 0 | E18: 0 | F18: 0 | G18: 0 | H18: 0 | I18: 0 | J18: 0 | K18: 0 | L18: 0 | M18: 0 | N18: =SUM(B18:M18) -> 0
A19: 305187 - Software Digital | B19: 21 | C19: 21 | D19: 21 | E19: 21 | F19: 21 | G19: 21 | H19: 21 | I19: 21 | J19: 21 | K19: 21 | L19: 21 | M19: 21 | N19: =SUM(B19:M19) -> 252
A20: Total - ADMINISTRATIVE EXPENSES - ADMINISTRATIVE EXPENSES | B20: =SUM(B11:B19) -> 21 | C20: =SUM(C11:C19) -> 1971 | D20: =SUM(D11:D19) -> 571 | E20: =SUM(E11:E19) -> 756 | F20: =SUM(F11:F19) -> 571 | G20: =SUM(G11:G19) -> 71 | H20: =SUM(H11:H19) -> 571 | I20: =SUM(I11:I19) -> 2156 | ... N20: =SUM(N11:N19) -> 8322
A21: Total - Expenses | B21: =SUM(B20) -> 21 | C21: =SUM(C20) -> 1971 | D21: =SUM(D20) -> 571 | E21: =SUM(E20) -> 756 | F21: =SUM(F20) -> 571 | G21: =SUM(G20) -> 71 | H21: =SUM(H20) -> 571 | I21: =SUM(I20) -> 2156 | ... N21: =SUM(N20) -> 8322
A22: Operating Profit | B22: =B8-B21 -> -21 | C22: =C8-C21 -> -1971 | D22: =D8-D21 -> -571 | E22: =E8-E21 -> -756 | F22: =F8-F21 -> -571 | G22: =G8-G21 -> -71 | H22: =H8-H21 -> -571 | I22: =I8-I21 -> -2156 | ... N22: =N8-N21 -> -8322
A23: Other Income
A24: OTHER INCOME - OTHER INCOME
A25: 103069 - Sundry Income | B25: 0 | C25: 0 | D25: 0 | E25: 0 | F25: 0 | G25: 0 | H25: 0 | I25: 0 | J25: 0 | K25: 0 | L25: 0 | M25: 0 | N25: =SUM(B25:M25) -> 0
A26: Total - OTHER INCOME - OTHER INCOME | B26: =SUM(B25) -> 0 | C26: =SUM(C25) -> 0 | D26: =SUM(D25) -> 0 | E26: =SUM(E25) -> 0 | F26: =SUM(F25) -> 0 | G26: =SUM(G25) -> 0 | H26: =SUM(H25) -> 0 | I26: =SUM(I25) -> 0 | ... N26: =SUM(N25) -> 0
A27: Total - Other Income | B27: =SUM(B26) -> 0 | C27: =SUM(C26) -> 0 | D27: =SUM(D26) -> 0 | E27: =SUM(E26) -> 0 | F27: =SUM(F26) -> 0 | G27: =SUM(G26) -> 0 | H27: =SUM(H26) -> 0 | I27: =SUM(I26) -> 0 | ... N27: =SUM(N26) -> 0
A28: Net Profit/(Loss) | B28: =B22+B27+0 -> -21 | C28: =C22+C27+0 -> -1971 | D28: =D22+D27+0 -> -571 | E28: =E22+E27+0 -> -756 | F28: =F22+F27+0 -> -571 | G28: =G22+G27+0 -> -71 | H28: =H22+H27+0 -> -571 | I28: =I22+I27+0 -> -2156 | ... N28: =N22+N27+0 -> -8322

Sheet SOC
A1: Guild of Undergraduates
A2: Budget Profit and Loss
A3: FY 2025
A4: SOC
A6: Financial Row | B6: 45658 | C6: 45689 | D6: 45717 | E6: 45748 | F6: 45778 | G6: 45809 | H6: 45839 | I6: 45870 | J6: 45901 | K6: 45931 | L6: 45962 | M6: 45992 | N6: Total
B7: Amount | C7: Amount | D7: Amount | E7: Amount | F7: Amount | G7: Amount | H7: Amount | I7: Amount | J7: Amount | K7: Amount | L7: Amount | M7: Amount | N7: Amount
A8: Gross Profit | B8: =0-0 -> 0 | C8: =0-0 -> 0 | D8: =0-0 -> 0 | E8: =0-0 -> 0 | F8: =0-0 -> 0 | G8: =0-0 -> 0 | H8: =0-0 -> 0 | I8: =0-0 -> 0 | ... N8: =0-0 -> 0
A9: Expenses
A10: ADMINISTRATIVE EXPENSES - ADMINISTRATIVE EXPENSES
A11: 305049 - SOC Grants | B11: 0 | C11: 0 | D11: 10000 | E11: 10000 | F11: 0 | G11: 0 | H11: 45000 | I11: 0 | J11: 10000 | K11: 65000 | L11: 0 | M11: 0 | N11: =SUM(B11:M11) -> 140000
A12: 305052 - Awards & Prizes | B12: 0 | C12: 0 | D12: 0 | E12: 0 | F12: 0 | G12: 0 | H12: 0 | I12: 0 | J12: 0 | K12: 3000 | L12: 0 | M12: 0 | N12: =SUM(B12:M12) -> 3000
A13: 305076 - Sundry Activities | B13: 0 | C13: 300 | D13: 300 | E13: 300 | F13: 300 | G13: 300 | H13: 300 | I13: 300 | J13: 300 | K13: 300 | L13: 300 | M13: 0 | N13: =SUM(B13:M13) -> 3000
A14: 305102 - Bank Charges | B14: 180 | C14: 180 | D14: 180 | E14: 180 | F14: 180 | G14: 180 | H14: 180 | I14: 180 | J14: 180 | K14: 180 | L14: 180 | M14: 180 | N14: =SUM(B14:M14) -> 2160
A15: 305166 - Meeting Expenses | B15: 0 | C15: 264.5 | D15: 134.5 | E15: 134.5 | F15: 134.5 | G15: 134.5 | H15: 134.5 | I15: 134.5 | J15: 134.5 | K15: 134.5 | L15: 0 | M15: 0 | N15: =SUM(B15:M15) -> 1340.5
A16: 305180 - Printing & Stationery | B16: 0 | C16: 0 | D16: 0 | E16: 0 | F16: 0 | G16: 0 | H16: 0 | I16: 0 | J16: 0 | K16: 0 | L16: 0 | M16: 0 | N16: =SUM(B16:M16) -> 0
A17: 305187 - Software Digital | B17: 111 | C17: 111 | D17: 111 | E17: 111 | F17: 111 | G17: 111 | H17: 111 | I17: 111 | J17: 1800 | K17: 111 | L17: 111 | M17: 111 | N17: =SUM(B17:M17) -> 3021
A18: 305189 - Repairs & Maintenance | B18: 150 | C18: 150 | D18: 150 | E18: 150 | F18: 0 | G18: 0 | H18: 0 | I18: 0 | J18: 150 | K18: 150 | L18: 150 | M18: 150 | N18: =SUM(B18:M18) -> 1200
A19: 305207 - Special Projects | B19: 0 | C19: 0 | D19: 0 | E19: 0 | F19: 0 | G19: 15000 | H19: 0 | I19: 0 | J19: 0 | K19: 0 | L19: 0 | M19: 0 | N19: =SUM(B19:M19) -> 15000
A20: 306005 - Depreciation - Property | B20: 16 | C20: 16 | D20: 16 | E20: 16 | F20: 16 | G20: 16 | H20: 16 | I20: 16 | J20: 16 | K20: 16 | L20: 16 | M20: 16 | N20: =SUM(B20:M20) -> 192
A21: Total - ADMINISTRATIVE EXPENSES - ADMINISTRATIVE EXPENSES | B21: =SUM(B11:B20) -> 457 | C21: =SUM(C11:C20) -> 1021.5 | D21: =SUM(D11:D20) -> 10891.5 | E21: =SUM(E11:E20) -> 10891.5 | F21: =SUM(F11:F20) -> 741.5 | G21: =SUM(G11:G20) -> 15741.5 | H21: =SUM(H11:H20) -> 45741.5 | I21: =SUM(I11:I20) -> 741.5 | ... N21: =SUM(N11:N20) -> 168913.5
A22: Total - Expenses | B22: =SUM(B21) -> 457 | C22: =SUM(C21) -> 1021.5 | D22: =SUM(D21) -> 10891.5 | E22: =SUM(E21) -> 10891.5 | F22: =SUM(F21) -> 741.5 | G22: =SUM(G21) -> 15741.5 | H22: =SUM(H21) -> 45741.5 | I22: =SUM(I21) -> 741.5 | ... N22: =SUM(N21) -> 168913.5
A23: Operating Profit | B23: =B8-B22 -> -457 | C23: =C8-C22 -> -1021.5 | D23: =D8-D22 -> -10891.5 | E23: =E8-E22 -> -10891.5 | F23: =F8-F22 -> -741.5 | G23: =G8-G22 -> -15741.5 | H23: =H8-H22 -> -45741.5 | I23: =I8-I22 -> -741.5 | ... N23: =N8-N22 -> -168913.5
A24: Other Income
A25: OTHER INCOME - OTHER INCOME
A26: 103069 - Sundry Income | B26: 150 | C26: 150 | D26: 150 | E26: 150 | F26: 150 | G26: 150 | H26: 150 | I26: 150 | J26: 150 | K26: 150 | L26: 150 | M26: 150 | N26: =SUM(B26:M26) -> 1800
A27: Total - OTHER INCOME - OTHER INCOME | B27: =SUM(B26) -> 150 | C27: =SUM(C26) -> 150 | D27: =SUM(D26) -> 150 | E27: =SUM(E26) -> 150 | F27: =SUM(F26) -> 150 | G27: =SUM(G26) -> 150 | H27: =SUM(H26) -> 150 | I27: =SUM(I26) -> 150 | ... N27: =SUM(N26) -> 1800
A28: Total - Other Income | B28: =SUM(,B27) -> 150 | C28: =SUM(,C27) -> 150 | D28: =SUM(,D27) -> 150 | E28: =SUM(,E27) -> 150 | F28: =SUM(,F27) -> 150 | G28: =SUM(,G27) -> 150 | H28: =SUM(,H27) -> 150 | I28: =SUM(,I27) -> 150 | ... N28: =SUM(,N27) -> 1800
A29: Net Profit/(Loss) | B29: =B23+B28+0 -> -307 | C29: =C23+C28+0 -> -871.5 | D29: =D23+D28+0 -> -10741.5 | E29: =E23+E28+0 -> -10741.5 | F29: =F23+F28+0 -> -591.5 | G29: =G23+G28+0 -> -15591.5 | H29: =H23+H28+0 -> -45591.5 | I29: =I23+I28+0 -> -591.5 | ... N29: =N23+N28+0 -> -167113.5

Sheet EDU
A1: Guild of Undergraduates
A2: Budget Profit and Loss
A3: FY 2025
A4: EDUCATION COUNCIL
A6: Financial Row | B6: 45658 | C6: 45689 | D6: 45717 | E6: 45748 | F6: 45778 | G6: 45809 | H6: 45839 | I6: 45870 | J6: 45901 | K6: 45931 | L6: 45962 | M6: 45992 | N6: Total
B7: Amount | C7: Amount | D7: Amount | E7: Amount | F7: Amount | G7: Amount | H7: Amount | I7: Amount | J7: Amount | K7: Amount | L7: Amount | M7: Amount | N7: Amount
A8: Gross Profit | B8: =0-0 -> 0 | C8: =0-0 -> 0 | D8: =0-0 -> 0 | E8: =0-0 -> 0 | F8: =0-0 -> 0 | G8: =0-0 -> 0 | H8: =0-0 -> 0 | I8: =0-0 -> 0 | ... N8: =0-0 -> 0
A9: Expenses
A10: ADMINISTRATIVE EXPENSES - ADMINISTRATIVE EXPENSES
A11: 305024 - Campaigns | B11: 0 | C11: 338 | D11: 0 | E11: 0 | F11: 0 | G11: 0 | H11: 0 | I11: 338 | J11: 0 | K11: 0 | L11: 0 | M11: 0 | N11: =SUM(B11:M11) -> 676
A12: 305052 - Awards & Prizes | B12: 0 | C12: 0 | D12: 1500 | E12: 0 | F12: 0 | G12: 0 | H12: 0 | I12: 0 | J12: 0 | K12: 0 | L12: 0 | M12: 0 | N12: =SUM(B12:M12) -> 1500
A13: 305056 - Grants | B13: 0 | C13: 0 | D13: 0 | E13: 31000 | F13: 0 | G13: 0 | H13: 0 | I13: 0 | J13: 31000 | K13: 0 | L13: 0 | M13: 0 | N13: =SUM(B13:M13) -> 62000
A14: 305068 - Orientation Day Expenses | B14: 100 | C14: 100 | D14: 0 | E14: 0 | F14: 0 | G14: 90 | H14: 0 | I14: 0 | J14: 0 | K14: 0 | L14: 0 | M14: 0 | N14: =SUM(B14:M14) -> 290
A15: 305117 - Conferences | B15: 0 | C15: 0 | D15: 0 | E15: 0 | F15: 0 | G15: 1000 | H15: 0 | I15: 0 | J15: 0 | K15: 0 | L15: 0 | M15: 0 | N15: =SUM(B15:M15) -> 1000
A16: 305180 - Printing & Stationery | B16: 0 | C16: 23 | D16: 23 | E16: 23 | F16: 23 | G16: 23 | H16: 23 | I16: 23 | J16: 23 | K16: 23 | L16: 23 | M16: 0 | N16: =SUM(B16:M16) -> 230
A17: 305181 - Publications | B17: 0 | C17: 0 | D17: 0 | E17: 0 | F17: 0 | G17: 0 | H17: 0 | I17: 0 | J17: 0 | K17: 0 | L17: 0 | M17: 0 | N17: =SUM(B17:M17) -> 0
A18: 305187 - Software Digital | B18: 36 | C18: 36 | D18: 36 | E18: 36 | F18: 36 | G18: 36 | H18: 36 | I18: 36 | J18: 36 | K18: 36 | L18: 36 | M18: 36 | N18: =SUM(B18:M18) -> 432
A19: 305207 - Special Projects | B19: 95 | C19: 95 | D19: 95 | E19: 95 | F19: 95 | G19: 95 | H19: 95 | I19: 95 | J19: 95 | K19: 95 | L19: 0 | M19: 0 | N19: =SUM(B19:M19) -> 950
A20: 305225 - Uniforms | B20: 20 | C20: 0 | D20: 0 | E20: 0 | F20: 0 | G20: 0 | H20: 0 | I20: 0 | J20: 0 | K20: 0 | L20: 0 | M20: 0 | N20: =SUM(B20:M20) -> 20
A21: 306004 - Depreciation - Computer Equipment | B21: 0 | C21: 0 | D21: 0 | E21: 0 | F21: 0 | G21: 0 | H21: 0 | I21: 0 | J21: 0 | K21: 0 | L21: 0 | M21: 0 | N21: =SUM(B21:M21) -> 0
A22: Total - ADMINISTRATIVE EXPENSES - ADMINISTRATIVE EXPENSES | B22: =SUM(B11:B21) -> 251 | C22: =SUM(C11:C21) -> 592 | D22: =SUM(D11:D21) -> 1654 | E22: =SUM(E11:E21) -> 31154 | F22: =SUM(F11:F21) -> 154 | G22: =SUM(G11:G21) -> 1244 | H22: =SUM(H11:H21) -> 154 | I22: =SUM(I11:I21) -> 492 | ... N22: =SUM(N11:N21) -> 67098
A23: Total - Expenses | B23: =SUM(B22) -> 251 | C23: =SUM(C22) -> 592 | D23: =SUM(D22) -> 1654 | E23: =SUM(E22) -> 31154 | F23: =SUM(F22) -> 154 | G23: =SUM(G22) -> 1244 | H23: =SUM(H22) -> 154 | I23: =SUM(I22) -> 492 | ... N23: =SUM(N22) -> 67098
A24: Operating Profit | B24: =B8-B23 -> -251 | C24: =C8-C23 -> -592 | D24: =D8-D23 -> -1654 | E24: =E8-E23 -> -31154 | F24: =F8-F23 -> -154 | G24: =G8-G23 -> -1244 | H24: =H8-H23 -> -154 | I24: =I8-I23 -> -492 | ... N24: =N8-N23 -> -67098
A25: Net Profit/(Loss) | B25: =B24+0+0 -> -251 | C25: =C24+0+0 -> -592 | D25: =D24+0+0 -> -1654 | E25: =E24+0+0 -> -31154 | F25: =F24+0+0 -> -154 | G25: =G24+0+0 -> -1244 | H25: =H24+0+0 -> -154 | I25: =I24+0+0 -> -492 | ... N25: =N24+0+0 -> -67098

Sheet SPORTS
A1: Guild of Undergraduates
A2: Budget Profit and Loss
A3: FY 2025
A4: SPORTS COUNCIL
A6: Financial Row | B6: 45658 | C6: 45689 | D6: 45717 | E6: 45748 | F6: 45778 | G6: 45809 | H6: 45839 | I6: 45870 | J6: 45901 | K6: 45931 | L6: 45962 | M6: 45992 | N6: Total
B7: Amount | C7: Amount | D7: Amount | E7: Amount | F7: Amount | G7: Amount | H7: Amount | I7: Amount | J7: Amount | K7: Amount | L7: Amount | M7: Amount | N7: Amount
A8: Gross Profit | B8: =0-0 -> 0 | C8: =0-0 -> 0 | D8: =0-0 -> 0 | E8: =0-0 -> 0 | F8: =0-0 -> 0 | G8: =0-0 -> 0 | H8: =0-0 -> 0 | I8: =0-0 -> 0 | ... N8: =0-0 -> 0
A9: Expenses
A10: ADMINISTRATIVE EXPENSES - ADMINISTRATIVE EXPENSES
A11: 305076 - Sundry Activities | B11: 0 | C11: 0 | D11: 0 | E11: 0 | F11: 0 | G11: 0 | H11: 0 | I11: 0 | J11: 0 | K11: 0 | L11: 0 | M11: 0 | N11: =SUM(B11:M11) -> 0
A12: 305080 - Activities and Functions | B12: 0 | C12: 0 | D12: 250 | E12: 200 | F12: 200 | G12: 200 | H12: 0 | I12: 200 | J12: 200 | K12: 200 | L12: 200 | M12: 0 | N12: =SUM(B12:M12) -> 1650
A13: 305185 - Minor Assets | B13: 0 | C13: 550 | D13: 475 | E13: 0 | F13: 0 | G13: 0 | H13: 0 | I13: 475 | J13: 0 | K13: 0 | L13: 0 | M13: 0 | N13: =SUM(B13:M13) -> 1500
A14: 305225 - Uniforms | B14: 30 | C14: 0 | D14: 0 | E14: 0 | F14: 0 | G14: 0 | H14: 0 | I14: 0 | J14: 0 | K14: 0 | L14: 0 | M14: 0 | N14: =SUM(B14:M14) -> 30
A15: 305187 - Software Digital | B15: 12 | C15: 12 | D15: 12 | E15: 12 | F15: 12 | G15: 12 | H15: 12 | I15: 12 | J15: 12 | K15: 12 | L15: 12 | M15: 12 | N15: =SUM(B15:M15) -> 144
A16: Total - ADMINISTRATIVE EXPENSES - ADMINISTRATIVE EXPENSES | B16: =SUM(B11:B15) -> 42 | C16: =SUM(C11:C15) -> 562 | D16: =SUM(D11:D15) -> 737 | E16: =SUM(E11:E15) -> 212 | F16: =SUM(F11:F15) -> 212 | G16: =SUM(G11:G15) -> 212 | H16: =SUM(H11:H15) -> 12 | I16: =SUM(I11:I15) -> 687 | ... N16: =SUM(N11:N15) -> 3324
A17: Total - Expenses | B17: =SUM(B16) -> 42 | C17: =SUM(C16) -> 562 | D17: =SUM(D16) -> 737 | E17: =SUM(E16) -> 212 | F17: =SUM(F16) -> 212 | G17: =SUM(G16) -> 212 | H17: =SUM(H16) -> 12 | I17: =SUM(I16) -> 687 | ... N17: =SUM(N16) -> 3324
A18: Operating Profit | B18: =B8-B17 -> -42 | C18: =C8-C17 -> -562 | D18: =D8-D17 -> -737 | E18: =E8-E17 -> -212 | F18: =F8-F17 -> -212 | G18: =G8-G17 -> -212 | H18: =H8-H17 -> -12 | I18: =I8-I17 -> -687 | ... N18: =N8-N17 -> -3324
A19: Net Profit/(Loss) | B19: =B18+0+0 -> -42 | C19: =C18+0+0 -> -562 | D19: =D18+0+0 -> -737 | E19: =E18+0+0 -> -212 | F19: =F18+0+0 -> -212 | G19: =G18+0+0 -> -212 | H19: =H18+0+0 -> -12 | I19: =I18+0+0 -> -687 | ... N19: =N18+0+0 -> -3324

Sheet STU INNOV
A1: Guild of Undergraduates
A2: Budget Profit and Loss
A3: FY 2025
A4: STUDENT INNOVATION CENTRE
A6: Financial Row | B6: 45658 | C6: 45689 | D6: 45717 | E6: 45748 | F6: 45778 | G6: 45809 | H6: 45839 | I6: 45870 | J6: 45901 | K6: 45931 | L6: 45962 | M6: 45992 | N6: FY
B7: Amount | C7: Amount | D7: Amount | E7: Amount | F7: Amount | G7: Amount | H7: Amount | I7: Amount | J7: Amount | K7: Amount | L7: Amount | M7: Amount | N7: Budget
A8: Gross Profit | B8: =0-0 -> 0 | C8: =0-0 -> 0 | D8: =0-0 -> 0 | E8: =0-0 -> 0 | F8: =0-0 -> 0 | G8: =0-0 -> 0 | H8: =0-0 -> 0 | I8: =0-0 -> 0 | ... N8: =0-0 -> 0
A9: Expenses
A10: ADMINISTRATIVE EXPENSES - ADMINISTRATIVE EXPENSES
A11: 305056 - Grants | B11: 45000 | C11: 0 | D11: 0 | E11: 0 | F11: 2500 | G11: 0 | H11: 0 | I11: 0 | J11: 0 | K11: 2500 | L11: 0 | M11: 0 | N11: =SUM(B11:M11) -> 50000
A12: 305068 - Orientation Day Expenses | B12: 0 | C12: 0 | D12: 0 | E12: 0 | F12: 0 | G12: 0 | H12: 0 | I12: 0 | J12: 0 | K12: 0 | L12: 0 | M12: 0 | N12: =SUM(B12:M12) -> 0
A13: 305080 - Activities and Functions | B13: 0 | C13: 2000 | D13: 2000 | E13: 2000 | F13: 2000 | G13: 2000 | H13: 2000 | I13: 2000 | J13: 2000 | K13: 2000 | L13: 2000 | M13: 0 | N13: =SUM(B13:M13) -> 20000
A14: 305083 - Advertising & Promotion | B14: 0 | C14: 0 | D14: 0 | E14: 0 | F14: 0 | G14: 0 | H14: 0 | I14: 0 | J14: 0 | K14: 0 | L14: 0 | M14: 0 | N14: =SUM(B14:M14) -> 0
A15: 305108 - Cleaning Contract | B15: 350 | C15: 350 | D15: 350 | E15: 350 | F15: 350 | G15: 350 | H15: 350 | I15: 350 | J15: 350 | K15: 350 | L15: 350 | M15: 350 | N15: =SUM(B15:M15) -> 4200
A16: 305111 - Communication Expenses | B16: 40 | C16: 40 | D16: 40 | E16: 40 | F16: 40 | G16: 40 | H16: 40 | I16: 40 | J16: 40 | K16: 40 | L16: 40 | M16: 40 | N16: =SUM(B16:M16) -> 480
A17: 305132 - Utilities | B17: 120 | C17: 120 | D17: 120 | E17: 120 | F17: 120 | G17: 120 | H17: 120 | I17: 120 | J17: 120 | K17: 120 | L17: 120 | M17: 120 | N17: =SUM(B17:M17) -> 1440
A18: 305120 - Consultants | B18: 3750 | C18: 3750 | D18: 3750 | E18: 3750 | F18: 3750 | G18: 3750 | H18: 3750 | I18: 3750 | J18: 3750 | K18: 3750 | L18: 3750 | M18: 3750 | N18: =SUM(B18:M18) -> 45000
A19: 305180 - Printing & Stationery | B19: 160 | C19: 30 | D19: 30 | E19: 30 | F19: 30 | G19: 30 | H19: 30 | I19: 30 | J19: 30 | K19: 30 | L19: 30 | M19: 30 | N19: =SUM(B19:M19) -> 490
A20: 305147 - General Expenses | B20: 0 | C20: 0 | D20: 0 | E20: 0 | F20: 0 | G20: 0 | H20: 0 | I20: 0 | J20: 0 | K20: 0 | L20: 0 | M20: 0 | N20: =SUM(B20:M20) -> 0
A21: 305187 - Software Digital | B21: 90 | C21: 90 | D21: 90 | E21: 90 | F21: 90 | G21: 90 | H21: 90 | I21: 90 | J21: 90 | K21: 90 | L21: 90 | M21: 90 | N21: =SUM(B21:M21) -> 1080
A22: 306003 - Depreciation - Furniture & Fittings | B22: 342.25 | C22: 342.25 | D22: 342.25 | E22: 342.25 | F22: 342.25 | G22: 342.25 | H22: 342.25 | I22: 342.25 | J22: 342.25 | K22: 342.25 | L22: 342.25 | M22: 342.25 | N22: =SUM(B22:M22) -> 4107
A23: 306004 - Depreciation - Computer Equipment | B23: 78.18 | C23: 78.18 | D23: 78.18 | E23: 78.18 | F23: 78.18 | G23: 78.18 | H23: 78.18 | I23: 78.18 | J23: 78.18 | K23: 78.18 | L23: 78.18 | M23: 78.18 | N23: =SUM(B23:M23) -> 938.16
A24: Total - ADMINISTRATIVE EXPENSES - ADMINISTRATIVE EXPENSES | B24: =SUM(B12:B23) -> 4930.43 | C24: =SUM(C12:C23) -> 6800.43 | D24: =SUM(D12:D23) -> 6800.43 | E24: =SUM(E12:E23) -> 6800.43 | F24: =SUM(F12:F23) -> 6800.43 | G24: =SUM(G12:G23) -> 6800.43 | H24: =SUM(H12:H23) -> 6800.43 | I24: =SUM(I12:I23) -> 6800.43 | ... M24: =SUM(M12:M23) -> 4800.43 | N24: =SUM(N11:N23) -> 127735.16
A25: EMPLOYEE BENEFITS EXPENSE - EMPLOYEE BENEFITS EXPENSE
A26: 304001 - Salaries & Wages - Permanent Staff | B26: 20945.016 | C26: 22047.385 | D26: 23149.755 | E26: 24252.124 | F26: 25354.493 | G26: 22047.385 | H26: 25354.493 | I26: 24252.124 | J26: 23149.755 | K26: 25354.493 | L26: 23149.755 | M26: 26529.272 | N26: =SUM(B26:M26) -> 285586.05
A27: 304010 - Superannuation | B27: 3495.1572 | C27: 3679.1129 | D27: 3863.0685 | E27: 4047.0241 | F27: 4230.9798 | G27: 3679.1129 | H27: 4230.9798 | I27: 4047.0241 | J27: 3863.0685 | K27: 4230.9798 | L27: 3863.0685 | M27: 4047.0241 | N27: =SUM(B27:M27) -> 47276.6
A28: 304013 - Workers Compensation Insurance | B28: 221.93613 | C28: 233.61698 | D28: 245.29783 | E28: 256.97868 | F28: 268.65952 | G28: 233.61698 | H28: 268.65952 | I28: 256.97868 | J28: 245.29783 | K28: 268.65952 | L28: 245.29783 | M28: 256.97868 | N28: =SUM(B28:M28) -> 3001.9782
A29: 304016 - Annual Leave Provision | B29: 2471.6684 | C29: 1992.6907 | D29: 2092.3252 | E29: 2191.9597 | F29: 2291.5943 | G29: 1992.6907 | H29: 2291.5943 | I29: 2191.9597 | J29: 2092.3252 | K29: 2291.5943 | L29: 2092.3252 | M29: 2191.9597 | N29: =SUM(B29:M29) -> 26184.687
A30: 304019 - Long Service Leave Provision | B30: 762.03566 | C30: 551.18464 | D30: 578.74387 | E30: 606.3031 | F30: 633.86233 | G30: 551.18464 | H30: 633.86233 | I30: 606.3031 | J30: 578.74387 | K30: 633.86233 | L30: 578.74387 | M30: 606.3031 | N30: =SUM(B30:M30) -> 7321.1328
A31: Total - EMPLOYEE BENEFITS EXPENSE - EMPLOYEE BENEFITS EXPENSE | B31: =SUM(B26:B30) -> 27895.814 | C31: =SUM(C26:C30) -> 28503.991 | D31: =SUM(D26:D30) -> 29929.19 | E31: =SUM(E26:E30) -> 31354.39 | F31: =SUM(F26:F30) -> 32779.589 | G31: =SUM(G26:G30) -> 28503.991 | H31: =SUM(H26:H30) -> 32779.589 | I31: =SUM(I26:I30) -> 31354.39 | ... N31: =SUM(N26:N30) -> 369370.45
A32: Total - Expenses | B32: =SUM(B24,B31) -> 32826.244 | C32: =SUM(C24,C31) -> 35304.421 | D32: =SUM(D24,D31) -> 36729.62 | E32: =SUM(E24,E31) -> 38154.82 | F32: =SUM(F24,F31) -> 39580.019 | G32: =SUM(G24,G31) -> 35304.421 | H32: =SUM(H24,H31) -> 39580.019 | I32: =SUM(I24,I31) -> 38154.82 | ... N32: =SUM(N24,N31) -> 497105.61
A33: Operating Profit | B33: =B5-B32 -> -32826.244 | C33: =C5-C32 -> -35304.421 | D33: =D5-D32 -> -36729.62 | E33: =E5-E32 -> -38154.82 | F33: =F5-F32 -> -39580.019 | G33: =G5-G32 -> -35304.421 | H33: =H5-H32 -> -39580.019 | I33: =I5-I32 -> -38154.82 | ... N33: =N5-N32 -> -497105.61
A34: Other Income
A35: OTHER INCOME - OTHER INCOME
A36: 103028 - Grant Income Received | B36: =B46 -> 57650 | C36: =C46 -> 54650 | D36: =D46 -> 9650 | E36: =E46 -> 9650 | F36: =F46 -> 54650 | G36: =G46 -> 9650 | H36: =H46 -> 9650 | I36: =I46 -> 54650 | ... M36: =M46 -> 9650 | N36: =SUM(B36:M36) -> 348800
A37: 103069 - Sundry Income | B37: 0 | C37: 0 | D37: 10000 | E37: 0 | F37: 0 | G37: 0 | H37: 0 | I37: 0 | J37: 0 | K37: 0 | L37: 0 | M37: 0 | N37: =SUM(B37:M37) -> 10000
A38: Total - OTHER INCOME - OTHER INCOME | B38: =SUM(B37) -> 0 | C38: =SUM(C37) -> 0 | D38: =SUM(D37) -> 10000 | E38: =SUM(E37) -> 0 | F38: =SUM(F37) -> 0 | G38: =SUM(G37) -> 0 | H38: =SUM(H37) -> 0 | I38: =SUM(I37) -> 0 | ... M38: =SUM(M37) -> 0 | N38: =SUM(N36:N37) -> 358800
A39: Total - Other Income | B39: =SUM(B38) -> 0 | C39: =SUM(C38) -> 0 | D39: =SUM(D38) -> 10000 | E39: =SUM(E38) -> 0 | F39: =SUM(F38) -> 0 | G39: =SUM(G38) -> 0 | H39: =SUM(H38) -> 0 | I39: =SUM(I38) -> 0 | ... N39: =SUM(N38) -> 358800
A40: Net Profit/(Loss) | B40: =B33+B39+0 -> -32826.244 | C40: =C33+C39+0 -> -35304.421 | D40: =D33+D39+0 -> -26729.62 | E40: =E33+E39+0 -> -38154.82 | F40: =F33+F39+0 -> -39580.019 | G40: =G33+G39+0 -> -35304.421 | H40: =H33+H39+0 -> -39580.019 | I40: =I33+I39+0 -> -38154.82 | ... N40: =N33+N39+0 -> -138305.61
A43: Grant Income:
A44: UWA Grant | B44: 9650 | C44: 9650 | D44: 9650 | E44: 9650 | F44: 9650 | G44: 9650 | H44: 9650 | I44: 9650 | J44: 9650 | K44: 9650 | L44: 9650 | M44: 9650 | N44: =SUM(B44:M44) -> 115800
A45: Malka | B45: 48000 | C45: 45000 | F45: 45000 | I45: 45000 | L45: 50000 | N45: =SUM(B45:M45) -> 233000
B46: =SUM(B44:B45) -> 57650 | C46: =SUM(C44:C45) -> 54650 | D46: =SUM(D44:D45) -> 9650 | E46: =SUM(E44:E45) -> 9650 | F46: =SUM(F44:F45) -> 54650 | G46: =SUM(G44:G45) -> 9650 | H46: =SUM(H44:H45) -> 9650 | I46: =SUM(I44:I45) -> 54650 | ... N46: =SUM(N44:N45) -> 348800

Sheet SA
A1: Guild of Undergraduates
A2: Budget Profit and Loss
A3: FY 2025
A4: STUDENT ASSIST
A6: Financial Row | B6: 45658 | C6: 45689 | D6: 45717 | E6: 45748 | F6: 45778 | G6: 45809 | H6: 45839 | I6: 45870 | J6: 45901 | K6: 45931 | L6: 45962 | M6: 45992 | N6: Total
B7: Amount | C7: Amount | D7: Amount | E7: Amount | F7: Amount | G7: Amount | H7: Amount | I7: Amount | J7: Amount | K7: Amount | L7: Amount | M7: Amount | N7: Amount
A8: Gross Profit | B8: =0-0 -> 0 | C8: =0-0 -> 0 | D8: =0-0 -> 0 | E8: =0-0 -> 0 | F8: =0-0 -> 0 | G8: =0-0 -> 0 | H8: =0-0 -> 0 | I8: =0-0 -> 0 | ... N8: =0-0 -> 0
A9: Expenses
A10: ADMINISTRATIVE EXPENSES - ADMINISTRATIVE EXPENSES
A11: 305016 - Orientation Week | B11: 0 | C11: 200 | D11: 0 | E11: 0 | F11: 0 | G11: 0 | H11: 0 | I11: 0 | J11: 0 | K11: 0 | L11: 0 | M11: 0 | N11: =SUM(B11:M11) -> 200
A12: 305020 - Guild Meal Vouchers distributed | B12: 100 | C12: 100 | D12: 100 | E12: 100 | F12: 100 | G12: 100 | H12: 100 | I12: 100 | J12: 100 | K12: 100 | L12: 100 | M12: 100 | N12: =SUM(B12:M12) -> 1200
A13: 305029 - Grant Distributed | B13: 500 | C13: 2500 | D13: 2000 | E13: 2000 | F13: 2000 | G13: 1500 | H13: 1500 | I13: 1500 | J13: 1500 | K13: 1500 | L13: 1000 | M13: 1000 | N13: =SUM(B13:M13) -> 18500
A14: 305068 - Orientation Day Expenses | B14: 0 | C14: 500 | D14: 0 | E14: 0 | F14: 0 | G14: 0 | H14: 0 | I14: 0 | J14: 0 | K14: 0 | L14: 0 | M14: 0 | N14: =SUM(B14:M14) -> 500
A15: 305076 - Sundry Activities | B15: 350 | C15: 350 | D15: 350 | E15: 350 | F15: 350 | G15: 350 | H15: 350 | I15: 350 | J15: 350 | K15: 350 | L15: 350 | M15: 350 | N15: =SUM(B15:M15) -> 4200
A16: 305083 - Advertising & Promotion | B16: 100 | C16: 100 | D16: 100 | E16: 100 | F16: 100 | G16: 100 | H16: 100 | I16: 100 | J16: 100 | K16: 100 | L16: 100 | M16: 100 | N16: =SUM(B16:M16) -> 1200
A17: 305108 - Cleaning Contract | B17: 125 | C17: 125 | D17: 125 | E17: 125 | F17: 125 | G17: 125 | H17: 125 | I17: 125 | J17: 125 | K17: 125 | L17: 125 | M17: 125 | N17: =SUM(B17:M17) -> 1500
A18: 305111 - Communication Expenses | B18: 130 | C18: 130 | D18: 130 | E18: 130 | F18: 130 | G18: 130 | H18: 130 | I18: 130 | J18: 130 | K18: 130 | L18: 130 | M18: 130 | N18: =SUM(B18:M18) -> 1560
A19: 305120 - Consultants | B19: 500 | C19: 500 | D19: 500 | E19: 500 | F19: 500 | G19: 500 | H19: 500 | I19: 500 | J19: 500 | K19: 500 | L19: 500 | M19: 500 | N19: =SUM(B19:M19) -> 6000
A20: 305132 - Utilities | B20: 100 | C20: 100 | D20: 100 | E20: 100 | F20: 100 | G20: 100 | H20: 100 | I20: 100 | J20: 100 | K20: 100 | L20: 100 | M20: 100 | N20: =SUM(B20:M20) -> 1200
A21: 305147 - General Expenses | B21: 40 | C21: 40 | D21: 40 | E21: 40 | F21: 40 | G21: 40 | H21: 40 | I21: 40 | J21: 40 | K21: 40 | L21: 40 | M21: 40 | N21: =SUM(B21:M21) -> 480
A22: 305180 - Printing & Stationery | B22: 100 | C22: 100 | D22: 100 | E22: 100 | F22: 100 | G22: 100 | H22: 100 | I22: 100 | J22: 100 | K22: 100 | L22: 100 | M22: 100 | N22: =SUM(B22:M22) -> 1200
... A25: 306006 - Depreciation - Intangible Assets | B25: 0 | C25: 0 | D25: 0 | E25: 0 | F25: 0 | G25: 0 | H25: 0 | I25: 0 | J25: 0 | K25: 0 | L25: 0 | M25: 0 | N25: =SUM(B25:M25) -> 0
A26: Total - ADMINISTRATIVE EXPENSES - ADMINISTRATIVE EXPENSES | B26: =SUM(B11:B25) -> 2406.23 | C26: =SUM(C11:C25) -> 5106.23 | D26: =SUM(D11:D25) -> 3906.23 | E26: =SUM(E11:E25) -> 3906.23 | F26: =SUM(F11:F25) -> 3906.23 | G26: =SUM(G11:G25) -> 3406.23 | H26: =SUM(H11:H25) -> 3406.23 | I26: =SUM(I11:I25) -> 3406.23 | ... N26: =SUM(N11:N25) -> 42074.76
A27: EMPLOYEE BENEFITS EXPENSE - EMPLOYEE BENEFITS EXPENSE
A28: 304001 - Salaries & Wages - Permanent Staff | B28: 30924.49 | C28: 32552.09 | D28: 34179.7 | E28: 35807.3 | F28: 37434.91 | G28: 32552.09 | H28: 37434.91 | I28: 35807.3 | J28: 34179.7 | K28: 37434.91 | L28: 34179.7 | M28: 41323.07 | N28: =SUM(B28:M28) -> 423810.17
A29: 304010 - Superannuation | B29: 5466.57 | C29: 5754.29 | D29: 6042 | E29: 6329.72 | F29: 6617.43 | G29: 5754.29 | H29: 6617.43 | I29: 6329.72 | J29: 6042 | K29: 6617.43 | L29: 6042 | M29: 6329.72 | N29: =SUM(B29:M29) -> 73942.6
A30: 304013 - Workers Compensation Insurance | B30: 327.68 | C30: 344.93 | D30: 362.17 | E30: 379.42 | F30: 396.67 | G30: 344.93 | H30: 396.67 | I30: 379.42 | J30: 362.17 | K30: 396.67 | L30: 362.17 | M30: 379.42 | N30: =SUM(B30:M30) -> 4432.32
A31: 304016 - Annual Leave Provision | B31: 3429.48 | C31: 2942.13 | D31: 3089.24 | E31: 3236.34 | F31: 3383.45 | G31: 2942.13 | H31: 3383.45 | I31: 3236.34 | J31: 3089.24 | K31: 3383.45 | L31: 3089.24 | M31: 3236.34 | N31: =SUM(B31:M31) -> 38440.83
A32: 304019 - Long Service Leave Provision | B32: 1503.6 | C32: 813.8 | D32: 854.49 | E32: 895.18 | F32: 935.87 | G32: 813.8 | H32: 935.87 | I32: 895.18 | J32: 854.49 | K32: 935.87 | L32: 854.49 | M32: 895.18 | N32: =SUM(B32:M32) -> 11187.82
A33: Total - EMPLOYEE BENEFITS EXPENSE - EMPLOYEE BENEFITS EXPENSE | B33: =SUM(B28:B32) -> 41651.82 | C33: =SUM(C28:C32) -> 42407.24 | D33: =SUM(D28:D32) -> 44527.6 | E33: =SUM(E28:E32) -> 46647.96 | F33: =SUM(F28:F32) -> 48768.33 | G33: =SUM(G28:G32) -> 42407.24 | H33: =SUM(H28:H32) -> 48768.33 | I33: =SUM(I28:I32) -> 46647.96 | ... N33: =SUM(N28:N32) -> 551813.74
A34: Total - Expenses | B34: =SUM(B26,B33) -> 44058.05 | C34: =SUM(C26,C33) -> 47513.47 | D34: =SUM(D26,D33) -> 48433.83 | E34: =SUM(E26,E33) -> 50554.19 | F34: =SUM(F26,F33) -> 52674.56 | G34: =SUM(G26,G33) -> 45813.47 | H34: =SUM(H26,H33) -> 52174.56 | I34: =SUM(I26,I33) -> 50054.19 | ... N34: =SUM(N26,N33) -> 593888.5
A35: Operating Profit | B35: =B8-B34 -> -44058.05 | C35: =C8-C34 -> -47513.47 | D35: =D8-D34 -> -48433.83 | E35: =E8-E34 -> -50554.19 | F35: =F8-F34 -> -52674.56 | G35: =G8-G34 -> -45813.47 | H35: =H8-H34 -> -52174.56 | I35: =I8-I34 -> -50054.19 | ... N35: =N8-N34 -> -593888.5
A36: Net Profit/(Loss) | B36: =B35+0+0 -> -44058.05 | C36: =C35+0+0 -> -47513.47 | D36: =D35+0+0 -> -48433.83 | E36: =E35+0+0 -> -50554.19 | F36: =F35+0+0 -> -52674.56 | G36: =G35+0+0 -> -45813.47 | H36: =H35+0+0 -> -52174.56 | I36: =I35+0+0 -> -50054.19 | ... N36: =N35+0+0 -> -593888.5

Sheet EVENTS
A1: Guild of Undergraduates
A2: Budget Profit and Loss
A3: FY 2025
A4: EVENTS
A6: Financial Row | B6: 45658 | C6: 45689 | D6: 45717 | E6: 45748 | F6: 45778 | G6: 45809 | H6: 45839 | I6: 45870 | J6: 45901 | K6: 45931 | L6: 45962 | M6: 45992
B7: Amount | C7: Amount | D7: Amount | E7: Amount | F7: Amount | G7: Amount | H7: Amount | I7: Amount | J7: Amount | K7: Amount | L7: Amount | M7: Amount | N7: Total | O7: 2019 Budget | P7: Under/over | Q7: Events 2020 Budget
A8: Gross Profit | B8: =0-0 -> 0 | C8: =0-0 -> 0 | D8: =0-0 -> 0 | E8: =0-0 -> 0 | F8: =0-0 -> 0 | G8: =0-0 -> 0 | H8: =0-0 -> 0 | I8: =0-0 -> 0 | ... N8: =0-0 -> 0
A9: Expenses
A10: ADMINISTRATIVE EXPENSES - ADMINISTRATIVE EXPENSES
A11: 305016 - Orientation Week | B11: 0 | C11: 4500 | D11: 0 | E11: 0 | F11: 0 | G11: 0 | H11: 13500 | I11: 0 | J11: 0 | K11: 0 | L11: 0 | M11: 0 | N11: =SUM(B11:M11) -> 18000 | O11: 10000 | P11: =N11-O11 -> 8000 | Q11: 8000
A12: 305017 - Returners Festival | B12: 0 | C12: 5000 | D12: 28500 | E12: 1500 | F12: 0 | G12: 0 | H12: 0 | I12: 0 | J12: 0 | K12: 0 | L12: 0 | M12: 0 | N12: =SUM(B12:M12) -> 35000 | O12: 35000 | P12: =N12-O12 -> 0 | Q12: 35000
A13: 305053 - Guild Ball | B13: 0 | C13: 0 | D13: 0 | E13: 0 | F13: 0 | G13: 0 | H13: 0 | I13: 0 | J13: 5000 | K13: 32000 | L13: 0 | M13: 0 | N13: =SUM(B13:M13) -> 37000 | O13: 37000 | P13: =N13-O13 -> 0 | Q13: 37000
A14: 305068 - Orientation Day Expenses | B14: 5000 | C14: 60000 | D14: 0 | E14: 0 | F14: 0 | G14: 0 | H14: 0 | I14: 0 | J14: 0 | K14: 0 | L14: 0 | M14: 0 | N14: =SUM(B14:M14) -> 65000 | O14: 65000 | P14: =N14-O14 -> 0 | Q14: 65000
A15: 305076 - Sundry Activities | B15: 1000 | C15: 0 | D15: 1000 | E15: 1000 | F15: 1000 | G15: 1000 | H15: 1000 | I15: 1000 | J15: 1000 | K15: 1000 | L15: 2000 | M15: 0 | N15: =SUM(B15:M15) -> 11000 | O15: 9000 | P15: =N15-O15 -> 2000 | Q15: 11000
A16: 305085 - End of Semester Show | B16: 0 | C16: 0 | D16: 0 | E16: 0 | F16: 0 | G16: 6250 | H16: 0 | I16: 0 | J16: 0 | K16: 0 | L16: 6250 | M16: 0 | N16: =SUM(B16:M16) -> 12500 | O16: 10000 | P16: =N16-O16 -> 2500 | Q16: 12500
A17: 305086 - Wellness Initiatives | B17: 0 | C17: 0 | D17: 0 | E17: 0 | F17: 0 | G17: 0 | H17: 0 | I17: 0 | J17: 0 | K17: 0 | L17: 0 | M17: 0 | N17: =SUM(B17:M17) -> 0 | O17: 5000 | P17: =N17-O17 -> -5000 | Q17: 5000
A18: 305108 - Cleaning Contract | B18: 30 | C18: 30 | D18: 30 | E18: 30 | F18: 30 | G18: 30 | H18: 30 | I18: 30 | J18: 30 | K18: 30 | L18: 30 | M18: 30 | N18: =SUM(B18:M18) -> 360 | O18: 1200 | P18: =N18-O18 -> -840 | Q18: 1200
A19: 305111 - Communication Expenses | B19: 45 | C19: 45 | D19: 45 | E19: 45 | F19: 45 | G19: 45 | H19: 45 | I19: 45 | J19: 45 | K19: 45 | L19: 45 | M19: 45 | N19: =SUM(B19:M19) -> 540 | O19: 780 | P19: =N19-O19 -> -240 | Q19: 780
A20: 305132 - Utilities | B20: 40 | C20: 40 | D20: 40 | E20: 40 | F20: 40 | G20: 40 | H20: 40 | I20: 40 | J20: 40 | K20: 40 | L20: 40 | M20: 40 | N20: =SUM(B20:M20) -> 480 | O20: 480 | P20: =N20-O20 -> 0 | Q20: 480
A21: 305147 - General Expenses | B21: 0 | C21: 300 | D21: 300 | E21: 300 | F21: 300 | G21: 300 | H21: 300 | I21: 300 | J21: 300 | K21: 300 | L21: 300 | M21: 0 | N21: =SUM(B21:M21) -> 3000 | O21: 3000 | P21: =N21-O21 -> 0 | Q21: 3000
A22: 305180 - Printing & Stationery | B22: 50 | C22: 50 | D22: 50 | E22: 50 | F22: 50 | G22: 50 | H22: 50 | I22: 50 | J22: 50 | K22: 50 | L22: 50 | M22: 50 | N22: =SUM(B22:M22) -> 600 | O22: 600 | P22: =N22-O22 -> 0 | Q22: 600
A23: 305187 - Software Digital | B23: 51 | C23: 51 | D23: 51 | E23: 51 | F23: 51 | G23: 51 | H23: 51 | I23: 51 | J23: 1450 | K23: 1300 | L23: 51 | M23: 51 | N23: =SUM(B23:M23) -> 3260
A24: 305207 - Special Projects | B24: 0 | C24: 300 | D24: 300 | E24: 300 | F24: 300 | G24: 300 | H24: 300 | I24: 300 | J24: 300 | K24: 300 | L24: 300 | M24: 0 | N24: =SUM(B24:M24) -> 3000 | O24: 3000 | P24: =N24-O24 -> 0 | Q24: 3000
A25: 306001 - Depreciation - Plant & Equipment | B25: 0 | C25: 0 | D25: 0 | E25: 0 | F25: 0 | G25: 0 | H25: 0 | I25: 0 | J25: 0 | K25: 0 | L25: 0 | M25: 0 | N25: =SUM(B25:M25) -> 0 | P25: =N25-O25 -> 0
A26: 306004 - Depreciation - Computer Equipment | B26: 74.72 | C26: 74.72 | D26: 74.72 | E26: 74.72 | F26: 74.72 | G26: 74.72 | H26: 74.72 | I26: 74.72 | J26: 74.72 | K26: 74.72 | L26: 74.72 | M26: 74.72 | N26: =SUM(B26:M26) -> 896.64 | P26: =N26-O26 -> 896.64
A27: Total - ADMINISTRATIVE EXPENSES - ADMINISTRATIVE EXPENSES | B27: =SUM(B11:B26) -> 6290.72 | C27: =SUM(C11:C26) -> 70390.72 | D27: =SUM(D11:D26) -> 30390.72 | E27: =SUM(E11:E26) -> 3390.72 | F27: =SUM(F11:F26) -> 1890.72 | G27: =SUM(G11:G26) -> 8140.72 | H27: =SUM(H11:H26) -> 15390.72 | I27: =SUM(I11:I26) -> 1890.72 | ... O27: =SUM(O11:O26) -> 180060 | P27: =N27-O27 -> 10576.64 | Q27: =SUM(Q9:Q26) -> 182560
A28: EMPLOYEE BENEFITS EXPENSE - EMPLOYEE BENEFITS EXPENSE
A29: 304001 - Salaries & Wages - Permanent Staff | B29: 14921.63 | C29: 15706.98 | D29: 16492.33 | E29: 17277.68 | F29: 18063.03 | G29: 15706.98 | H29: 18063.03 | I29: 17277.68 | J29: 16492.33 | K29: 18063.03 | L29: 16492.33 | M29: 20130.84 | N29: =SUM(B29:M29) -> 204687.87 | Q29: 156518.55
A30: 304004 - Salaries & Wages - Other | B30: 250 | C30: 3000 | D30: 2500 | E30: 50 | F30: 150 | G30: 200 | H30: 50 | I30: 75 | J30: 75 | K30: 50 | L30: 25 | M30: - | N30: =SUM(B30:M30) -> 6425 | Q30: 6425
A31: 304010 - Superannuation | B31: 2200.51 | C31: 2576.32 | D31: 2643.39 | E31: 2525.2 | F31: 2649.27 | G31: 2310.32 | H31: 2639.77 | I31: 2527.58 | J31: 2413.01 | K31: 2639.77 | L31: 2408.26 | M31: 2520.45 | N31: =SUM(B31:M31) -> 30053.85 | Q31: 18050.309
A32: 304013 - Workers Compensation Insurance | B32: 160.49 | C32: 194.93 | D32: 198.5 | E32: 183.55 | F32: 192.82 | G32: 168.33 | H32: 191.87 | I32: 183.79 | J32: 175.47 | K32: 191.87 | L32: 174.99 | M32: 183.08 | N32: =SUM(B32:M32) -> 2199.69 | Q32: 1689.5115
A33: 304016 - Annual Leave Provision | B33: 1649.26 | C33: 1419.63 | D33: 1490.61 | E33: 1561.59 | F33: 1632.58 | G33: 1419.63 | H33: 1632.58 | I33: 1561.59 | J33: 1490.61 | K33: 1632.58 | L33: 1490.61 | M33: 1561.59 | N33: =SUM(B33:M33) -> 18542.86 | Q33: 14035.441
A34: 304019 - Long Service Leave Provision | B34: 900.54 | C34: 467.67 | D34: 474.81 | E34: 433.19 | F34: 455.33 | G34: 397.67 | H34: 452.83 | I34: 433.82 | J34: 414.18 | K34: 452.83 | L34: 412.93 | M34: 431.94 | N34: =SUM(B34:M34) -> 5727.74 | Q34: 4177.0908
A35: Total - EMPLOYEE BENEFITS EXPENSE - EMPLOYEE BENEFITS EXPENSE | B35: =SUM(B29:B34) -> 20082.43 | C35: =SUM(C29:C34) -> 23365.53 | D35: =SUM(D29:D34) -> 23799.64 | E35: =SUM(E29:E34) -> 22031.21 | F35: =SUM(F29:F34) -> 23143.03 | G35: =SUM(G29:G34) -> 20202.93 | H35: =SUM(H29:H34) -> 23030.08 | I35: =SUM(I29:I34) -> 22059.46 | ... N35: =SUM(N29:N34) -> 267637.01 | Q35: =SUM(Q29:Q34) -> 200895.9
A36: Total - Expenses | B36: =SUM(B27,B35) -> 26373.15 | C36: =SUM(C27,C35) -> 93756.25 | D36: =SUM(D27,D35) -> 54190.36 | E36: =SUM(E27,E35) -> 25421.93 | F36: =SUM(F27,F35) -> 25033.75 | G36: =SUM(G27,G35) -> 28343.65 | H36: =SUM(H27,H35) -> 38420.8 | I36: =SUM(I27,I35) -> 23950.18 | ... N36: =SUM(N27,N35) -> 458273.65 | Q36: =SUM(Q27,Q35) -> 383455.9
A37: Operating Profit | B37: =B8-B36 -> -26373.15 | C37: =C8-C36 -> -93756.25 | D37: =D8-D36 -> -54190.36 | E37: =E8-E36 -> -25421.93 | F37: =F8-F36 -> -25033.75 | G37: =G8-G36 -> -28343.65 | H37: =H8-H36 -> -38420.8 | I37: =I8-I36 -> -23950.18 | ... N37: =N8-N36 -> -458273.65 | Q37: =Q8-Q36 -> -383455.9
A38: Other Income
A39: OTHER INCOME - OTHER INCOME
A40: 103055 - Market Day Income | B40: 0 | C40: 0 | D40: 200 | E40: 200 | F40: 200 | G40: 0 | H40: 0 | I40: 200 | J40: 200 | K40: 200 | L40: 200 | M40: 0 | N40: =SUM(B40:M40) -> 1400 | O40: 4000 | P40: =N40-O40 -> -2600 | Q40: 2800
A41: 103068 - Orientation Day Income | B41: 0 | C41: 95000 | D41: 0 | E41: 0 | F41: 0 | G41: 0 | H41: 0 | I41: 0 | J41: 0 | K41: 0 | L41: 0 | M41: 0 | N41: =SUM(B41:M41) -> 95000 | O41: 95000 | P41: =N41-O41 -> 0 | Q41: 95000
A42: 103069 - Sundry Income | B42: 0 | C42: 0 | D42: 2000 | E42: 0 | F42: 0 | G42: 0 | H42: 0 | I42: 0 | J42: 0 | K42: 25000 | L42: 0 | M42: 0 | N42: =SUM(B42:M42) -> 27000 | O42: 29000 | P42: =N42-O42 -> -2000 | Q42: 27000
A43: Total - OTHER INCOME - OTHER INCOME | B43: 117.85724 | C43: 124.06025 | D43: 130.26326 | E43: 136.46628 | F43: 142.66929 | G43: 124.06025 | H43: 142.66929 | I43: 136.46628 | J43: 130.26326 | K43: 142.66929 | L43: 130.26326 | M43: 136.46628 | N43: =SUM(N40:N42) -> 123400 | P43: =N43-O43 -> 123400 | Q43: =SUM(Q40:Q42) -> 124800
A44: Total - Other Income | B44: 1138.5769 | C44: 1058.2009 | D44: 1111.111 | E44: 1164.021 | F44: 1216.9311 | G44: 1058.2009 | H44: 1216.9311 | I44: 1164.021 | J44: 1111.111 | K44: 1216.9311 | L44: 1111.111 | M44: 1164.021 | N44: =SUM(N43) -> 123400 | P44: =N44-O44 -> 123400 | Q44: =SUM(Q43) -> 124800
A45: Net Profit/(Loss) | B45: 720.80844 | C45: 292.70178 | D45: 307.33686 | E45: 321.97195 | F45: 336.60704 | G45: 292.70178 | H45: 336.60704 | I45: 321.97195 | J45: 307.33686 | K45: 336.60704 | L45: 307.33686 | M45: 321.97195 | N45: =N37+N44+0 -> -334873.65 | P45: =N45-O45 -> -334873.65 | Q45: =Q37+Q44+0 -> -258655.9

Sheet GSC
A1: Guild of Undergraduates
A2: Budget Profit and Loss
A3: FY 2025
A4: GSC
A6: Financial Row | B6: 45658 | C6: 45689 | D6: 45717 | E6: 45748 | F6: 45778 | G6: 45809 | H6: 45839 | I6: 45870 | J6: 45901 | K6: 45931 | L6: 45962 | M6: 45992 | N6: Total
B7: Amount | C7: Amount | D7: Amount | E7: Amount | F7: Amount | G7: Amount | H7: Amount | I7: Amount | J7: Amount | K7: Amount | L7: Amount | M7: Amount | N7: Amount
A8: Income
A9: SALES OF GOODS - SALES OF GOODS
A10: 101009 - Freight Income | B10: 0 | C10: 0 | D10: 0 | E10: 0 | F10: 0 | G10: 0 | H10: 0 | I10: 0 | J10: 0 | K10: 0 | L10: 0 | M10: 0 | N10: =SUM(B10:M10) -> 0
A11: 101011 - Sundry Sales | B11: 5000 | C11: 11000 | D11: 5000 | E11: 7000 | F11: 8500 | G11: 5000 | H11: 8000 | I11: 8500 | J11: 4000 | K11: 10000 | L11: 5000 | M11: 5000 | N11: =SUM(B11:M11) -> 82000
A12: 101012 - Sales Shopify | B12: 500 | C12: 700 | D12: 800 | E12: 400 | F12: 2000 | G12: 500 | H12: 300 | I12: 500 | J12: 100 | K12: 4000 | L12: 5000 | M12: 500 | N12: =SUM(B12:M12) -> 15300
A13: 101900 - Sales - Internal | B13: 0 | C13: 0 | D13: 0 | E13: 0 | F13: 0 | G13: 0 | H13: 0 | I13: 0 | J13: 0 | K13: 0 | L13: 0 | M13: 0 | N13: =SUM(B13:M13) -> 0
A14: Total - SALES OF GOODS - SALES OF GOODS | B14: =SUM(B10:B13) -> 5500 | C14: =SUM(C10:C13) -> 11700 | D14: =SUM(D10:D13) -> 5800 | E14: =SUM(E10:E13) -> 7400 | F14: =SUM(F10:F13) -> 10500 | G14: =SUM(G10:G13) -> 5500 | H14: =SUM(H10:H13) -> 8300 | I14: =SUM(I10:I13) -> 9000 | ... N14: =SUM(N10:N13) -> 97300
A15: Total - Income | B15: =SUM(B14) -> 5500 | C15: =SUM(C14) -> 11700 | D15: =SUM(D14) -> 5800 | E15: =SUM(E14) -> 7400 | F15: =SUM(F14) -> 10500 | G15: =SUM(G14) -> 5500 | H15: =SUM(H14) -> 8300 | I15: =SUM(I14) -> 9000 | ... N15: =SUM(N14) -> 97300
A16: Cost Of Sales
A17: 201070 - Cost of Goods Sold | B17: 2750 | C17: 5850 | D17: 2900 | E17: 3700 | F17: 5250 | G17: 2750 | H17: 5300 | I17: 4500 | J17: 2050 | K17: 12000 | L17: 2750 | M17: 2750 | N17: =SUM(B17:M17) -> 52550
A18: Total - Cost Of Sales | B18: =SUM(B17) -> 2750 | C18: =SUM(C17) -> 5850 | D18: =SUM(D17) -> 2900 | E18: =SUM(E17) -> 3700 | F18: =SUM(F17) -> 5250 | G18: =SUM(G17) -> 2750 | H18: =SUM(H17) -> 5300 | I18: =SUM(I17) -> 4500 | ... N18: =SUM(N17) -> 52550
A19: Gross Profit | B19: =B15-B18 -> 2750 | C19: =C15-C18 -> 5850 | D19: =D15-D18 -> 2900 | E19: =E15-E18 -> 3700 | F19: =F15-F18 -> 5250 | G19: =G15-G18 -> 2750 | H19: =H15-H18 -> 3000 | I19: =I15-I18 -> 4500 | ... N19: =N15-N18 -> 44750
A20: Expenses
A21: ADMINISTRATIVE EXPENSES - ADMINISTRATIVE EXPENSES
A22: 305057 - Website | B22: 20 | C22: 2280 | D22: 20 | E22: 20 | F22: 20 | G22: 20 | H22: 20 | I22: 20 | J22: 20 | K22: 20 | L22: 20 | M22: 20 | N22: =SUM(B22:M22) -> 2500
A23: 305016 - Orientation Week | B23: 0 | C23: 500 | D23: 0 | E23: 0 | F23: 0 | G23: 0 | H23: 0 | I23: 0 | J23: 0 | K23: 0 | L23: 0 | M23: 0 | N23: =SUM(B23:M23) -> 500
A24: 305050 - Research & Survey | B24: 0 | C24: 0 | D24: 0 | E24: 0 | F24: 0 | G24: 0 | H24: 0 | I24: 0 | J24: 0 | K24: 0 | L24: 0 | M24: 0 | N24: =SUM(B24:M24) -> 0
A25: 305068 - Orientation Day Expenses | B25: 0 | C25: 200 | D25: 0 | E25: 0 | F25: 0 | G25: 0 | H25: 0 | I25: 0 | J25: 0 | K25: 0 | L25: 0 | M25: 0 | N25: =SUM(B25:M25) -> 200
A26: 305076 - Sundry Activities | B26: 0 | C26: 0 | D26: 0 | E26: 0 | F26: 0 | G26: 0 | H26: 0 | I26: 0 | J26: 0 | K26: 0 | L26: 0 | M26: 0 | N26: =SUM(B26:M26) -> 0
A27: 305083 - Advertising & Promotion | B27: 100 | C27: 100 | D27: 100 | E27: 100 | F27: 100 | G27: 100 | H27: 100 | I27: 100 | J27: 100 | K27: 100 | L27: 100 | M27: 100 | N27: =SUM(B27:M27) -> 1200
A28: 305108 - Cleaning Contract | B28: 131 | C28: 131 | D28: 131 | E28: 131 | F28: 131 | G28: 131 | H28: 131 | I28: 131 | J28: 131 | K28: 131 | L28: 131 | M28: 131 | N28: =SUM(B28:M28) -> 1572
A29: 305111 - Communication Expenses | B29: 20 | C29: 20 | D29: 20 | E29: 20 | F29: 20 | G29: 20 | H29: 20 | I29: 20 | J29: 20 | K29: 20 | L29: 20 | M29: 20 | N29: =SUM(B29:M29) -> 240
A30: 305132 - Utilities | B30: 250 | C30: 3000 | D30: 2500 | E30: 50 | F30: 150 | G30: 200 | H30: 50 | I30: 75 | J30: 75 | K30: 50 | L30: 25 | M30: 0 | N30: =SUM(B30:M30) -> 6425
A31: 305147 - General Expenses | B31: 2015.1825 | C31: 2381.2448 | D31: 2438.557 | E31: 2310.6192 | F31: 2424.9315 | G31: 2115.2448 | H31: 2415.4315 | I31: 2312.9942 | J31: 2208.182 | K31: 2415.4315 | L31: 2203.432 | M31: 2305.8692 | N31: =SUM(B31:M31) -> 27547.12
A32: 305180 - Printing & Stationery | B32: 154.73694 | C32: 188.88099 | D32: 192.15004 | E32: 176.89409 | F32: 185.86314 | G32: 162.28099 | H32: 184.91314 | I32: 177.13159 | J32: 169.11254 | K32: 184.91314 | L32: 168.63754 | M32: 176.41909 | N32: =SUM(B32:M32) -> 2121.9332
A33: 305187 - Software Digital | B33: 1600.2166 | C33: 1368.0072 | D33: 1436.4075 | E33: 1504.8079 | F33: 1573.2083 | G33: 1368.0072 | H33: 1573.2083 | I33: 1504.8079 | J33: 1436.4075 | K33: 1573.2083 | L33: 1436.4075 | M33: 1504.8079 | N33: =SUM(B33:M33) -> 17879.502
... A38: 306006 - Depreciation - Intangible Assets | B38: 0 | C38: 0 | D38: 0 | E38: 0 | F38: 0 | G38: 0 | H38: 0 | I38: 0 | J38: 0 | K38: 0 | L38: 0 | M38: 0 | N38: =SUM(B38:M38) -> 0
A39: Total - ADMINISTRATIVE EXPENSES - ADMINISTRATIVE EXPENSES | B39: =SUM(B22:B38) -> 5348.6157 | C39: =SUM(C22:C38) -> 10793.038 | D39: =SUM(D22:D38) -> 7468.4395 | E39: =SUM(E22:E38) -> 4901.3159 | F39: =SUM(F22:F38) -> 5214.4173 | G39: =SUM(G22:G38) -> 4670.4381 | H39: =SUM(H22:H38) -> 5101.4673 | I39: =SUM(I22:I38) -> 4929.5534 | ... N39: =SUM(N22:N38) -> 67775.923
A40: EMPLOYEE BENEFITS EXPENSE - EMPLOYEE BENEFITS EXPENSE
A41: 304001 - Salaries & Wages - Permanent Staff | B41: 9200.6999 | C41: 9684.9473 | D41: 10169.195 | E41: 10653.442 | F41: 11137.689 | G41: 9684.9473 | H41: 11137.689 | I41: 10653.442 | J41: 10169.195 | K41: 11137.689 | L41: 10169.195 | M41: 11856.961 | N41: =SUM(B41:M41) -> 125655.09
A42: 304004 - Salaries & Wages - Others | B42: 0 | C42: 4480 | D42: 1120 | E42: 0 | F42: 0 | G42: 0 | H42: 2800 | I42: 0 | J42: 0 | K42: 0 | L42: 0 | M42: 0 | N42: =SUM(B42:M42) -> 8400
A43: 304010 - Superannuation | B43: 1923.2964 | C43: 2552.6026 | D43: 2257.7687 | E43: 2226.9748 | F43: 2328.201 | G43: 2024.5226 | H43: 2672.601 | I43: 2226.9748 | J43: 2125.7487 | K43: 2328.201 | L43: 2125.7487 | M43: 2437.5907 | N43: =SUM(B43:M43) -> 27230.231
A44: 304013 - Workers Compensation Insurance | B44: 97.491818 | C44: 146.24697 | D44: 118.66011 | E44: 112.88526 | F44: 118.01641 | G44: 102.62297 | H44: 145.28141 | I44: 112.88526 | J44: 107.75411 | K44: 118.01641 | L44: 107.75411 | M44: 112.88526 | N44: =SUM(B44:M44) -> 1400.5001
A45: 304016 - Annual Leave Provision | B45: 964.86527 | C45: 875.3466 | D45: 919.11393 | E45: 962.88126 | F45: 1006.6486 | G45: 875.3466 | H45: 1006.6486 | I45: 962.88126 | J45: 919.11393 | K45: 1006.6486 | L45: 919.11393 | M45: 962.88126 | N45: =SUM(B45:M45) -> 11381.49
A46: 304019 - Long Service Leave Provision | B46: 672.75925 | C46: 354.12368 | D46: 282.22987 | E46: 266.33605 | F46: 278.44223 | G46: 242.12368 | H46: 348.44223 | I46: 266.33605 | J46: 254.22987 | K46: 278.44223 | L46: 254.22987 | M46: 266.33605 | N46: =SUM(B46:M46) -> 3764.0311
A47: Total - EMPLOYEE BENEFITS EXPENSE - EMPLOYEE BENEFITS EXPENSE | B47: =SUM(B41:B46) -> 12859.113 | C47: =SUM(C41:C46) -> 18093.267 | D47: =SUM(D41:D46) -> 14866.967 | E47: =SUM(E41:E46) -> 14222.519 | F47: =SUM(F41:F46) -> 14868.998 | G47: =SUM(G41:G46) -> 12929.563 | H47: =SUM(H41:H46) -> 18110.663 | I47: =SUM(I41:I46) -> 14222.519 | ... N47: =SUM(N41:N46) -> 177831.34
A48: Total - Expenses | B48: =SUM(B39,B47) -> 18207.728 | C48: =SUM(C39,C47) -> 28886.305 | D48: =SUM(D39,D47) -> 22335.407 | E48: =SUM(E39,E47) -> 19123.835 | F48: =SUM(F39,F47) -> 20083.415 | G48: =SUM(G39,G47) -> 17600.001 | H48: =SUM(H39,H47) -> 23212.13 | I48: =SUM(I39,I47) -> 19152.073 | ... N48: =SUM(N39,N47) -> 245607.27
A49: Operating Profit | B49: =B19-B48 -> -15457.728 | C49: =C19-C48 -> -23036.305 | D49: =D19-D48 -> -19435.407 | E49: =E19-E48 -> -15423.835 | F49: =F19-F48 -> -14833.415 | G49: =G19-G48 -> -14850.001 | H49: =H19-H48 -> -20212.13 | I49: =I19-I48 -> -14652.073 | ... N49: =N19-N48 -> -200857.27
A50: Other Income
A51: OTHER INCOME - OTHER INCOME
A52: 103061 - Commission Income | B52: 850 | C52: 7300 | D52: 1800 | E52: 2000 | F52: 1000 | G52: 700 | H52: 5000 | I52: 2000 | J52: 1000 | K52: 500 | L52: 500 | M52: 500 | N52: =SUM(B52:M52) -> 23150 | O52: Smart rider
A53: 103014 - Diary Advertising Income | B53: 0 | C53: 0 | D53: 0 | E53: 0 | F53: 0 | G53: 0 | H53: 0 | I53: 0 | J53: 0 | K53: 0 | L53: 0 | M53: 0 | N53: =SUM(B53:M53) -> 0
A54: 103069 - Sundry Income | B54: 0 | C54: 0 | D54: 0 | E54: 0 | F54: 0 | G54: 0 | H54: 0 | I54: 0 | J54: 0 | K54: 0 | L54: 0 | M54: 0 | N54: =SUM(B54:M54) -> 0
A55: Total - OTHER INCOME - OTHER INCOME | B55: =SUM(B52:B54) -> 850 | C55: =SUM(C52:C54) -> 7300 | D55: =SUM(D52:D54) -> 1800 | E55: =SUM(E52:E54) -> 2000 | F55: =SUM(F52:F54) -> 1000 | G55: =SUM(G52:G54) -> 700 | H55: =SUM(H52:H54) -> 5000 | I55: =SUM(I52:I54) -> 2000 | ... N55: =SUM(N52:N54) -> 23150
A56: Total - Other Income | B56: =SUM(B55) -> 850 | C56: =SUM(C55) -> 7300 | D56: =SUM(D55) -> 1800 | E56: =SUM(E55) -> 2000 | F56: =SUM(F55) -> 1000 | G56: =SUM(G55) -> 700 | H56: =SUM(H55) -> 5000 | I56: =SUM(I55) -> 2000 | ... N56: =SUM(N55) -> 23150
A57: Net Profit/(Loss) | B57: =B49+B56+0 -> -14607.728 | C57: =C49+C56+0 -> -15736.305 | D57: =D49+D56+0 -> -17635.407 | E57: =E49+E56+0 -> -13423.835 | F57: =F49+F56+0 -> -13833.415 | G57: =G49+G56+0 -> -14150.001 | H57: =H49+H56+0 -> -15212.13 | I57: =I49+I56+0 -> -12652.073 | ... N57: =N49+N56+0 -> -177707.27

Sheet MKTG
A1: Guild of Undergraduates
A2: Budget Profit and Loss
A3: FY 2025
A4: Marketing
A6: Financial Row | B6: 45658 | C6: 45689 | D6: 45717 | E6: 45748 | F6: 45778 | G6: 45809 | H6: 45839 | I6: 45870 | J6: 45901 | K6: 45931 | L6: 45962 | M6: 45992 | N6: Total
B7: Amount | C7: Amount | D7: Amount | E7: Amount | F7: Amount | G7: Amount | H7: Amount | I7: Amount | J7: Amount | K7: Amount | L7: Amount | M7: Amount | N7: Amount
A8: Income
A9: SALES OF GOODS - SALES OF GOODS
A10: 101011 - Sundry Sales | B10: 0 | C10: 300 | D10: 200 | E10: 0 | F10: 0 | G10: 0 | H10: 300 | I10: 200 | J10: 0 | K10: 0 | L10: 0 | M10: 0 | N10: =SUM(B10:M10) -> 1000
A11: 101900 - Sales - Internal | B11: 0 | C11: 0 | D11: 0 | E11: 0 | F11: 0 | G11: 0 | H11: 0 | I11: 0 | J11: 0 | K11: 0 | L11: 0 | M11: 0 | N11: =SUM(B11:M11) -> 0
A12: Total - SALES OF GOODS - SALES OF GOODS | B12: =SUM(B10:B11) -> 0 | C12: =SUM(C10:C11) -> 300 | D12: =SUM(D10:D11) -> 200 | E12: =SUM(E10:E11) -> 0 | F12: =SUM(F10:F11) -> 0 | G12: =SUM(G10:G11) -> 0 | H12: =SUM(H10:H11) -> 300 | I12: =SUM(I10:I11) -> 200 | ... N12: =SUM(N10:N11) -> 1000
A13: Total - Income | B13: =SUM(B12) -> 0 | C13: =SUM(C12) -> 300 | D13: =SUM(D12) -> 200 | E13: =SUM(E12) -> 0 | F13: =SUM(F12) -> 0 | G13: =SUM(G12) -> 0 | H13: =SUM(H12) -> 300 | I13: =SUM(I12) -> 200 | ... N13: =SUM(N12) -> 1000
A14: Cost Of Sales
A15: 201070 - Cost of Goods Sold | B15: 0 | C15: 500 | D15: 500 | E15: 0 | F15: 0 | G15: 0 | H15: 500 | I15: 0 | J15: 0 | K15: 0 | L15: 0 | M15: 0 | N15: =SUM(B15:M15) -> 1500
A16: Total - Cost Of Sales | B16: =SUM(B15) -> 0 | C16: =SUM(C15) -> 500 | D16: =SUM(D15) -> 500 | E16: =SUM(E15) -> 0 | F16: =SUM(F15) -> 0 | G16: =SUM(G15) -> 0 | H16: =SUM(H15) -> 500 | I16: =SUM(I15) -> 0 | ... N16: =SUM(N15) -> 1500
A17: Gross Profit | B17: =B13-B16 -> 0 | C17: =C13-C16 -> -200 | D17: =D13-D16 -> -300 | E17: =E13-E16 -> 0 | F17: =F13-F16 -> 0 | G17: =G13-G16 -> 0 | H17: =H13-H16 -> -200 | I17: =I13-I16 -> 200 | ... N17: =N13-N16 -> -500
A18: Expenses
A19: ADMINISTRATIVE EXPENSES - ADMINISTRATIVE EXPENSES
A20: 305014 - Diary Production | B20: 20000 | C20: 0 | D20: 0 | E20: 0 | F20: 0 | G20: 0 | H20: 0 | I20: 0 | J20: 0 | K20: 0 | L20: 0 | M20: 0 | N20: =SUM(B20:M20) -> 20000
A21: 305016 - Orientation Week | B21: 2000 | C21: 500 | D21: 0 | E21: 0 | F21: 0 | G21: 0 | H21: 500 | I21: 0 | J21: 0 | K21: 0 | L21: 0 | M21: 0 | N21: =SUM(B21:M21) -> 3000
A22: 305050 - Research & Survey | B22: 1100 | C22: 0 | D22: 0 | E22: 0 | F22: 0 | G22: 0 | H22: 500 | I22: 0 | J22: 0 | K22: 0 | L22: 2200 | M22: 0 | N22: =SUM(B22:M22) -> 3800
A23: 305068 - Orientation Day Expenses | B23: 0 | C23: 1000 | D23: 1000 | E23: 0 | F23: 0 | G23: 0 | H23: 1000 | I23: 500 | J23: 0 | K23: 0 | L23: 0 | M23: 0 | N23: =SUM(B23:M23) -> 3500
A24: 305076 - Sundry Activities | B24: 0 | C24: 500 | D24: 0 | E24: 0 | F24: 0 | G24: 0 | H24: 0 | I24: 0 | J24: 500 | K24: 0 | L24: 0 | M24: 0 | N24: =SUM(B24:M24) -> 1000
A25: 305083 - Advertising & Promotion | B25: 500 | C25: 1000 | D25: 500 | E25: 500 | F25: 500 | G25: 500 | H25: 1000 | I25: 500 | J25: 500 | K25: 500 | L25: 500 | M25: 500 | N25: =SUM(B25:M25) -> 7000
A26: 305108 - Cleaning Contract | B26: 131 | C26: 131 | D26: 131 | E26: 131 | F26: 131 | G26: 131 | H26: 131 | I26: 131 | J26: 131 | K26: 131 | L26: 131 | M26: 131 | N26: =SUM(B26:M26) -> 1572
A27: 305111 - Communication Expenses | B27: 20 | C27: 20 | D27: 20 | E27: 20 | F27: 20 | G27: 20 | H27: 20 | I27: 20 | J27: 20 | K27: 20 | L27: 20 | M27: 20 | N27: =SUM(B27:M27) -> 240
A28: 305132 - Utilities | B28: 0 | C28: 0 | D28: 0 | E28: 0 | F28: 0 | G28: 0 | H28: 0 | I28: 0 | J28: 0 | K28: 0 | L28: 0 | M28: 0 | N28: =SUM(B28:M28) -> 0
A29: 305147 - General Expenses | B29: 20 | C29: 20 | D29: 20 | E29: 20 | F29: 20 | G29: 20 | H29: 20 | I29: 20 | J29: 20 | K29: 20 | L29: 20 | M29: 20 | N29: =SUM(B29:M29) -> 240
A30: 305180 - Printing & Stationery | B30: 50 | C30: 50 | D30: 50 | E30: 50 | F30: 50 | G30: 50 | H30: 50 | I30: 50 | J30: 50 | K30: 50 | L30: 50 | M30: 50 | N30: =SUM(B30:M30) -> 600
A31: 305187 - Software Digital | B31: 15 | C31: 15 | D31: 15 | E31: 15 | F31: 15 | G31: 15 | H31: 15 | I31: 15 | J31: 15 | K31: 15 | L31: 15 | M31: 15 | N31: =SUM(B31:M31) -> 180
... A36: 306006 - Depreciation - Intangible Assets | B36: 225.36 | C36: 225.36 | D36: 225.36 | E36: 225.36 | F36: 225.36 | G36: 225.36 | H36: 225.36 | I36: 225.36 | J36: 225.36 | K36: 225.36 | L36: 225.36 | M36: 225.36 | N36: =SUM(B36:M36) -> 2704.32
A37: Total - ADMINISTRATIVE EXPENSES - ADMINISTRATIVE EXPENSES | B37: =SUM(B20:B36) -> 25868.15 | C37: =SUM(C20:C36) -> 4868.15 | D37: =SUM(D20:D36) -> 3368.15 | E37: =SUM(E20:E36) -> 2368.15 | F37: =SUM(F20:F36) -> 2768.15 | G37: =SUM(G20:G36) -> 2368.15 | H37: =SUM(H20:H36) -> 4868.15 | I37: =SUM(I20:I36) -> 2868.15 | ... N37: =SUM(N20:N36) -> 62317.8
A38: EMPLOYEE BENEFITS EXPENSE - EMPLOYEE BENEFITS EXPENSE
A39: 304001 - Salaries & Wages - Permanent Staff | B39: 14264.64 | C39: 15015.41 | D39: 15766.18 | E39: 16516.95 | F39: 17267.73 | G39: 15015.41 | H39: 17267.73 | I39: 16516.95 | J39: 15766.18 | K39: 17267.73 | L39: 15766.18 | M39: 20688.56 | N39: =SUM(B39:M39) -> 197119.65
A40: 304010 - Superannuation | B40: 2481.4 | C40: 2612 | D40: 2742.6 | E40: 2873.2 | F40: 3003.8 | G40: 2612 | H40: 3003.8 | I40: 2873.2 | J40: 2742.6 | K40: 3003.8 | L40: 2742.6 | M40: 2873.2 | N40: =SUM(B40:M40) -> 33564.2
A41: 304013 - Workers Compensation Insurance | B41: 150.75 | C41: 158.68 | D41: 166.61 | E41: 174.55 | F41: 182.48 | G41: 158.68 | H41: 182.48 | I41: 174.55 | J41: 166.61 | K41: 182.48 | L41: 166.61 | M41: 174.55 | N41: =SUM(B41:M41) -> 2039.03
A42: 304016 - Annual Leave Provision | B42: 1398.3 | C42: 1357.13 | D42: 1424.98 | E42: 1492.84 | F42: 1560.69 | G42: 1357.13 | H42: 1560.69 | I42: 1492.84 | J42: 1424.98 | K42: 1560.69 | L42: 1424.98 | M42: 1492.84 | N42: =SUM(B42:M42) -> 17548.09
A43: 304019 - Long Service Leave Provision | B43: 493.45 | C43: 330.71 | D43: 347.24 | E43: 363.78 | F43: 380.31 | G43: 330.71 | H43: 380.31 | I43: 363.78 | J43: 347.24 | K43: 380.31 | L43: 347.24 | M43: 363.78 | N43: =SUM(B43:M43) -> 4428.86
A44: 304023 - Supplementary Payment Provision | B44: - | C44: - | D44: - | E44: - | F44: - | G44: - | H44: - | I44: - | J44: - | K44: - | L44: - | M44: - | N44: =SUM(B44:M44) -> 0
A45: Total - EMPLOYEE BENEFITS EXPENSE - EMPLOYEE BENEFITS EXPENSE | B45: =SUM(B39:B44) -> 18788.54 | C45: =SUM(C39:C44) -> 19473.93 | D45: =SUM(D39:D44) -> 20447.61 | E45: =SUM(E39:E44) -> 21421.32 | F45: =SUM(F39:F44) -> 22395.01 | G45: =SUM(G39:G44) -> 19473.93 | H45: =SUM(H39:H44) -> 22395.01 | I45: =SUM(I39:I44) -> 21421.32 | ... N45: =SUM(N39:N44) -> 254699.83
A46: Total - Expenses | B46: =SUM(B37,B45) -> 44656.69 | C46: =SUM(C37,C45) -> 24342.08 | D46: =SUM(D37,D45) -> 23815.76 | E46: =SUM(E37,E45) -> 23789.47 | F46: =SUM(F37,F45) -> 25163.16 | G46: =SUM(G37,G45) -> 21842.08 | H46: =SUM(H37,H45) -> 27263.16 | I46: =SUM(I37,I45) -> 24289.47 | ... N46: =SUM(N37,N45) -> 317017.63
A47: Operating Profit | B47: =B17-B46 -> -44656.69 | C47: =C17-C46 -> -24542.08 | D47: =D17-D46 -> -24115.76 | E47: =E17-E46 -> -23789.47 | F47: =F17-F46 -> -25163.16 | G47: =G17-G46 -> -21842.08 | H47: =H17-H46 -> -27463.16 | I47: =I17-I46 -> -24089.47 | ... N47: =N17-N46 -> -317517.63
A48: Other Income
A49: OTHER INCOME - OTHER INCOME
A50: 103001 - Advertising Income | B50: 1050 | C50: 3500 | D50: 5000 | E50: 3000 | F50: 2800 | G50: 3000 | H50: 3600 | I50: 0 | J50: 900 | K50: 170 | L50: 100 | M50: 30 | N50: =SUM(B50:M50) -> 23150
A51: 103014 - Diary Advertising Income | B51: 5000 | C51: 0 | D51: 0 | E51: 0 | F51: 0 | G51: 0 | H51: 0 | I51: 0 | J51: 0 | K51: 0 | L51: 0 | M51: 0 | N51: =SUM(B51:M51) -> 5000
A52: 103069 - Sundry Income | B52: 0 | C52: 3451.62 | D52: 1723.65 | E52: 1366.82 | F52: 1085.95 | G52: -560 | H52: 136.37 | I52: 1343.65 | J52: 2086.36 | K52: 0 | L52: 0 | M52: 0 | N52: =SUM(B52:M52) -> 10634.42
A53: Total - OTHER INCOME - OTHER INCOME | B53: =SUM(B50:B52) -> 6050 | C53: =SUM(C50:C52) -> 6951.62 | D53: =SUM(D50:D52) -> 6723.65 | E53: =SUM(E50:E52) -> 4366.82 | F53: =SUM(F50:F52) -> 3885.95 | G53: =SUM(G50:G52) -> 2440 | H53: =SUM(H50:H52) -> 3736.37 | I53: =SUM(I50:I52) -> 1343.65 | ... N53: =SUM(N50:N52) -> 38784.42
A54: Total - Other Income | B54: =SUM(B53) -> 6050 | C54: =SUM(C53) -> 6951.62 | D54: =SUM(D53) -> 6723.65 | E54: =SUM(E53) -> 4366.82 | F54: =SUM(F53) -> 3885.95 | G54: =SUM(G53) -> 2440 | H54: =SUM(H53) -> 3736.37 | I54: =SUM(I53) -> 1343.65 | ... N54: =SUM(N53) -> 38784.42
A55: Net Profit/(Loss) | B55: =B47+B54+0 -> -38606.69 | C55: =C47+C54+0 -> -17590.46 | D55: =D47+D54+0 -> -17392.11 | E55: =E47+E54+0 -> -19422.65 | F55: =F47+F54+0 -> -21277.21 | G55: =G47+G54+0 -> -19402.08 | H55: =H47+H54+0 -> -23726.79 | I55: =I47+I54+0 -> -22745.82 | ... N55: =N47+N54+0 -> -278733.21

Sheet CREATIVE
A1: Guild of Undergraduates
A2: Budget Profit and Loss
A3: FY 2025
A4: Creative and Design
A7: Financial Row | B7: 45658 | C7: 45689 | D7: 45717 | E7: 45748 | F7: 45778 | G7: 45809 | H7: 45839 | I7: 45870 | J7: 45901 | K7: 45931 | L7: 45962 | M7: 45992 | N7: Total
B8: Amount | C8: Amount | D8: Amount | E8: Amount | F8: Amount | G8: Amount | H8: Amount | I8: Amount | J8: Amount | K8: Amount | L8: Amount | M8: Amount | N8: Amount
A9: Cost Of Sales
A10: 201200 - Purchases - Printing | N10: =SUM(B10:M10) -> 0
A11: Total - Cost Of Sales | B11: =SUM(B10) -> 0 | C11: =SUM(C10) -> 0 | D11: =SUM(D10) -> 0 | E11: =SUM(E10) -> 0 | F11: =SUM(F10) -> 0 | G11: =SUM(G10) -> 0 | H11: =SUM(H10) -> 0 | I11: =SUM(I10) -> 0 | ... N11: =SUM(N10) -> 0
A12: Gross Profit | B12: =0-B11 -> 0 | C12: =0-C11 -> 0 | D12: =0-D11 -> 0 | E12: =0-E11 -> 0 | F12: =0-F11 -> 0 | G12: =0-G11 -> 0 | H12: =0-H11 -> 0 | I12: =0-I11 -> 0 | ... N12: =0-N11 -> 0
A13: Expenses
A14: ADMINISTRATIVE EXPENSES - ADMINISTRATIVE EXPENSES
A15: 305083 - Advertising & Promotion | B15: 0 | C15: 0 | D15: 0 | E15: 0 | F15: 0 | G15: 0 | H15: 0 | I15: 0 | J15: 0 | K15: 0 | L15: 0 | M15: 0 | N15: =SUM(B15:M15) -> 0
A16: 305108 - Cleaning Contract | B16: 6 | C16: 6 | D16: 6 | E16: 6 | F16: 6 | G16: 6 | H16: 6 | I16: 6 | J16: 6 | K16: 6 | L16: 6 | M16: 6 | N16: =SUM(B16:M16) -> 72
A17: 305111 - Communication Expenses | B17: 41 | C17: 41 | D17: 41 | E17: 41 | F17: 41 | G17: 41 | H17: 41 | I17: 41 | J17: 41 | K17: 41 | L17: 41 | M17: 41 | N17: =SUM(B17:M17) -> 492
A18: 305132 - Utilities | B18: 20 | C18: 20 | D18: 20 | E18: 20 | F18: 20 | G18: 20 | H18: 20 | I18: 20 | J18: 20 | K18: 20 | L18: 20 | M18: 20 | N18: =SUM(B18:M18) -> 240
A19: 305147 - General Expenses | B19: 10 | C19: 10 | D19: 10 | E19: 10 | F19: 10 | G19: 10 | H19: 10 | I19: 10 | J19: 10 | K19: 10 | L19: 10 | M19: 10 | N19: =SUM(B19:M19) -> 120
A20: 305180 - Printing & Stationery | B20: 170 | C20: 170 | D20: 170 | E20: 170 | F20: 170 | G20: 170 | H20: 170 | I20: 170 | J20: 170 | K20: 170 | L20: 150 | M20: 150 | N20: =SUM(B20:M20) -> 2000
A21: 305187 - Software Digital | B21: 15 | C21: 15 | D21: 15 | E21: 15 | F21: 15 | G21: 15 | H21: 15 | I21: 15 | J21: 15 | K21: 15 | L21: 15 | M21: 15 | N21: =SUM(B21:M21) -> 180
A22: 305219 - Subscriptions | B22: 200 | C22: 0 | D22: 0 | E22: 0 | F22: 0 | G22: 0 | H22: 0 | I22: 0 | J22: 0 | K22: 0 | L22: 0 | M22: 600 | N22: =SUM(B22:M22) -> 800
A23: 306001 - Depreciation - Plant & Equipment | B23: 60.32 | C23: 60.32 | D23: 60.32 | E23: 60.32 | F23: 60.32 | G23: 60.32 | H23: 60.32 | I23: 60.32 | J23: 60.32 | K23: 60.32 | L23: 60.32 | M23: 60.32 | N23: =SUM(B23:M23) -> 723.84
A24: 306003 - Depreciation - Furniture & Fittings | B24: 16.98 | C24: 16.98 | D24: 16.98 | E24: 16.98 | F24: 16.98 | G24: 16.98 | H24: 16.98 | I24: 16.98 | J24: 16.98 | K24: 16.98 | L24: 16.98 | M24: 16.98 | N24: =SUM(B24:M24) -> 203.76
A25: Total - ADMINISTRATIVE EXPENSES - ADMINISTRATIVE EXPENSES | B25: =SUM(B15:B24) -> 539.3 | C25: =SUM(C15:C24) -> 339.3 | D25: =SUM(D15:D24) -> 339.3 | E25: =SUM(E15:E24) -> 339.3 | F25: =SUM(F15:F24) -> 339.3 | G25: =SUM(G15:G24) -> 339.3 | H25: =SUM(H15:H24) -> 339.3 | I25: =SUM(I15:I24) -> 339.3 | ... N25: =SUM(N15:N24) -> 4831.6
A26: EMPLOYEE BENEFITS EXPENSE - EMPLOYEE BENEFITS EXPENSE
A27: 304001 - Salaries & Wages - Permanent Staff | B27: 9064.84 | C27: 9541.93 | D27: 10019.03 | E27: 10496.13 | F27: 10973.22 | G27: 9541.93 | H27: 10973.22 | I27: 10496.13 | J27: 10019.03 | K27: 10973.22 | L27: 10019.03 | M27: 11964.9 | N27: =SUM(B27:M27) -> 124082.61
A28: 304010 - Superannuation | B28: 1409.74 | C28: 1483.94 | D28: 1558.14 | E28: 1632.33 | F28: 1706.53 | G28: 1483.94 | H28: 1706.53 | I28: 1632.33 | J28: 1558.14 | K28: 1706.53 | L28: 1558.14 | M28: 1632.33 | N28: =SUM(B28:M28) -> 19068.62
A29: 304013 - Workers Compensation Insurance | B29: 96.05 | C29: 101.11 | D29: 106.16 | E29: 111.22 | F29: 116.27 | G29: 101.11 | H29: 116.27 | I29: 111.22 | J29: 106.16 | K29: 116.27 | L29: 106.16 | M29: 111.22 | N29: =SUM(B29:M29) -> 1299.22
A30: 304016 - Annual Leave Provision | B30: 887.94 | C30: 862.42 | D30: 905.54 | E30: 948.66 | F30: 991.78 | G30: 862.42 | H30: 991.78 | I30: 948.66 | J30: 905.54 | K30: 991.78 | L30: 905.54 | M30: 948.66 | N30: =SUM(B30:M30) -> 11150.72
A31: 304019 - Long Service Leave Provision | B31: 289.17 | C31: 238.55 | D31: 250.48 | E31: 262.4 | F31: 274.33 | G31: 238.55 | H31: 274.33 | I31: 262.4 | J31: 250.48 | K31: 274.33 | L31: 250.48 | M31: 262.4 | N31: =SUM(B31:M31) -> 3127.9
A32: Total - EMPLOYEE BENEFITS EXPENSE - EMPLOYEE BENEFITS EXPENSE | B32: =SUM(B27:B31) -> 11747.74 | C32: =SUM(C27:C31) -> 12227.95 | D32: =SUM(D27:D31) -> 12839.35 | E32: =SUM(E27:E31) -> 13450.74 | F32: =SUM(F27:F31) -> 14062.13 | G32: =SUM(G27:G31) -> 12227.95 | H32: =SUM(H27:H31) -> 14062.13 | I32: =SUM(I27:I31) -> 13450.74 | ... N32: =SUM(N27:N31) -> 158729.07
A33: Total - Expenses | B33: =SUM(B25,B32) -> 12287.04 | C33: =SUM(C25,C32) -> 12567.25 | D33: =SUM(D25,D32) -> 13178.65 | E33: =SUM(E25,E32) -> 13790.04 | F33: =SUM(F25,F32) -> 14401.43 | G33: =SUM(G25,G32) -> 12567.25 | H33: =SUM(H25,H32) -> 14401.43 | I33: =SUM(I25,I32) -> 13790.04 | ... N33: =SUM(N25,N32) -> 163560.67
A34: Operating Profit | B34: =B12-B33 -> -12287.04 | C34: =C12-C33 -> -12567.25 | D34: =D12-D33 -> -13178.65 | E34: =E12-E33 -> -13790.04 | F34: =F12-F33 -> -14401.43 | G34: =G12-G33 -> -12567.25 | H34: =H12-H33 -> -14401.43 | I34: =I12-I33 -> -13790.04 | ... N34: =N12-N33 -> -163560.67
A35: Net Profit/(Loss) | B35: =B34+0+0 -> -12287.04 | C35: =C34+0+0 -> -12567.25 | D35: =D34+0+0 -> -13178.65 | E35: =E34+0+0 -> -13790.04 | F35: =F34+0+0 -> -14401.43 | G35: =G34+0+0 -> -12567.25 | H35: =H34+0+0 -> -14401.43 | I35: =I34+0+0 -> -13790.04 | ... N35: =N34+0+0 -> -163560.67
A38: Please provide timing (month) and hours for casual.

Sheet VOL
A1: Guild of Undergraduates
A2: Budget Profit and Loss
A3: FY 2025
A4: VOLUNTEERING
A6: Financial Row | B6: 45658 | C6: 45689 | D6: 45717 | E6: 45748 | F6: 45778 | G6: 45809 | H6: 45839 | I6: 45870 | J6: 45901 | K6: 45931 | L6: 45962 | M6: 45992 | N6: Total
B7: Amount | C7: Amount | D7: Amount | E7: Amount | F7: Amount | G7: Amount | H7: Amount | I7: Amount | J7: Amount | K7: Amount | L7: Amount | M7: Amount | N7: Amount
A8: Gross Profit | B8: =0-0 -> 0 | C8: =0-0 -> 0 | D8: =0-0 -> 0 | E8: =0-0 -> 0 | F8: =0-0 -> 0 | G8: =0-0 -> 0 | H8: =0-0 -> 0 | I8: =0-0 -> 0 | ... N8: =0-0 -> 0
A9: Expenses
A10: ADMINISTRATIVE EXPENSES - ADMINISTRATIVE EXPENSES
A11: 305022 - Relay for life | B11: 0 | C11: 0 | D11: 200 | E11: 200 | F11: 200 | G11: 200 | H11: 200 | I11: 200 | J11: 1000 | K11: 0 | L11: 0 | M11: 0 | N11: =SUM(B11:M11) -> 2200
A12: 305057 - Website | B12: 0 | C12: 0 | D12: 0 | E12: 0 | F12: 300 | G12: 0 | H12: 0 | I12: 0 | J12: 0 | K12: 0 | L12: 0 | M12: 0 | N12: =SUM(B12:M12) -> 300
A13: 305068 - Orientation Day Expenses | B13: 0 | C13: 800 | D13: 0 | E13: 0 | F13: 0 | G13: 0 | H13: 0 | I13: 200 | J13: 0 | K13: 0 | L13: 0 | M13: 0 | N13: =SUM(B13:M13) -> 1000
A14: 305076 - Sundry Activities | B14: 0 | C14: 890 | D14: 890 | E14: 890 | F14: 890 | G14: 890 | H14: 890 | I14: 890 | J14: 890 | K14: 890 | L14: 890 | M14: 0 | N14: =SUM(B14:M14) -> 8900
A15: 305080 - Activities and Functions | B15: 133.33 | C15: 133.33 | D15: 133.33 | E15: 133.33 | F15: 133.33 | G15: 133.33 | H15: 133.33 | I15: 133.33 | J15: 133.33 | K15: 133.33 | L15: 133.33 | M15: 133.37 | N15: =SUM(B15:M15) -> 1600
A16: 305083 - Advertising & Promotion | B16: 0 | C16: 500 | D16: 0 | E16: 0 | F16: 250 | G16: 0 | H16: 0 | I16: 250 | J16: 0 | K16: 0 | L16: 0 | M16: 0 | N16: =SUM(B16:M16) -> 1000
A17: 305108 - Cleaning Contract | B17: 80 | C17: 80 | D17: 80 | E17: 80 | F17: 80 | G17: 80 | H17: 80 | I17: 80 | J17: 80 | K17: 80 | L17: 80 | M17: 80 | N17: =SUM(B17:M17) -> 960
A18: 305111 - Communication Expenses | B18: 40 | C18: 40 | D18: 40 | E18: 40 | F18: 40 | G18: 40 | H18: 40 | I18: 40 | J18: 40 | K18: 40 | L18: 40 | M18: 40 | N18: =SUM(B18:M18) -> 480
A19: 305120 - Consultants | B19: 0 | C19: 0 | D19: 0 | E19: 0 | F19: 0 | G19: 0 | H19: 0 | I19: 0 | J19: 0 | K19: 0 | L19: 0 | M19: 0 | N19: =SUM(B19:M19) -> 0
A20: 305132 - Utilities | B20: 55 | C20: 55 | D20: 55 | E20: 55 | F20: 55 | G20: 55 | H20: 55 | I20: 55 | J20: 55 | K20: 55 | L20: 55 | M20: 55 | N20: =SUM(B20:M20) -> 660
A21: 305147 - General Expenses | B21: 150 | C21: 150 | D21: 150 | E21: 150 | F21: 150 | G21: 150 | H21: 150 | I21: 150 | J21: 150 | K21: 150 | L21: 150 | M21: 150 | N21: =SUM(B21:M21) -> 1800
A22: 305165 - Motor Vehicle Expenses | B22: 200 | C22: 200 | D22: 200 | E22: 200 | F22: 200 | G22: 200 | H22: 200 | I22: 200 | J22: 200 | K22: 200 | L22: 200 | M22: 200 | N22: =SUM(B22:M22) -> 2400
... A27: 306004 - Depreciation - Computer Equipment | B27: 52 | C27: 52 | D27: 52 | E27: 52 | F27: 52 | G27: 52 | H27: 52 | I27: 52 | J27: 52 | K27: 52 | L27: 52 | M27: 52 | N27: =SUM(B27:M27) -> 624
A28: Total - ADMINISTRATIVE EXPENSES - ADMINISTRATIVE EXPENSES | B28: =SUM(B11:B27) -> 865.16 | C28: =SUM(C11:C27) -> 4035.16 | D28: =SUM(D11:D27) -> 3955.16 | E28: =SUM(E11:E27) -> 1955.16 | F28: =SUM(F11:F27) -> 4005.16 | G28: =SUM(G11:G27) -> 1955.16 | H28: =SUM(H11:H27) -> 1955.16 | I28: =SUM(I11:I27) -> 3905.16 | ... N28: =SUM(N11:N27) -> 31261.96
A29: EMPLOYEE BENEFITS EXPENSE - EMPLOYEE BENEFITS EXPENSE
A30: 304001 - Salaries & Wages - Permanent Staff | B30: 13556.27 | C30: 14269.76 | D30: 14983.25 | E30: 15696.74 | F30: 16410.22 | G30: 14269.76 | H30: 16410.22 | I30: 15696.74 | J30: 14983.25 | K30: 16410.22 | L30: 14983.25 | M30: 16741.79 | N30: =SUM(B30:M30) -> 184411.47
A31: 304010 - Superannuation | B31: 1997.95 | C31: 2103.1 | D31: 2208.26 | E31: 2313.41 | F31: 2418.57 | G31: 2103.1 | H31: 2418.57 | I31: 2313.41 | J31: 2208.26 | K31: 2418.57 | L31: 2208.26 | M31: 2313.41 | N31: =SUM(B31:M31) -> 27024.87
A32: 304013 - Workers Compensation Insurance | B32: 143.64 | C32: 151.2 | D32: 158.76 | E32: 166.32 | F32: 173.88 | G32: 151.2 | H32: 173.88 | I32: 166.32 | J32: 158.76 | K32: 173.88 | L32: 158.76 | M32: 166.32 | N32: =SUM(B32:M32) -> 1942.92
A33: 304016 - Annual Leave Provision | B33: 1391.33 | C33: 1289.73 | D33: 1354.22 | E33: 1418.71 | F33: 1483.19 | G33: 1289.73 | H33: 1483.19 | I33: 1418.71 | J33: 1354.22 | K33: 1483.19 | L33: 1354.22 | M33: 1418.71 | N33: =SUM(B33:M33) -> 16739.15
A34: 304019 - Long Service Leave Provision | B34: 436.95 | C34: 356.74 | D34: 374.58 | E34: 392.42 | F34: 410.26 | G34: 356.74 | H34: 410.26 | I34: 392.42 | J34: 374.58 | K34: 410.26 | L34: 374.58 | M34: 392.42 | N34: =SUM(B34:M34) -> 4682.21
A35: Total - EMPLOYEE BENEFITS EXPENSE - EMPLOYEE BENEFITS EXPENSE | B35: =SUM(B30:B34) -> 17526.14 | C35: =SUM(C30:C34) -> 18170.53 | D35: =SUM(D30:D34) -> 19079.07 | E35: =SUM(E30:E34) -> 19987.6 | F35: =SUM(F30:F34) -> 20896.12 | G35: =SUM(G30:G34) -> 18170.53 | H35: =SUM(H30:H34) -> 20896.12 | I35: =SUM(I30:I34) -> 19987.6 | ... N35: =SUM(N30:N34) -> 234800.62
A36: Total - Expenses | B36: =SUM(B28,B35) -> 18391.3 | C36: =SUM(C28,C35) -> 22205.69 | D36: =SUM(D28,D35) -> 23034.23 | E36: =SUM(E28,E35) -> 21942.76 | F36: =SUM(F28,F35) -> 24901.28 | G36: =SUM(G28,G35) -> 20125.69 | H36: =SUM(H28,H35) -> 22851.28 | I36: =SUM(I28,I35) -> 23892.76 | ... N36: =SUM(N28,N35) -> 266062.58
A37: Operating Profit | B37: =B8-B36 -> -18391.3 | C37: =C8-C36 -> -22205.69 | D37: =D8-D36 -> -23034.23 | E37: =E8-E36 -> -21942.76 | F37: =F8-F36 -> -24901.28 | G37: =G8-G36 -> -20125.69 | H37: =H8-H36 -> -22851.28 | I37: =I8-I36 -> -23892.76 | ... N37: =N8-N36 -> -266062.58
